Workbook

Sheet Смета по ФСНБ 421+557прРИМ
A1: Наименование редакции сметных нормативов | F1: =IF(Source!CQ12 <> "", Source!CQ12, "") -> Приказ Минстроя России от 30.12.2021 г. № 1046/пр; Приказ Минстроя России от 04.08.2020 г. № 421/пр; Приказ Минстроя России от 21.12.2020 г. № 812/пр; Приказ Минстроя России от 11.12.2020 г. № 774/пр | CO1: =IF(Source!CQ12 <> "", Source!CQ12, "") -> Приказ Минстроя России от 30.12.2021 г. № 1046/пр; Приказ Минстроя России от 04.08.2020 г. № 421/пр; Приказ Минстроя России от 21.12.2020 г. № 812/пр; Приказ Минстроя России от 11.12.2020 г. № 774/пр
A3: Реквизиты приказа Минстроя России об утверждении дополнений и изменений к сметным нормативам | F3: =IF(Source!CV12 <> "", Source!CV12, "") -> Приказ Минстроя России от 18.05.2022 г. № 378/пр; Приказ Минстроя России от 26.08.2022 г. № 703/пр; Приказ Минстроя России от 26.10.2022 г. № 905/пр; Приказ Минстроя России от 27.12.2022 г. № 1133/пр; Приказ Минстроя России от 10.02.2023 г. № 84/пр; Приказ Минстроя России от 11.05.2023 г. № 335/пр; Приказ Минстроя России от 02.08.2023 г. № 551/пр; Приказ Минстроя России от 14.11.2023 г. № 817/пр; Приказ Минстроя России от 16.02.2024 г. № 102/пр; Приказ Минстроя России от 13.05.2024 г. № 323/пр; Приказ Минстроя России от 09.08.2024 г. № 524/пр; Приказ Минстроя России от 07.11.2024 г. № 747/пр; Приказ Минстроя России от 07.02.2025 г. № 69/пр; Приказ Минстроя России от 19.05.2025 г. № 299/пр; Приказ Минстроя России от 14.08.2025 г. № 490/пр; Приказ Минстроя России от 12.11.2025 г. № 696/пр; Приказ Минстроя России от 17.02.2026 г. № 91/пр; Приказ Минстроя России от 15.05.2026 г. № 301/пр; Приказ Минстроя России от 07.07.2022 г. № 557/пр; Приказ Минстроя России от 30.01.2024 г. № 55/пр; Приказ Минстроя России от 23.01.2025 г. № 30/пр; Приказ Минстроя России от 02.09.2021 г. № 636/пр; Приказ Минстроя России от 26.07.2022 г. № 611/пр; Приказ Минстроя России от 22.04.2022 г. № 317/пр | CO3: =IF(Source!CV12 <> "", Source!CV12, "") -> Приказ Минстроя России от 18.05.2022 г. № 378/пр; Приказ Минстроя России от 26.08.2022 г. № 703/пр; Приказ Минстроя России от 26.10.2022 г. № 905/пр; Приказ Минстроя России от 27.12.2022 г. № 1133/пр; Приказ Минстроя России от 10.02.2023 г. № 84/пр; Приказ Минстроя России от 11.05.2023 г. № 335/пр; Приказ Минстроя России от 02.08.2023 г. № 551/пр; Приказ Минстроя России от 14.11.2023 г. № 817/пр; Приказ Минстроя России от 16.02.2024 г. № 102/пр; Приказ Минстроя России от 13.05.2024 г. № 323/пр; Приказ Минстроя России от 09.08.2024 г. № 524/пр; Приказ Минстроя России от 07.11.2024 г. № 747/пр; Приказ Минстроя России от 07.02.2025 г. № 69/пр; Приказ Минстроя России от 19.05.2025 г. № 299/пр; Приказ Минстроя России от 14.08.2025 г. № 490/пр; Приказ Минстроя России от 12.11.2025 г. № 696/пр; Приказ Минстроя России от 17.02.2026 г. № 91/пр; Приказ Минстроя России от 15.05.2026 г. № 301/пр; Приказ Минстроя России от 07.07.2022 г. № 557/пр; Приказ Минстроя России от 30.01.2024 г. № 55/пр; Приказ Минстроя России от 23.01.2025 г. № 30/пр; Приказ Минстроя России от 02.09.2021 г. № 636/пр; Приказ Минстроя России от 26.07.2022 г. № 611/пр; Приказ Минстроя России от 22.04.2022 г. № 317/пр
A5: Реквизиты письма Минстроя России об индексах изменения сметной стоимости строительства, включаемые в федеральный реестр сметных нормативов и размещаемые в федеральной государственной информационной системе ценообразования в строительстве, подготовленного в соответствии с пунктом 85 Методики расчета индексов изменения сметной стоимости строительства, утвержденной приказом Министерства строительства и жилищно-коммунального хозяйства Российской Федерации от 5 июня 2019 г. N 326/пр | F5: Письмо Минстроя России от 22.05.2026 № 31076-ИФ/09
A7: Реквизиты нормативного правового акта об утверждении оплаты труда, утверждаемый в соответствии с пунктом 22(1) Правилами мониторинга цен, утвержденными постановлением Правительства Российской Федерации от 23 декабря 2016 г. N 1452 | F7: Приказ Министерства градостроительства и архитектуры Пензенской области от 06.03.2026 г. № 250/оп
A9: Обоснование принятых текущих цен на строительные ресурсы | F9: ФГИС ЦС, конъюнктурный анализ
A11: Наименование субъекта Российской Федерации | F11: Пензенская область
A13: Наименование зоны субъекта Российской Федерации | F13: Пензенская область
A15: Газопровод высокого и низкого давления к нежилому зданию,расположенному по адресу: Пензенская область,Кузнецкий район,р.п.Евлашево(кн 58:14:0130201:451)
A17: (наименование стройки)
A19: =IF(Source!G12<>"Новый объект", Source!G12, "") -> Газопровод высокого и низкого давления к нежилому зданию,расположенному по адресу: Пензенская область,Кузнецкий район,р.п.Евлашево(кн 58:14:0130201:451) | CN19: =IF(Source!G12<>"Новый объект", Source!G12, "") -> Газопровод высокого и низкого давления к нежилому зданию,расположенному по адресу: Пензенская область,Кузнецкий район,р.п.Евлашево(кн 58:14:0130201:451)
A20: (наименование объекта капитального строительства)
A22: ЛОКАЛЬНАЯ СМЕТА №ЛС-01-01-01
A23: =IF(Source!G20<>"Новая локальная смета", Source!G20, "") -> Газопровод высокого и низкого давления
A24: (наименование работ и затрат)
A25: Составлен | C25: Ресурсно-индексным | D25: методом
A27: Основание | C27: проект шифр 2105-26-П-ГСН.С
C28: (проектная и (или) иная техническая документация)
A29: Составлен(а) в текущем уровне цен на июнь 2026 года
A31: Сметная стоимость | C31: =C34+C35+C36+C37 -> 1334.01 | E31: тыс. руб.
G32: Средства на оплату труда рабочих | K32: =ROUND(SUM(AR44:AR2708)/1000, 2) -> 127.44 | L32: тыс. руб.
B33: в том числе: | G33: Средства на оплату труда машинистов | K33: =ROUND(SUM(AT44:AT2708)/1000, 2) -> 31.69 | L33: тыс. руб.
B34: строительных работ | C34: =ROUND((Source!F824)/1000, 2) -> 1091.83 | E34: тыс. руб. | G34: Нормативные затраты труда рабочих | K34: =Source!F829 -> 329.4059 | L34: чел.-ч.
B35: монтажных работ | C35: =ROUND((Source!F825)/1000, 2) -> 120.05 | E35: тыс. руб. | G35: Нормативные затраты труда машинистов | K35: =Source!F830 -> 64.249007 | L35: чел.-ч.
B36: оборудования | C36: =ROUND((Source!F816)/1000, 2) -> 122.13 | E36: тыс. руб.
B37: прочих затрат | C37: =ROUND((Source!F826)/1000, 2) -> 0 | E37: тыс. руб.
A38: № п/п | B38: Обоснование | C38: Наименование работ и затрат | D38: Единица измерения | E38: Количество | H38: Сметная стоимость, руб.
E42: на единицу измерения | F42: коэффициенты | G42: всего с учетом коэффициентов | H42: на единицу измерения в базисном уровне цен | I42: индекс | J42: на единицу измерения в текущем уровне цен | K42: коэффициенты | L42: всего в текущем уровне цен
A43: 1 | B43: 2 | C43: 3 | D43: 4 | E43: 5 | F43: 6 | G43: 7 | H43: 8 | I43: 9 | J43: 10 | K43: 11 | L43: 12
A44: Раздел: Газопровод высокого давления
A46: Подраздел: Земляные работы
A47: 1 | B47: ГЭСН 01-01-009-14 | C47: =Source!G32 -> Разработка грунта в траншеях экскаватором «обратная лопата» с ковшом вместимостью 0,5 (0,5-0,63) м3, в отвал группа грунтов: 2 | D47: =Source!H32 -> 1000 м3 | E47: =Source!K32 -> 0.368 | G47: =Source!I32 -> 0.368
C48: ="Объем: "&Source!I32&"=368/"&"1000" -> Объем: 0,368=368/1000
B49: 2 | C49: ЭМ | L49: =SUM(L50:L52)-SUMIF(CE50:CE52, 1, L50:L52) -> 13253.96
C50: ОТм(ЗТм) | D50: чел.-ч. | G50: =Source!V32 -> 9.384 | L50: =SUMIF(CE51:CE52, 1, L51:L52) -> 4965.17 | CE50: 1
B51: 91.01.05-085 | C51: Экскаваторы одноковшовые дизельные на гусеничном ходу, объем ковша 0,5 м3 | D51: маш.-ч | E51: 25.5 | G51: =SmtRes!CX2 -> 9.384 | H51: =SmtRes!CZ2 -> 1054.03 | I51: =SmtRes!AJ2 -> 1.34 | J51: =ROUND(H51*I51, 2) -> 1412.4 | L51: =SmtRes!DG2 -> 13253.96
B52: 4-100-060 | C52: ОТм(ЗТм) Средний разряд машинистов 6 | D52: чел.-ч. | E52: =SmtRes!DO2*SmtRes!AT2 -> 25.5 | G52: =ROUND(E52*G47, 7) -> 9.384 | J52: =ROUND(SmtRes!AG2/SmtRes!DO2, 2) -> 529.11 | L52: =SmtRes!DH2 -> 4965.17 | CE52: 1
C53: Итого прямые затраты | L53: =L49+L50 -> 18219.13
C54: ФОТ | L54: =SUM(AR47:AR57)+SUM(AS47:AS57)+SUM(AT47:AT57)+SUM(AU47:AU57)+SUM(AV47:AV57) -> 4965.17
B55: Пр/812-001.1-1 | C55: НР Земляные работы, выполняемые: механизированным способом | D55: % | E55: =Source!BZ32 -> 92 | G55: =Source!AT32 -> 92 | L55: =SUM(AZ47:AZ57) -> 4567.96
B56: Пр/774-001.1 | C56: СП Земляные работы, выполняемые: механизированным способом | D56: % | E56: =Source!CA32 -> 46 | G56: =Source!AU32 -> 46 | L56: =SUM(BA47:BA57) -> 2283.98
C57: Всего по позиции | I57: =IF(E47<>0,K57/E47, 0) -> 68127.908 | K57: =L49+L55+L56+L50 -> 25071.07 | AD57: =ROUND((Source!AT32/100)*((ROUND(SUMIF(SmtRes!AQ1:'SmtRes'!AQ2,"=1",SmtRes!AD1:'SmtRes'!AD2)*Source!I32, 2)+ROUND(SUMIF(SmtRes!AQ1:'SmtRes'!AQ2,"=1",SmtRes!AC1:'SmtRes'!AC2)*Source!I32, 2))), 2) -> 179.13 | AE57: =ROUND((Source!AU32/100)*((ROUND(SUMIF(SmtRes!AQ1:'SmtRes'!AQ2,"=1",SmtRes!AD1:'SmtRes'!AD2)*Source!I32, 2)+ROUND(SUMIF(SmtRes!AQ1:'SmtRes'!AQ2,"=1",SmtRes!AC1:'SmtRes'!AC2)*Source!I32, 2))), 2) -> 89.57 | AN57: =L49+L55+L56+L50 -> 25071.07 | AO57: =L49 -> 13253.96 | AQ57: = | AR57: =0 -> 0 | AT57: =L50 -> 4965.17 | AV57: = | AW57: =0 -> 0 | AZ57: =Source!X32 -> 4567.96 | BA57: =Source!Y32 -> 2283.98 | CD57: 1
A58: 2 | B58: ГЭСН 01-02-057-02 | C58: =Source!G33 -> Добор грунта вручную в траншеях глубиной до 2 м без креплений с откосами, группа грунтов: 2 | D58: =Source!H33 -> 100 м3 | E58: =Source!K33 -> 0.3 | G58: =Source!I33 -> 0.3
C59: ="Объем: "&Source!I33&"=30/"&"100" -> Объем: 0,3=30/100
B60: 1 | C60: ОТ (ЗТ) | D60: чел.-ч. | G60: =Source!U33 -> 46.2 | L60: =SUM(L61:L61)-SUMIF(CE61:CE61, 1, L61:L61) -> 14802.94
B61: 1-100-20 | C61: Средний разряд работы 2,0 | D61: чел.-ч. | E61: 154 | G61: =SmtRes!CX3 -> 46.2 | J61: =SmtRes!CZ3 -> 320.41 | L61: =SmtRes!DI3 -> 14802.94
C62: Итого прямые затраты | L62: =L60 -> 14802.94
C63: ФОТ | L63: =SUM(AR58:AR66)+SUM(AS58:AS66)+SUM(AT58:AT66)+SUM(AU58:AU66)+SUM(AV58:AV66) -> 14802.94
B64: Пр/812-001.2-1 | C64: НР Земляные работы, выполняемые: ручным способом | D64: % | E64: =Source!BZ33 -> 89 | G64: =Source!AT33 -> 89 | L64: =SUM(AZ58:AZ66) -> 13174.62
B65: Пр/774-001.2 | C65: СП Земляные работы, выполняемые: ручным способом | D65: % | E65: =Source!CA33 -> 40 | G65: =Source!AU33 -> 40 | L65: =SUM(BA58:BA66) -> 5921.18
C66: Всего по позиции | I66: =IF(E58<>0,K66/E58, 0) -> 112995.8 | K66: =L60+L64+L65 -> 33898.74 | AD66: =ROUND((Source!AT33/100)*((ROUND(SUMIF(SmtRes!AQ3:'SmtRes'!AQ3,"=1",SmtRes!AD3:'SmtRes'!AD3)*Source!I33, 2)+ROUND(SUMIF(SmtRes!AQ3:'SmtRes'!AQ3,"=1",SmtRes!AC3:'SmtRes'!AC3)*Source!I33, 2))), 2) -> 85.55 | AE66: =ROUND((Source!AU33/100)*((ROUND(SUMIF(SmtRes!AQ3:'SmtRes'!AQ3,"=1",SmtRes!AD3:'SmtRes'!AD3)*Source!I33, 2)+ROUND(SUMIF(SmtRes!AQ3:'SmtRes'!AQ3,"=1",SmtRes!AC3:'SmtRes'!AC3)*Source!I33, 2))), 2) -> 38.45 | AN66: =L60+L64+L65 -> 33898.74 | AO66: =0 -> 0 | AQ66: = | AR66: =L60 -> 14802.94 | AT66: =0 -> 0 | AV66: = | AW66: =0 -> 0 | AZ66: =Source!X33 -> 13174.62 | BA66: =Source!Y33 -> 5921.18 | CD66: 1
A67: 3 | B67: ГЭСН 01-01-033-02 | C67: =Source!G34 -> Засыпка траншей и котлованов с перемещением грунта до 5 м бульдозерами мощностью: 59 кВт (80 л.с.), группа грунтов 2 | D67: =Source!H34 -> 1000 м3 | E67: =Source!K34 -> 0.378 | G67: =Source!I34 -> 0.378
C68: ="Объем: "&Source!I34&"=378/"&"1000" -> Объем: 0,378=378/1000
B69: 2 | C69: ЭМ | L69: =SUM(L70:L72)-SUMIF(CE70:CE72, 1, L70:L72) -> 3532.38
C70: ОТм(ЗТм) | D70: чел.-ч. | G70: =Source!V34 -> 3.04668 | L70: =SUMIF(CE71:CE72, 1, L71:L72) -> 1379.17 | CE70: 1
B71: 91.01.01-034 | C71: Бульдозеры, мощность 59 кВт (80 л.с.) | D71: маш.-ч | E71: 8.06 | G71: =SmtRes!CX5 -> 3.04668 | H71: =SmtRes!CZ5 -> 828.16 | I71: =SmtRes!AJ5 -> 1.4 | J71: =ROUND(H71*I71, 2) -> 1159.42 | L71: =SmtRes!DG5 -> 3532.38
B72: 4-100-050 | C72: ОТм(ЗТм) Средний разряд машинистов 5 | D72: чел.-ч. | E72: =SmtRes!DO5*SmtRes!AT5 -> 8.06 | G72: =ROUND(E72*G67, 7) -> 3.04668 | J72: =ROUND(SmtRes!AG5/SmtRes!DO5, 2) -> 452.68 | L72: =SmtRes!DH5 -> 1379.17 | CE72: 1
C73: Итого прямые затраты | L73: =L69+L70 -> 4911.55
C74: ФОТ | L74: =SUM(AR67:AR77)+SUM(AS67:AS77)+SUM(AT67:AT77)+SUM(AU67:AU77)+SUM(AV67:AV77) -> 1379.17
B75: Пр/812-001.1-1 | C75: НР Земляные работы, выполняемые: механизированным способом | D75: % | E75: =Source!BZ34 -> 92 | G75: =Source!AT34 -> 92 | L75: =SUM(AZ67:AZ77) -> 1268.84
B76: Пр/774-001.1 | C76: СП Земляные работы, выполняемые: механизированным способом | D76: % | E76: =Source!CA34 -> 46 | G76: =Source!AU34 -> 46 | L76: =SUM(BA67:BA77) -> 634.42
C77: Всего по позиции | I77: =IF(E67<>0,K77/E67, 0) -> 18028.598 | K77: =L69+L75+L76+L70 -> 6814.81 | AD77: =ROUND((Source!AT34/100)*((ROUND(SUMIF(SmtRes!AQ4:'SmtRes'!AQ5,"=1",SmtRes!AD4:'SmtRes'!AD5)*Source!I34, 2)+ROUND(SUMIF(SmtRes!AQ4:'SmtRes'!AQ5,"=1",SmtRes!AC4:'SmtRes'!AC5)*Source!I34, 2))), 2) -> 157.42 | AE77: =ROUND((Source!AU34/100)*((ROUND(SUMIF(SmtRes!AQ4:'SmtRes'!AQ5,"=1",SmtRes!AD4:'SmtRes'!AD5)*Source!I34, 2)+ROUND(SUMIF(SmtRes!AQ4:'SmtRes'!AQ5,"=1",SmtRes!AC4:'SmtRes'!AC5)*Source!I34, 2))), 2) -> 78.71 | AN77: =L69+L75+L76+L70 -> 6814.81 | AO77: =L69 -> 3532.38 | AQ77: = | AR77: =0 -> 0 | AT77: =L70 -> 1379.17 | AV77: = | AW77: =0 -> 0 | AZ77: =Source!X34 -> 1268.84 | BA77: =Source!Y34 -> 634.42 | CD77: 1
A78: 4 | B78: ГЭСН 01-02-061-02 | C78: =Source!G35 -> Засыпка вручную траншей, пазух котлованов и ям, группа грунтов: 2 | D78: =Source!H35 -> 100 м3 | E78: =Source!K35 -> 0.11 | G78: =Source!I35 -> 0.11
C79: ="Объем: "&Source!I35&"=11/"&"100" -> Объем: 0,11=11/100
B80: 1 | C80: ОТ (ЗТ) | D80: чел.-ч. | G80: =Source!U35 -> 10.692 | L80: =SUM(L81:L81)-SUMIF(CE81:CE81, 1, L81:L81) -> 3284.37
B81: 1-100-15 | C81: Средний разряд работы 1,5 | D81: чел.-ч. | E81: 97.2 | G81: =SmtRes!CX6 -> 10.692 | J81: =SmtRes!CZ6 -> 307.18 | L81: =SmtRes!DI6 -> 3284.37
C82: Итого прямые затраты | L82: =L80 -> 3284.37
C83: ФОТ | L83: =SUM(AR78:AR86)+SUM(AS78:AS86)+SUM(AT78:AT86)+SUM(AU78:AU86)+SUM(AV78:AV86) -> 3284.37
B84: Пр/812-001.2-1 | C84: НР Земляные работы, выполняемые: ручным способом | D84: % | E84: =Source!BZ35 -> 89 | G84: =Source!AT35 -> 89 | L84: =SUM(AZ78:AZ86) -> 2923.09
B85: Пр/774-001.2 | C85: СП Земляные работы, выполняемые: ручным способом | D85: % | E85: =Source!CA35 -> 40 | G85: =Source!AU35 -> 40 | L85: =SUM(BA78:BA86) -> 1313.75
C86: Всего по позиции | I86: =IF(E78<>0,K86/E78, 0) -> 68374.636 | K86: =L80+L84+L85 -> 7521.21 | AD86: =ROUND((Source!AT35/100)*((ROUND(SUMIF(SmtRes!AQ6:'SmtRes'!AQ6,"=1",SmtRes!AD6:'SmtRes'!AD6)*Source!I35, 2)+ROUND(SUMIF(SmtRes!AQ6:'SmtRes'!AQ6,"=1",SmtRes!AC6:'SmtRes'!AC6)*Source!I35, 2))), 2) -> 30.07 | AE86: =ROUND((Source!AU35/100)*((ROUND(SUMIF(SmtRes!AQ6:'SmtRes'!AQ6,"=1",SmtRes!AD6:'SmtRes'!AD6)*Source!I35, 2)+ROUND(SUMIF(SmtRes!AQ6:'SmtRes'!AQ6,"=1",SmtRes!AC6:'SmtRes'!AC6)*Source!I35, 2))), 2) -> 13.52 | AN86: =L80+L84+L85 -> 7521.21 | AO86: =0 -> 0 | AQ86: = | AR86: =L80 -> 3284.37 | AT86: =0 -> 0 | AV86: = | AW86: =0 -> 0 | AZ86: =Source!X35 -> 2923.09 | BA86: =Source!Y35 -> 1313.75 | CD86: 1
C88: Итого прямые затраты по подразделу | L88: =L90+L91+L97+L101 -> 41217.99
C89: в том числе
C90: оплата труда | L90: =SUM(AR46:AR86) -> 18087.31
C91: эксплуатация машин и механизмов | L91: =L93+L96+L95 -> 23130.68
C92: в том числе
C93: эксплуатация машин и механизмов | L93: =SUM(AO46:AO86) -> 16786.34
C94: в том числе
C95: оплата труда машинистов (ОТм) | L95: =SUM(AT46:AT86) -> 6344.34
C96: доплаты к оплате труда машинистов | L96: =SUM(AV46:AV86) -> 0
C97: материальные ресурсы | L97: =L99+L100 -> 0
C98: в том числе
C99: материальные ресурсы без учета дополнительной перевозки | L99: =SUM(AW46:AW86)-SUM(BK46:BK86) -> 0
C100: дополнительная перевозка материальных ресурсов | L100: =SUM(BC46:BC86) -> 0
C101: перевозка | L101: =SUM(BB46:BB86) -> 0
C102: Всего ФОТ (справочно) | L102: =SUM(AR46:AR86)+SUM(AT46:AT86)+SUM(AV46:AV86) -> 24431.65
C103: Всего накладные расходы | L103: =SUM(AZ46:AZ86) -> 21934.51
C104: Всего сметная прибыль | L104: =SUM(BA46:BA86) -> 10153.33
C105: Итого оборудование | L105: =L107+L108 -> 0
C106: в том числе
C107: оборудование без учета дополнительной перевозки | L107: =SUM(BK46:BK86) -> 0
C108: дополнительная перевозка оборудования | L108: =SUM(BD46:BD86) -> 0
C109: Итого прочие затраты
C110: Итого прочие затраты | L110: =SUM(BQ46:BQ86) -> 0
C111: Итого хозяйственный инвентарь | L111: =SUM(BO46:BO86) -> 0
C112: Итого по подразделу | L112: =L88+L103+L104+L105+L110+L111 -> 73305.83
C113: Справочно
C114: материальные ресурсы, отсутствующие в ФРСН | L114: =SUM(AX46:AX86) -> 0
C115: оборудование, отсутствующие в ФРСН | L115: =SUM(AY46:AY86) -> 0
C116: затраты труда рабочих | G116: =Source!F59 -> 56.892
C117: затраты труда машинистов | G117: =Source!F60 -> 12.43068
...

Sheet Конъюнктурный анализ
A2: Сводная таблица результатов конъюнктурного анализа
A4: По объекту: Газопровод высокого и низкого давления к нежилому зданию,расположенному по адресу: Пензенская область,Кузнецкий район,р.п.Евлашево(кн 58:14:0130201:451)
A5: (наименование объекта капитального строительства)
U7: Уровень цен составления сметной документации
U8: Наименование субъекта Российской Федерации
U9: Ценовая зона субъекта Российской Федерации
U10: Отраслевая организация
A12: Номер по порядку | B12: Код строительного ресурса | C12: Наименование ресурса, затрат в соответствии с проектной документацией | D12: Полное наименование ресурса, затрат в обосновывающем документе | E12: Единица измерения ресурса, затрат в соответствии с проектной документацией | F12: Единица измерения ресурса, затрат в обосновывающем документе | G12: Текущая отпускная цена за единицу измерения в обосновывающем документе с учетом НДС, рублей | H12: Текущая отпускная цена за единицу измерения в обосновывающем документе без учета НДС, рублей / Сметная цена строительного ресурса в базисном или в текущем уровне цен, размещенная в ФГИС ЦС, применяемая при РИМ, рублей | I12: Месяц и год составления обосновывающего документа / Квартал (для сметных цен строительных ресурсов в текущем уровне цен и индексов по ГОСР, размещенных в ФГИС, приметяемых при РИМ) | J12: Индекс фактической инфляции / Индекс по ГОСР | K12: Коэффициент пересчета в единицу измерения в соответствии с графой 5 | L12: Текущая отпускная цена за единицу измерения без учета НДС, рублей в соответствии с графой 5 в уровне цен составления сметной документации | M12: Затраты на перевозку | O12: Заготовительно-складские расходы | Q12: Дополнительные затраты, предусмотренные пунктами 88, 117, 119–121 Методики | T12: Сметная цена без учета НДС, рублей за единицу измерения в соответствии с графой 5 | U12: Полное и (или) сокращенное (при наличии) наименования производителя (поставщика) | V12: Страна производителя оборудования, производственного и хозяйственного инвентаря | W12: КПП организации | X12: ИНН организации | Y12: Гиперссылка на веб-сайт производителя (поставщика) | Z12: Населенный пункт расположения склада производителя (поставщика) | AA12: Статус организации (Производитель (1) ; Поставщик (2) | AB12: Наименование обосновывающего документа | AC12: Номер страницы
M16: % | N16: рублей за единицу измерения в соответствии с графой 5 без учета НДС | O16: % | P16: рублей | Q16: Наименование затрат | R16: % | S16: рублей
A19: 1 | B19: 2 | C19: 3 | D19: 4 | E19: 5 | F19: 6 | G19: 7 | H19: 8 | I19: 9 | J19: 10 | K19: 11 | L19: 12 | M19: 13 | N19: 14 | O19: 15 | P19: 16 | Q19: 17 | R19: 18 | S19: 19 | T19: 20 | U19: 21 | V19: 22 | W19: 23 | X19: 24 | Y19: 25 | Z19: 26 | AA19: 27 | AB19: 28 | AC19: 29
A20: =SrcKA!E14 -> Конъюнктурный анализ
A21: 1.1 | B21: =SrcKA!D15 -> ТЦ_66.00.00.00_64_6454104668_13.07.2026_01_1.1 | C21: =IF((SrcKA!AI15<>""), SrcKA!AI15,"") -> Газорегуляторный пункт шкафной ГРПШ-07-2У1 с двумя линиями редуцирования с регуляторами РДНК-1000 | D21: =IF((SrcKA!E15<>""), SrcKA!E15,"") -> Газорегуляторный пункт шкафной ГРПШ-07-2У1 с двумя линиями редуцирования с регуляторами РДНК-1000 | E21: =IF((SrcKA!AH15<>""), SrcKA!AH15,"") -> ШТ | F21: =IF((SrcKA!G15<>""), SrcKA!G15,"") -> ШТ | G21: =IF((SrcKA!I15<>""), SrcKA!I15,"") -> 149000 | H21: =IF((SrcKA!H15<>""), SrcKA!H15,"") -> 122131.15 | I21: 13.07.2026 | K21: =IF((SrcKA!AB15<>""), SrcKA!AB15,"") | L21: =IF((SrcKA!AC15<>""), SrcKA!AC15,"") -> 122131.15 | M21: =IF((SrcKA!AA15<>""), SrcKA!AA15,"") -> 0 | N21: =IF((SrcKA!J15<>""), SrcKA!J15,"") -> 0 | O21: =IF((SrcKA!U15<>""), SrcKA!U15,"") -> 0 | P21: =IF((SrcKA!V15<>""), SrcKA!V15,"") -> 0 | S21: =IF((SrcKA!AE15<>""), SrcKA!AE15,"") -> 0 | T21: =IF((SrcKA!K15<>""), SrcKA!K15,"") -> 122131.15 | U21: =IF((SrcKA!O15<>""), SrcKA!O15,"") -> ООО "ГК ГАЗГАРАНТ" | V21: =IF((SrcKA!Z15<>""), SrcKA!Z15,"") -> Россия | W21: =IF((SrcKA!R15<>""), SrcKA!R15,"") -> 645501001 | X21: =IF((SrcKA!Q15<>""), SrcKA!Q15,"") -> 6454104668 | Y21: =IF((SrcKA!S15<>""), SrcKA!S15,"") -> Счет на оплату №263 от 13.07.2026г | Z21: =IF((SrcKA!P15<>""), SrcKA!P15,"") -> г.Саратов | AA21: =IF((SrcKA!N15<>""), SrcKA!N15,"") -> 2 | AB21: =IF((SrcKA!Y15<>""), SrcKA!Y15,"") | AC21: =IF((SrcKA!AV15<>""), SrcKA!AV15,"")
A22: 1.2 | B22: =SrcKA!D16 -> ТЦ_66.00.00.00_64_6453135060_13.07.2026_01_1.2 | C22: =IF((SrcKA!AI16<>""), SrcKA!AI16,"") -> Газорегуляторный пункт шкафной ГРПШ-07-2У1 с двумя линиями редуцирования с регуляторами РДНК-1000 | D22: =IF((SrcKA!E16<>""), SrcKA!E16,"") -> Газорегуляторный пункт шкафной ГРПШ-07-2У1 с двумя линиями редуцирования с регуляторами РДНК-1000 | E22: =IF((SrcKA!AH16<>""), SrcKA!AH16,"") -> ШТ | F22: =IF((SrcKA!G16<>""), SrcKA!G16,"") -> ШТ | G22: =IF((SrcKA!I16<>""), SrcKA!I16,"") -> 157940 | H22: =IF((SrcKA!H16<>""), SrcKA!H16,"") -> 129459.02 | I22: 13.07.2026 | K22: =IF((SrcKA!AB16<>""), SrcKA!AB16,"") | L22: =IF((SrcKA!AC16<>""), SrcKA!AC16,"") -> 129459.02 | M22: =IF((SrcKA!AA16<>""), SrcKA!AA16,"") -> 0 | N22: =IF((SrcKA!J16<>""), SrcKA!J16,"") -> 0 | O22: =IF((SrcKA!U16<>""), SrcKA!U16,"") -> 0 | P22: =IF((SrcKA!V16<>""), SrcKA!V16,"") -> 0 | S22: =IF((SrcKA!AE16<>""), SrcKA!AE16,"") -> 0 | T22: =IF((SrcKA!K16<>""), SrcKA!K16,"") -> 129459.02 | U22: =IF((SrcKA!O16<>""), SrcKA!O16,"") -> ООО "ПТК Газгарант" | V22: =IF((SrcKA!Z16<>""), SrcKA!Z16,"") -> Россия | W22: =IF((SrcKA!R16<>""), SrcKA!R16,"") -> 645401001 | X22: =IF((SrcKA!Q16<>""), SrcKA!Q16,"") -> 6453135060 | Y22: =IF((SrcKA!S16<>""), SrcKA!S16,"") -> коммерческое предложение №5 от 29.06.2026г | Z22: =IF((SrcKA!P16<>""), SrcKA!P16,"") -> г.Саратов | AA22: =IF((SrcKA!N16<>""), SrcKA!N16,"") -> 2 | AB22: =IF((SrcKA!Y16<>""), SrcKA!Y16,"") | AC22: =IF((SrcKA!AV16<>""), SrcKA!AV16,"")
A23: 1.3 | B23: =SrcKA!D17 -> ТЦ_66.00.00.00_64_6455068074_29.06.2026_01_1.3 | C23: =IF((SrcKA!AI17<>""), SrcKA!AI17,"") -> Газорегуляторный пункт шкафной ГРПШ-07-2У1 с двумя линиями редуцирования с регуляторами РДНК-1000 | D23: =IF((SrcKA!E17<>""), SrcKA!E17,"") -> Газорегуляторный пункт шкафной ГРПШ-07-2У1 с двумя линиями редуцирования с регуляторами РДНК-1000 | E23: =IF((SrcKA!AH17<>""), SrcKA!AH17,"") -> ШТ | F23: =IF((SrcKA!G17<>""), SrcKA!G17,"") -> ШТ | G23: =IF((SrcKA!I17<>""), SrcKA!I17,"") -> 156450 | H23: =IF((SrcKA!H17<>""), SrcKA!H17,"") -> 128237.7 | I23: 29.06.2026 | K23: =IF((SrcKA!AB17<>""), SrcKA!AB17,"") | L23: =IF((SrcKA!AC17<>""), SrcKA!AC17,"") -> 128237.7 | M23: =IF((SrcKA!AA17<>""), SrcKA!AA17,"") -> 0 | N23: =IF((SrcKA!J17<>""), SrcKA!J17,"") -> 0 | O23: =IF((SrcKA!U17<>""), SrcKA!U17,"") -> 0 | P23: =IF((SrcKA!V17<>""), SrcKA!V17,"") -> 0 | S23: =IF((SrcKA!AE17<>""), SrcKA!AE17,"") -> 0 | T23: =IF((SrcKA!K17<>""), SrcKA!K17,"") -> 128237.7 | U23: =IF((SrcKA!O17<>""), SrcKA!O17,"") -> ООО "Континент-Газ" | V23: =IF((SrcKA!Z17<>""), SrcKA!Z17,"") -> Россия | W23: =IF((SrcKA!R17<>""), SrcKA!R17,"") -> 645501001 | X23: =IF((SrcKA!Q17<>""), SrcKA!Q17,"") -> 6455068074 | Y23: =IF((SrcKA!S17<>""), SrcKA!S17,"") -> коммерческое предложение от 29.06.2026г | Z23: =IF((SrcKA!P17<>""), SrcKA!P17,"") -> г.Саратов | AA23: =IF((SrcKA!N17<>""), SrcKA!N17,"") -> 2 | AB23: =IF((SrcKA!Y17<>""), SrcKA!Y17,"") | AC23: =IF((SrcKA!AV17<>""), SrcKA!AV17,"")
A24: 2.1 | B24: =SrcKA!D18 -> ТЦ_24.00.00.00_64_6454104668_26.08.2026_01_2.1 | C24: =IF((SrcKA!AI18<>""), SrcKA!AI18,"") -> Изолирующее фланцевое соединение Ру 1,6 МПА д.200 | D24: =IF((SrcKA!E18<>""), SrcKA!E18,"") -> Изолирующее фланцевое соединение Ру 1,6 МПа д.200 | E24: =IF((SrcKA!AH18<>""), SrcKA!AH18,"") -> ШТ | F24: =IF((SrcKA!G18<>""), SrcKA!G18,"") -> ШТ | G24: =IF((SrcKA!I18<>""), SrcKA!I18,"") -> 8276.4 | H24: =IF((SrcKA!H18<>""), SrcKA!H18,"") -> 6783.93 | I24: 26.08.2026 | K24: =IF((SrcKA!AB18<>""), SrcKA!AB18,"") | L24: =IF((SrcKA!AC18<>""), SrcKA!AC18,"") -> 6783.93 | M24: =IF((SrcKA!AA18<>""), SrcKA!AA18,"") -> 0 | N24: =IF((SrcKA!J18<>""), SrcKA!J18,"") -> 0 | O24: =IF((SrcKA!U18<>""), SrcKA!U18,"") -> 0 | P24: =IF((SrcKA!V18<>""), SrcKA!V18,"") -> 0 | S24: =IF((SrcKA!AE18<>""), SrcKA!AE18,"") -> 0 | T24: =IF((SrcKA!K18<>""), SrcKA!K18,"") -> 6783.93 | U24: =IF((SrcKA!O18<>""), SrcKA!O18,"") -> ООО "ГК ГАЗГАРАНТ" | V24: =IF((SrcKA!Z18<>""), SrcKA!Z18,"") -> Россия | W24: =IF((SrcKA!R18<>""), SrcKA!R18,"") -> 645401001 | X24: =IF((SrcKA!Q18<>""), SrcKA!Q18,"") -> 6454104668 | Y24: =IF((SrcKA!S18<>""), SrcKA!S18,"") -> счет на оплату "321 от 26 августа 2026г | Z24: =IF((SrcKA!P18<>""), SrcKA!P18,"") -> г.Саратов | AA24: =IF((SrcKA!N18<>""), SrcKA!N18,"") -> 2 | AB24: =IF((SrcKA!Y18<>""), SrcKA!Y18,"") | AC24: =IF((SrcKA!AV18<>""), SrcKA!AV18,"")
A25: 2.2 | B25: =SrcKA!D19 -> ТЦ_24.00.00.00_64_6449085297_26.08.2026_01_2.2 | C25: =IF((SrcKA!AI19<>""), SrcKA!AI19,"") -> Изолирующее фланцевое соединение Ру 1,6 МПА д.200 | D25: =IF((SrcKA!E19<>""), SrcKA!E19,"") -> Изолирующее фланцевое соединение Ру 1,6МПа д.200 | E25: =IF((SrcKA!AH19<>""), SrcKA!AH19,"") -> ШТ | F25: =IF((SrcKA!G19<>""), SrcKA!G19,"") -> ШТ | G25: =IF((SrcKA!I19<>""), SrcKA!I19,"") -> 9385.44 | H25: =IF((SrcKA!H19<>""), SrcKA!H19,"") -> 7692.98 | I25: 26.08.2026 | K25: =IF((SrcKA!AB19<>""), SrcKA!AB19,"") | L25: =IF((SrcKA!AC19<>""), SrcKA!AC19,"") -> 7692.98 | M25: =IF((SrcKA!AA19<>""), SrcKA!AA19,"") -> 0 | N25: =IF((SrcKA!J19<>""), SrcKA!J19,"") -> 0 | O25: =IF((SrcKA!U19<>""), SrcKA!U19,"") -> 0 | P25: =IF((SrcKA!V19<>""), SrcKA!V19,"") -> 0 | S25: =IF((SrcKA!AE19<>""), SrcKA!AE19,"") -> 0 | T25: =IF((SrcKA!K19<>""), SrcKA!K19,"") -> 7692.98 | U25: =IF((SrcKA!O19<>""), SrcKA!O19,"") -> ПО "РОБУСТ ГРУПП" | V25: =IF((SrcKA!Z19<>""), SrcKA!Z19,"") -> Россия | W25: =IF((SrcKA!R19<>""), SrcKA!R19,"") -> 644901001 | X25: =IF((SrcKA!Q19<>""), SrcKA!Q19,"") -> 6449085297 | Y25: =IF((SrcKA!S19<>""), SrcKA!S19,"") -> коммерческое предложение б/н от 26.08.2026г | Z25: =IF((SrcKA!P19<>""), SrcKA!P19,"") -> г.Энгельс-2 | AA25: =IF((SrcKA!N19<>""), SrcKA!N19,"") -> 2 | AB25: =IF((SrcKA!Y19<>""), SrcKA!Y19,"") | AC25: =IF((SrcKA!AV19<>""), SrcKA!AV19,"")
A26: 2.3 | B26: =SrcKA!D20 -> ТЦ_24.00.00.00_64_6455068074_26.08.2026_01_2.3 | C26: =IF((SrcKA!AI20<>""), SrcKA!AI20,"") -> Изолирующее фланцевое соединение Ру 1,6 МПА д.200 | D26: =IF((SrcKA!E20<>""), SrcKA!E20,"") -> Изолирующее фланцевое соединение Ру 1,6МПа д.200 | E26: =IF((SrcKA!AH20<>""), SrcKA!AH20,"") -> ШТ | F26: =IF((SrcKA!G20<>""), SrcKA!G20,"") -> ШТ | G26: =IF((SrcKA!I20<>""), SrcKA!I20,"") -> 8690.22 | H26: =IF((SrcKA!H20<>""), SrcKA!H20,"") -> 7123.13 | I26: 26.08.2026 | K26: =IF((SrcKA!AB20<>""), SrcKA!AB20,"") | L26: =IF((SrcKA!AC20<>""), SrcKA!AC20,"") -> 7123.13 | M26: =IF((SrcKA!AA20<>""), SrcKA!AA20,"") -> 0 | N26: =IF((SrcKA!J20<>""), SrcKA!J20,"") -> 0 | O26: =IF((SrcKA!U20<>""), SrcKA!U20,"") -> 0 | P26: =IF((SrcKA!V20<>""), SrcKA!V20,"") -> 0 | S26: =IF((SrcKA!AE20<>""), SrcKA!AE20,"") -> 0 | T26: =IF((SrcKA!K20<>""), SrcKA!K20,"") -> 7123.13 | U26: =IF((SrcKA!O20<>""), SrcKA!O20,"") -> ООО "Континент-Газ" | V26: =IF((SrcKA!Z20<>""), SrcKA!Z20,"") -> Россия | W26: =IF((SrcKA!R20<>""), SrcKA!R20,"") -> 645501001 | X26: =IF((SrcKA!Q20<>""), SrcKA!Q20,"") -> 6455068074 | Y26: =IF((SrcKA!S20<>""), SrcKA!S20,"") -> коммерческое предложение б/н от 26.08.2026г | Z26: =IF((SrcKA!P20<>""), SrcKA!P20,"") -> г.Саратов | AA26: =IF((SrcKA!N20<>""), SrcKA!N20,"") -> 2 | AB26: =IF((SrcKA!Y20<>""), SrcKA!Y20,"") | AC26: =IF((SrcKA!AV20<>""), SrcKA!AV20,"")
A27: 3.1 | B27: =SrcKA!D21 -> ТЦ_24.00.00.00_64_6454104668_26.08.2026_01_3.1 | C27: =IF((SrcKA!AI21<>""), SrcKA!AI21,"") -> Переход электросварной с закладными нагревателями ПЭ100 SDR 11 д.160*110 | D27: =IF((SrcKA!E21<>""), SrcKA!E21,"") -> Переход электросварной с закладными нагревателями ПЭ100 SDR 11 д.160*110 | E27: =IF((SrcKA!AH21<>""), SrcKA!AH21,"") -> ШТ | F27: =IF((SrcKA!G21<>""), SrcKA!G21,"") -> ШТ | G27: =IF((SrcKA!I21<>""), SrcKA!I21,"") -> 4161.94 | H27: =IF((SrcKA!H21<>""), SrcKA!H21,"") -> 3411.43 | I27: 26.08.2026 | K27: =IF((SrcKA!AB21<>""), SrcKA!AB21,"") | L27: =IF((SrcKA!AC21<>""), SrcKA!AC21,"") -> 3411.43 | M27: =IF((SrcKA!AA21<>""), SrcKA!AA21,"") -> 0 | N27: =IF((SrcKA!J21<>""), SrcKA!J21,"") -> 0 | O27: =IF((SrcKA!U21<>""), SrcKA!U21,"") -> 0 | P27: =IF((SrcKA!V21<>""), SrcKA!V21,"") -> 0 | S27: =IF((SrcKA!AE21<>""), SrcKA!AE21,"") -> 0 | T27: =IF((SrcKA!K21<>""), SrcKA!K21,"") -> 3411.43 | U27: =IF((SrcKA!O21<>""), SrcKA!O21,"") -> ООО "ГК ГАЗГАРАНТ" | V27: =IF((SrcKA!Z21<>""), SrcKA!Z21,"") -> Россия | W27: =IF((SrcKA!R21<>""), SrcKA!R21,"") -> 645401001 | X27: =IF((SrcKA!Q21<>""), SrcKA!Q21,"") -> 6454104668 | Y27: =IF((SrcKA!S21<>""), SrcKA!S21,"") -> счет на оплату №321 от 26 августа 2026г | Z27: =IF((SrcKA!P21<>""), SrcKA!P21,"") -> г.Саратов | AA27: =IF((SrcKA!N21<>""), SrcKA!N21,"") -> 2 | AB27: =IF((SrcKA!Y21<>""), SrcKA!Y21,"") | AC27: =IF((SrcKA!AV21<>""), SrcKA!AV21,"")
A28: 3.2 | B28: =SrcKA!D22 -> ТЦ_24.00.00.00_64_6449085297_26.08.2026_01_3.2 | C28: =IF((SrcKA!AI22<>""), SrcKA!AI22,"") -> Переход электросварной с закладными нагревателями ПЭ100 SDR 11 д.160*110 | D28: =IF((SrcKA!E22<>""), SrcKA!E22,"") -> Переход электросварной с закладными нагревателями ПЭ100 SDR 11 д.160*110 | E28: =IF((SrcKA!AH22<>""), SrcKA!AH22,"") -> ШТ | F28: =IF((SrcKA!G22<>""), SrcKA!G22,"") -> ШТ | G28: =IF((SrcKA!I22<>""), SrcKA!I22,"") -> 4719.64 | H28: =IF((SrcKA!H22<>""), SrcKA!H22,"") -> 3868.56 | I28: 26.08.2026 | K28: =IF((SrcKA!AB22<>""), SrcKA!AB22,"") | L28: =IF((SrcKA!AC22<>""), SrcKA!AC22,"") -> 3868.56 | M28: =IF((SrcKA!AA22<>""), SrcKA!AA22,"") -> 0 | N28: =IF((SrcKA!J22<>""), SrcKA!J22,"") -> 0 | O28: =IF((SrcKA!U22<>""), SrcKA!U22,"") -> 0 | P28: =IF((SrcKA!V22<>""), SrcKA!V22,"") -> 0 | S28: =IF((SrcKA!AE22<>""), SrcKA!AE22,"") -> 0 | T28: =IF((SrcKA!K22<>""), SrcKA!K22,"") -> 3868.56 | U28: =IF((SrcKA!O22<>""), SrcKA!O22,"") -> ПО "РОБУСТ ГРУПП" | V28: =IF((SrcKA!Z22<>""), SrcKA!Z22,"") -> Россия | W28: =IF((SrcKA!R22<>""), SrcKA!R22,"") -> 644901001 | X28: =IF((SrcKA!Q22<>""), SrcKA!Q22,"") -> 6449085297 | Y28: =IF((SrcKA!S22<>""), SrcKA!S22,"") -> коммерческое предложение б/н от 26.08.2026г | Z28: =IF((SrcKA!P22<>""), SrcKA!P22,"") -> г.Саратов | AA28: =IF((SrcKA!N22<>""), SrcKA!N22,"") -> 2 | AB28: =IF((SrcKA!Y22<>""), SrcKA!Y22,"") | AC28: =IF((SrcKA!AV22<>""), SrcKA!AV22,"")
A29: 3.3 | B29: =SrcKA!D23 -> ТЦ_24.00.00.00_64_6455068074_26.08.2026_01_3.3 | C29: =IF((SrcKA!AI23<>""), SrcKA!AI23,"") -> Переход электросварной с закладными нагревателями ПЭ100 SDR 11 д.160*110 | D29: =IF((SrcKA!E23<>""), SrcKA!E23,"") -> Переход электросварной с закладными нагревателями ПЭ100 SDR 11 д.160*110 | E29: =IF((SrcKA!AH23<>""), SrcKA!AH23,"") -> ШТ | F29: =IF((SrcKA!G23<>""), SrcKA!G23,"") -> ШТ | G29: =IF((SrcKA!I23<>""), SrcKA!I23,"") -> 4370.01 | H29: =IF((SrcKA!H23<>""), SrcKA!H23,"") -> 3581.98 | I29: 26.08.2026 | K29: =IF((SrcKA!AB23<>""), SrcKA!AB23,"") | L29: =IF((SrcKA!AC23<>""), SrcKA!AC23,"") -> 3581.98 | M29: =IF((SrcKA!AA23<>""), SrcKA!AA23,"") -> 0 | N29: =IF((SrcKA!J23<>""), SrcKA!J23,"") -> 0 | O29: =IF((SrcKA!U23<>""), SrcKA!U23,"") -> 0 | P29: =IF((SrcKA!V23<>""), SrcKA!V23,"") -> 0 | S29: =IF((SrcKA!AE23<>""), SrcKA!AE23,"") -> 0 | T29: =IF((SrcKA!K23<>""), SrcKA!K23,"") -> 3581.98 | U29: =IF((SrcKA!O23<>""), SrcKA!O23,"") -> ООО "Континент-Газ" | V29: =IF((SrcKA!Z23<>""), SrcKA!Z23,"") -> Россия | W29: =IF((SrcKA!R23<>""), SrcKA!R23,"") -> 645501001 | X29: =IF((SrcKA!Q23<>""), SrcKA!Q23,"") -> 6455068074 | Y29: =IF((SrcKA!S23<>""), SrcKA!S23,"") -> коммерческое предложение б/н от 26.08.2026 | Z29: =IF((SrcKA!P23<>""), SrcKA!P23,"") -> г.Сарато | AA29: =IF((SrcKA!N23<>""), SrcKA!N23,"") -> 2 | AB29: =IF((SrcKA!Y23<>""), SrcKA!Y23,"") | AC29: =IF((SrcKA!AV23<>""), SrcKA!AV23,"")
A30: 4.1 | B30: =SrcKA!D24 -> ТЦ_24.00.00.00_64_6454104668_26.08.2026_01_4.1 | C30: =IF((SrcKA!AI24<>""), SrcKA!AI24,"") -> Переход электросварной с закладными нагревателями ПЭ100 SDR 11 д.110*90 | D30: =IF((SrcKA!E24<>""), SrcKA!E24,"") -> Переход электросварной с закладными нагревателями ПЭ100 SDR 11 д.110*90 | E30: =IF((SrcKA!AH24<>""), SrcKA!AH24,"") -> ШТ | F30: =IF((SrcKA!G24<>""), SrcKA!G24,"") -> ШТ | G30: =IF((SrcKA!I24<>""), SrcKA!I24,"") -> 2122.32 | H30: =IF((SrcKA!H24<>""), SrcKA!H24,"") -> 1739.61 | I30: 26.08.2026 | K30: =IF((SrcKA!AB24<>""), SrcKA!AB24,"") | L30: =IF((SrcKA!AC24<>""), SrcKA!AC24,"") -> 1739.61 | M30: =IF((SrcKA!AA24<>""), SrcKA!AA24,"") -> 0 | N30: =IF((SrcKA!J24<>""), SrcKA!J24,"") -> 0 | O30: =IF((SrcKA!U24<>""), SrcKA!U24,"") -> 0 | P30: =IF((SrcKA!V24<>""), SrcKA!V24,"") -> 0 | S30: =IF((SrcKA!AE24<>""), SrcKA!AE24,"") -> 0 | T30: =IF((SrcKA!K24<>""), SrcKA!K24,"") -> 1739.61 | U30: =IF((SrcKA!O24<>""), SrcKA!O24,"") -> ООО "ГК ГАЗГАРАНТ" | V30: =IF((SrcKA!Z24<>""), SrcKA!Z24,"") -> Россия | W30: =IF((SrcKA!R24<>""), SrcKA!R24,"") -> 645401001 | X30: =IF((SrcKA!Q24<>""), SrcKA!Q24,"") -> 6454104668 | Y30: =IF((SrcKA!S24<>""), SrcKA!S24,"") -> счет на оплату №321 от 26 августа 2026г | Z30: =IF((SrcKA!P24<>""), SrcKA!P24,"") -> г.Саратов | AA30: =IF((SrcKA!N24<>""), SrcKA!N24,"") -> 2 | AB30: =IF((SrcKA!Y24<>""), SrcKA!Y24,"") | AC30: =IF((SrcKA!AV24<>""), SrcKA!AV24,"")
A31: 4.2 | B31: =SrcKA!D25 -> ТЦ_24.00.00.00_64_6449085297_26.08.2026_01_4.2 | C31: =IF((SrcKA!AI25<>""), SrcKA!AI25,"") -> Переход электросварной с закладными нагревателями ПЭ100 SDR 11 д.110*90 | D31: =IF((SrcKA!E25<>""), SrcKA!E25,"") -> Переход электросварной с закладными нагревателями ПЭ100 SDR 11 д.110*90 | E31: =IF((SrcKA!AH25<>""), SrcKA!AH25,"") -> ШТ | F31: =IF((SrcKA!G25<>""), SrcKA!G25,"") -> ШТ | G31: =IF((SrcKA!I25<>""), SrcKA!I25,"") -> 2406.72 | H31: =IF((SrcKA!H25<>""), SrcKA!H25,"") -> 1972.72 | I31: 26.08.2026 | K31: =IF((SrcKA!AB25<>""), SrcKA!AB25,"") | L31: =IF((SrcKA!AC25<>""), SrcKA!AC25,"") -> 1972.72 | M31: =IF((SrcKA!AA25<>""), SrcKA!AA25,"") -> 0 | N31: =IF((SrcKA!J25<>""), SrcKA!J25,"") -> 0 | O31: =IF((SrcKA!U25<>""), SrcKA!U25,"") -> 0 | P31: =IF((SrcKA!V25<>""), SrcKA!V25,"") -> 0 | S31: =IF((SrcKA!AE25<>""), SrcKA!AE25,"") -> 0 | T31: =IF((SrcKA!K25<>""), SrcKA!K25,"") -> 1972.72 | U31: =IF((SrcKA!O25<>""), SrcKA!O25,"") -> ПО "РОБУСТ ГРУПП" | V31: =IF((SrcKA!Z25<>""), SrcKA!Z25,"") -> Россия | W31: =IF((SrcKA!R25<>""), SrcKA!R25,"") -> 644901001 | X31: =IF((SrcKA!Q25<>""), SrcKA!Q25,"") -> 6449085297 | Y31: =IF((SrcKA!S25<>""), SrcKA!S25,"") -> коммерческое предложение б/н от 26.08.2026г | Z31: =IF((SrcKA!P25<>""), SrcKA!P25,"") -> г.Саратов | AA31: =IF((SrcKA!N25<>""), SrcKA!N25,"") -> 2 | AB31: =IF((SrcKA!Y25<>""), SrcKA!Y25,"") | AC31: =IF((SrcKA!AV25<>""), SrcKA!AV25,"")
A32: 4.3 | B32: =SrcKA!D26 -> ТЦ_24.00.00.00_64_6455068074_26.08.2026_01_4.3 | C32: =IF((SrcKA!AI26<>""), SrcKA!AI26,"") -> Переход электросварной с закладными нагревателями ПЭ100 SDR 11 д.110*90 | D32: =IF((SrcKA!E26<>""), SrcKA!E26,"") -> Переход электросварной с закладными нагревателями ПЭ100 SDR 11 д.1110*90 | E32: =IF((SrcKA!AH26<>""), SrcKA!AH26,"") -> ШТ | F32: =IF((SrcKA!G26<>""), SrcKA!G26,"") -> ШТ | G32: =IF((SrcKA!I26<>""), SrcKA!I26,"") -> 2228.44 | H32: =IF((SrcKA!H26<>""), SrcKA!H26,"") -> 1826.59 | I32: 26.08.2026 | K32: =IF((SrcKA!AB26<>""), SrcKA!AB26,"") | L32: =IF((SrcKA!AC26<>""), SrcKA!AC26,"") -> 1826.59 | M32: =IF((SrcKA!AA26<>""), SrcKA!AA26,"") -> 0 | N32: =IF((SrcKA!J26<>""), SrcKA!J26,"") -> 0 | O32: =IF((SrcKA!U26<>""), SrcKA!U26,"") -> 0 | P32: =IF((SrcKA!V26<>""), SrcKA!V26,"") -> 0 | S32: =IF((SrcKA!AE26<>""), SrcKA!AE26,"") -> 0 | T32: =IF((SrcKA!K26<>""), SrcKA!K26,"") -> 1826.59 | U32: =IF((SrcKA!O26<>""), SrcKA!O26,"") -> ООО "Континент-Газ" | V32: =IF((SrcKA!Z26<>""), SrcKA!Z26,"") -> Россия | W32: =IF((SrcKA!R26<>""), SrcKA!R26,"") -> 645501001 | X32: =IF((SrcKA!Q26<>""), SrcKA!Q26,"") -> 6455068074 | Y32: =IF((SrcKA!S26<>""), SrcKA!S26,"") -> коммерческое предложение б/н от 26.08.2026 | Z32: =IF((SrcKA!P26<>""), SrcKA!P26,"") -> г.Саратов | AA32: =IF((SrcKA!N26<>""), SrcKA!N26,"") -> 2 | AB32: =IF((SrcKA!Y26<>""), SrcKA!Y26,"") | AC32: =IF((SrcKA!AV26<>""), SrcKA!AV26,"")
... A35: 5.3 | B35: =SrcKA!D29 -> ТЦ_21.00.00.00_64_6455068074_13.07.2026_01_5.3 | C35: =IF((SrcKA!AI29<>""), SrcKA!AI29,"") -> Провод П-274М | D35: =IF((SrcKA!E29<>""), SrcKA!E29,"") -> Провод П-274М | E35: =IF((SrcKA!AH29<>""), SrcKA!AH29,"") -> м | F35: =IF((SrcKA!G29<>""), SrcKA!G29,"") -> м | G35: =IF((SrcKA!I29<>""), SrcKA!I29,"") -> 54.6 | H35: =IF((SrcKA!H29<>""), SrcKA!H29,"") -> 44.75 | I35: 13.07.2026 | K35: =IF((SrcKA!AB29<>""), SrcKA!AB29,"") | L35: =IF((SrcKA!AC29<>""), SrcKA!AC29,"") -> 44.75 | M35: =IF((SrcKA!AA29<>""), SrcKA!AA29,"") -> 0 | N35: =IF((SrcKA!J29<>""), SrcKA!J29,"") -> 0 | O35: =IF((SrcKA!U29<>""), SrcKA!U29,"") -> 0 | P35: =IF((SrcKA!V29<>""), SrcKA!V29,"") -> 0 | S35: =IF((SrcKA!AE29<>""), SrcKA!AE29,"") -> 0 | T35: =IF((SrcKA!K29<>""), SrcKA!K29,"") -> 44.75 | U35: =IF((SrcKA!O29<>""), SrcKA!O29,"") -> ООО "Континент-Газ" | V35: =IF((SrcKA!Z29<>""), SrcKA!Z29,"") -> Россия | W35: =IF((SrcKA!R29<>""), SrcKA!R29,"") -> 645501001 | X35: =IF((SrcKA!Q29<>""), SrcKA!Q29,"") -> 6455068074 | Y35: =IF((SrcKA!S29<>""), SrcKA!S29,"") -> коммерческое предложение б/н от 13.07.2026г | Z35: =IF((SrcKA!P29<>""), SrcKA!P29,"") -> г.саратов | AA35: =IF((SrcKA!N29<>""), SrcKA!N29,"") -> 2 | AB35: =IF((SrcKA!Y29<>""), SrcKA!Y29,"") | AC35: =IF((SrcKA!AV29<>""), SrcKA!AV29,"")
D38: Составил
E39: [должность,подпись(инициалы,фамилия)]
D41: Проверил
E42: [должность,подпись(инициалы,фамилия)]
D44: Застройщик (технический заказчик)
E45: [должность,подпись(инициалы,фамилия)]

Sheet Source
A1: 0 | B1: Smeta.RU (495) 974-1589 | D1: _PS_ | F1: 0 | G1: 0 | H1: 0 | I1: Smeta.RU | K1: 1 | L1: 28180 | M1: 10 | N1: 12 | O1: 1 | P1: 0 | Q1: 5
A12: 1 | B12: 902 | C12: 0 | D12: =ROW(A837) -> 837 | E12: 0 | F12: Новый объект_(Копия)_(Копия)_(Копия)_(Копия)_(Копия) | G12: Газопровод высокого и низкого давления к нежилому зданию,расположенному по адресу: Пензенская область,Кузнецкий район,р.п.Евлашево(кн 58:14:0130201:451) | I12: 0 | K12: 0 | L12: 0 | M12: 523 | O12: 0 | P12: 0 | Q12: 7 | R12: 0 | T12: 4 | V12: 0 | BB12: 0 | BH12: Сметные нормы списания | BI12: Коды ценников | BJ12: 1 | BK12: 1 | BL12: 0 | BM12: 0 | BN12: 1 | BO12: 0 | BP12: 6 | BQ12: 2 | BR12: 1 | BS12: 1 | BT12: 0 | BU12: 0 | BV12: 0 | BW12: 0 | BX12: 0 | BY12: ФСНБ-2022_И18 | BZ12: Версия 1.18.0 для ФСНБ-2022 И18 | CA12: ФСНБ-2022 - Изменения И18 | CB12: ФСНБ-2022 - Изменения И18 | CC12: ФСНБ-2022 - Изменения И18 | CD12: ФСНБ-2022 - Изменения И18 | CE12: Поправки для ФСНБ-2022 от 21.05.2026 г И18 (55/пр) Строительство | CF12: 0 | CG12: 0 | CH12: 487096328 | CK12: 18 | CQ12: Приказ Минстроя России от 30.12.2021 г. № 1046/пр; Приказ Минстроя России от 04.08.2020 г. № 421/пр; Приказ Минстроя России от 21.12.2020 г. № 812/пр; Приказ Минстроя России от 11.12.2020 г. № 774/пр | CR12: ГСН | CS12: 46161 | CT12: 567 | CU12: 18 | CV12: Приказ Минстроя России от 18.05.2022 г. № 378/пр; Приказ Минстроя России от 26.08.2022 г. № 703/пр; Приказ Минстроя России от 26.10.2022 г. № 905/пр; Приказ Минстроя России от 27.12.2022 г. № 1133/пр; Приказ Минстроя России от 10.02.2023 г. № 84/пр; Приказ Минстроя России от 11.05.2023 г. № 335/пр; Приказ Минстроя России от 02.08.2023 г. № 551/пр; Приказ Минстроя России от 14.11.2023 г. № 817/пр; Приказ Минстроя России от 16.02.2024 г. № 102/пр; Приказ Минстроя России от 13.05.2024 г. № 323/пр; Приказ Минстроя России от 09.08.2024 г. № 524/пр; Приказ Минстроя России от 07.11.2024 г. № 747/пр; Приказ Минстроя России от 07.02.2025 г. № 69/пр; Приказ Минстроя России от 19.05.2025 г. № 299/пр; Приказ Минстроя России от 14.08.2025 г. № 490/пр; Приказ Минстроя России от 12.11.2025 г. № 696/пр; Приказ Минстроя России от 17.02.2026 г. № 91/пр; Приказ Минстроя России от 15.05.2026 г. № 301/пр; Приказ Минстроя России от 07.07.2022 г. № 557/пр; Приказ Минстроя России от 30.01.2024 г. № 55/пр; Приказ Минстроя России от 23.01.2025 г. № 30/пр; Приказ Минстроя России от 02.09.2021 г. № 636/пр; Приказ Минстроя России от 26.07.2022 г. № 611/пр; Приказ Минстроя России от 22.04.2022 г. № 317/пр | CY12: 0 | EC12: 0
A15: 15 | B15: 1
A18: 52 | B18: =B837 -> 902 | C18: =C837 -> 1 | D18: =D837 -> 12 | E18: =E837 -> 0 | F18: =F837 -> Новый объект_(Копия)_(Копия)_(Копия)_(Копия)_(Копия) | G18: =G837 -> Газопровод высокого и низкого давления к нежилому зданию,расположенному по адресу: Пензенская область,Кузнецкий район,р.п.Евлашево(кн 58:14:0130201:451) | O18: =O837 -> 1058585.9 | P18: =P837 -> 797900.99 | Q18: =Q837 -> 101560.21 | R18: =R837 -> 31689 | S18: =S837 -> 127435.71 | T18: =T837 -> 0 | U18: =U837 -> 329.4059 | V18: =V837 -> 64.249007 | ... GX18: =GX837 -> 0
A20: 3 | B20: 1 | D20: =ROW(A807) -> 807 | F20: Новая локальная смета | G20: Газопровод высокого и низкого давления | I20: 0 | K20: -1 | L20: Новая локальная смета | S20: 0 | V20: 0 | BX20: 0 | CF20: 0 | CG20: 0
A22: 52 | B22: =B807 -> 1 | C22: =C807 -> 3 | D22: =D807 -> 20 | E22: =E807 -> 0 | F22: =F807 -> Новая локальная смета | G22: =G807 -> Газопровод высокого и низкого давления | O22: =O807 -> 1058585.9 | P22: =P807 -> 797900.99 | Q22: =Q807 -> 101560.21 | R22: =R807 -> 31689 | S22: =S807 -> 127435.71 | T22: =T807 -> 0 | U22: =U807 -> 329.4059 | V22: =V807 -> 64.249007 | ... GX22: =GX807 -> 0
A24: 4 | B24: 1 | D24: =ROW(A234) -> 234 | F24: Новый раздел | G24: Газопровод высокого давления | I24: 0 | K24: 0 | S24: 0 | V24: 0 | BX24: 0 | CJ24: 0
A26: 52 | B26: =B234 -> 1 | C26: =C234 -> 4 | D26: =D234 -> 24 | E26: =E234 -> 0 | F26: =F234 -> Новый раздел | G26: =G234 -> Газопровод высокого давления | O26: =O234 -> 265632.38 | P26: =P234 -> 166857.85 | Q26: =Q234 -> 29949.95 | R26: =R234 -> 10414.59 | S26: =S234 -> 58409.99 | T26: =T234 -> 0 | U26: =U234 -> 156.14429 | V26: =V234 -> 21.548994 | ... GX26: =GX234 -> 0
A28: 5 | B28: 1 | D28: =ROW(A37) -> 37 | F28: Новый подраздел | G28: Земляные работы | I28: 0 | K28: 0 | S28: 0 | V28: 0 | BX28: 0 | CJ28: 0
A30: 52 | B30: =B37 -> 1 | C30: =C37 -> 5 | D30: =D37 -> 28 | E30: =E37 -> 0 | F30: =F37 -> Новый подраздел | G30: =G37 -> Земляные работы | O30: =O37 -> 41217.99 | P30: =P37 -> 0 | Q30: =Q37 -> 16786.34 | R30: =R37 -> 6344.34 | S30: =S37 -> 18087.31 | T30: =T37 -> 0 | U30: =U37 -> 56.892 | V30: =V37 -> 12.43068 | ... GX30: =GX37 -> 0
A32: 17 | B32: 1 | C32: =ROW(SmtRes!A2) -> 2 | D32: =ROW(EtalonRes!A2) -> 2 | E32: 1 | F32: 01-01-009-14 | G32: Разработка грунта в траншеях экскаватором «обратная лопата» с ковшом вместимостью 0,5 (0,5-0,63) м3, в отвал группа грунтов: 2 | H32: 1000 м3 | I32: =ROUND(368/1000,7) -> 0.368 | J32: 0 | K32: =ROUND(368/1000,7) -> 0.368 | O32: =ROUND(CP32,2) -> 18219.13 | P32: =SUMIF(SmtRes!AQ1:'SmtRes'!AQ2,"=1",SmtRes!DF1:'SmtRes'!DF2) -> 0 | Q32: =SUMIF(SmtRes!AQ1:'SmtRes'!AQ2,"=1",SmtRes!DG1:'SmtRes'!DG2) -> 13253.96 | R32: =SUMIF(SmtRes!AQ1:'SmtRes'!AQ2,"=1",SmtRes!DH1:'SmtRes'!DH2) -> 4965.17 | S32: =SUMIF(SmtRes!AQ1:'SmtRes'!AQ2,"=1",SmtRes!DI1:'SmtRes'!DI2) -> 0 | T32: =ROUND(CU32*I32,2) -> 0 | U32: =SUMIF(SmtRes!AQ1:'SmtRes'!AQ2,"=1",SmtRes!CV1:'SmtRes'!CV2) -> 0 | V32: =SUMIF(SmtRes!AQ1:'SmtRes'!AQ2,"=1",SmtRes!CW1:'SmtRes'!CW2) -> 9.384 | W32: =ROUND(CX32*I32,2) -> 0 | X32: =ROUND(CY32,2) -> 4567.96 | Y32: =ROUND(CZ32,2) -> 2283.98 | AA32: 72309884 | AB32: =ROUND((AC32+AD32+AF32),6) -> 26877.765 | AC32: =ROUND((0),6) -> 0 | AD32: =ROUND((((SUM(SmtRes!BR1:'SmtRes'!BR2))-(SUM(SmtRes!BS1:'SmtRes'!BS2)))+AE32),6) -> 26877.765 | AE32: =ROUND((SUM(SmtRes!BS1:'SmtRes'!BS2)),6) -> 13492.305 | AF32: =ROUND((0),6) -> 0 | AG32: =ROUND((AP32),6) -> 0 | AH32: =(0) -> 0 | AI32: =(SUM(SmtRes!BV1:'SmtRes'!BV2)) -> 25.5 | AJ32: =(AS32) -> 0 | AK32: 40370.07 | AL32: 0 | AM32: 26877.765 | AN32: 13492.305 | AO32: 0 | AP32: 0 | AQ32: 0 | AR32: 25.5 | AS32: 0 | AT32: 92 | AU32: 46 | AV32: 1 | AW32: 1 | AZ32: 1 | BA32: 1 | BB32: 1 | BC32: 1 | BH32: 0 | BI32: 1 | BJ32: ГЭСН-2022, 01-01-009-14, приказ Минстроя России от 18.05.2022 г. № 378/пр | BM32: 1001 | BN32: 0 | BP32: 0 | BQ32: 2 | BR32: 0 | BS32: 1 | BT32: 1 | BU32: 1 | BV32: 1 | BW32: 1 | BX32: 1 | BZ32: 92 | CA32: 46 | CE32: 0 | CF32: 0 | CG32: 0 | CM32: 0 | CO32: 0 | CP32: =(P32+Q32+S32+R32) -> 18219.13 | CQ32: =SUMIF(SmtRes!AQ1:'SmtRes'!AQ2,"=1",SmtRes!AA1:'SmtRes'!AA2) -> 0 | CR32: =SUMIF(SmtRes!AQ1:'SmtRes'!AQ2,"=1",SmtRes!AB1:'SmtRes'!AB2) -> 1412.4 | CS32: =SUMIF(SmtRes!AQ1:'SmtRes'!AQ2,"=1",SmtRes!AC1:'SmtRes'!AC2) -> 529.11 | CT32: =SUMIF(SmtRes!AQ1:'SmtRes'!AQ2,"=1",SmtRes!AD1:'SmtRes'!AD2) -> 0 | CU32: =AG32 -> 0 | CV32: =SUMIF(SmtRes!AQ1:'SmtRes'!AQ2,"=1",SmtRes!BU1:'SmtRes'!BU2) -> 0 | CW32: =SUMIF(SmtRes!AQ1:'SmtRes'!AQ2,"=1",SmtRes!BV1:'SmtRes'!BV2) -> 25.5 | CX32: =AJ32 -> 0 | CY32: =(((S32+R32)*AT32)/100) -> 4567.9564 | CZ32: =(((S32+R32)*AU32)/100) -> 2283.9782 | DN32: 0 | DO32: 0 | DP32: 1 | DQ32: 1 | DU32: 1007 | DV32: 1000 м3 | DW32: 1000 м3 | DX32: 1000 | EE32: 70312908 | EF32: 2 | EG32: Общестроительные работы | EH32: 1 | EI32: Земляные работы | EJ32: 1 | EK32: 1001 | EL32: Земляные работы, выполняемые: механизированным способом | EM32: ФЕР-01 | EQ32: 0 | ER32: 0 | ES32: 0 | ET32: 0 | EU32: 0 | EV32: 0 | EW32: 0 | EX32: 25.5 | EY32: 0 | FQ32: 0 | FR32: 0 | FS32: 0 | FX32: 92 | FY32: 46 | GD32: 1 | GF32: -838664745 | GG32: 2 | GH32: 1 | GI32: -2 | GJ32: 0 | GK32: 0 | GL32: =ROUND(IF(AND(BH32=3,BI32=3,FS32<>0),P32,0),2) -> 0 | GM32: =ROUND(O32+X32+Y32,2)+GX32 -> 25071.07 | GN32: =IF(OR(BI32=0,BI32=1),GM32-GX32,0) -> 25071.07 | GO32: =IF(BI32=2,GM32-GX32,0) -> 0 | GP32: =IF(BI32=4,GM32-GX32,0) -> 0 | GR32: 0 | GS32: 3 | GT32: 0 | GV32: =ROUND((GT32),6) -> 0 | GW32: 1 | GX32: =ROUND(HC32*I32,2) -> 0 | HA32: 0 | HB32: 0 | HC32: =GV32*GW32 -> 0 | HN32: Пр/812-001.1-1 | HO32: Пр/774-001.1 | HP32: Земляные работы, выполняемые: механизированным способом | HQ32: Земляные работы, выполняемые: механизированным способом | HS32: 0 | IK32: 0
A33: 17 | B33: 1 | C33: =ROW(SmtRes!A3) -> 3 | D33: =ROW(EtalonRes!A3) -> 3 | E33: 2 | F33: 01-02-057-02 | G33: Добор грунта вручную в траншеях глубиной до 2 м без креплений с откосами, группа грунтов: 2 | H33: 100 м3 | I33: =ROUND(30/100,7) -> 0.3 | J33: 0 | K33: =ROUND(30/100,7) -> 0.3 | O33: =ROUND(CP33,2) -> 14802.94 | P33: =SUMIF(SmtRes!AQ3:'SmtRes'!AQ3,"=1",SmtRes!DF3:'SmtRes'!DF3) -> 0 | Q33: =SUMIF(SmtRes!AQ3:'SmtRes'!AQ3,"=1",SmtRes!DG3:'SmtRes'!DG3) -> 0 | R33: =SUMIF(SmtRes!AQ3:'SmtRes'!AQ3,"=1",SmtRes!DH3:'SmtRes'!DH3) -> 0 | S33: =SUMIF(SmtRes!AQ3:'SmtRes'!AQ3,"=1",SmtRes!DI3:'SmtRes'!DI3) -> 14802.94 | T33: =ROUND(CU33*I33,2) -> 0 | U33: =SUMIF(SmtRes!AQ3:'SmtRes'!AQ3,"=1",SmtRes!CV3:'SmtRes'!CV3) -> 46.2 | V33: =SUMIF(SmtRes!AQ3:'SmtRes'!AQ3,"=1",SmtRes!CW3:'SmtRes'!CW3) -> 0 | W33: =ROUND(CX33*I33,2) -> 0 | X33: =ROUND(CY33,2) -> 13174.62 | Y33: =ROUND(CZ33,2) -> 5921.18 | AA33: 72309884 | AB33: =ROUND((AC33+AD33+AF33),6) -> 49343.14 | AC33: =ROUND((0),6) -> 0 | AD33: =ROUND((((0)-(0))+AE33),6) -> 0 | AE33: =ROUND((0),6) -> 0 | AF33: =ROUND((SUM(SmtRes!BT3:'SmtRes'!BT3)),6) -> 49343.14 | AG33: =ROUND((AP33),6) -> 0 | AH33: =(SUM(SmtRes!BU3:'SmtRes'!BU3)) -> 154 | AI33: =(0) -> 0 | AJ33: =(AS33) -> 0 | AK33: 49343.14 | AL33: 0 | AM33: 0 | AN33: 0 | AO33: 49343.14 | AP33: 0 | AQ33: 154 | AR33: 0 | AS33: 0 | AT33: 89 | AU33: 40 | AV33: 1 | AW33: 1 | AZ33: 1 | BA33: 1 | BB33: 1 | BC33: 1 | BH33: 0 | BI33: 1 | BJ33: ГЭСН-2022, 01-02-057-02, приказ Минстроя России от 18.05.2022 г. № 378/пр | BM33: 1003 | BN33: 0 | BP33: 0 | BQ33: 2 | BR33: 0 | BS33: 1 | BT33: 1 | BU33: 1 | BV33: 1 | BW33: 1 | BX33: 1 | BZ33: 89 | CA33: 40 | CE33: 0 | CF33: 0 | CG33: 0 | CM33: 0 | CO33: 0 | CP33: =(P33+Q33+S33+R33) -> 14802.94 | CQ33: =SUMIF(SmtRes!AQ3:'SmtRes'!AQ3,"=1",SmtRes!AA3:'SmtRes'!AA3) -> 0 | CR33: =SUMIF(SmtRes!AQ3:'SmtRes'!AQ3,"=1",SmtRes!AB3:'SmtRes'!AB3) -> 0 | CS33: =SUMIF(SmtRes!AQ3:'SmtRes'!AQ3,"=1",SmtRes!AC3:'SmtRes'!AC3) -> 0 | CT33: =SUMIF(SmtRes!AQ3:'SmtRes'!AQ3,"=1",SmtRes!AD3:'SmtRes'!AD3) -> 320.41 | CU33: =AG33 -> 0 | CV33: =SUMIF(SmtRes!AQ3:'SmtRes'!AQ3,"=1",SmtRes!BU3:'SmtRes'!BU3) -> 154 | CW33: =SUMIF(SmtRes!AQ3:'SmtRes'!AQ3,"=1",SmtRes!BV3:'SmtRes'!BV3) -> 0 | CX33: =AJ33 -> 0 | CY33: =(((S33+R33)*AT33)/100) -> 13174.617 | CZ33: =(((S33+R33)*AU33)/100) -> 5921.176 | DN33: 0 | DO33: 0 | DP33: 1 | DQ33: 1 | DU33: 1007 | DV33: 100 м3 | DW33: 100 м3 | DX33: 100 | EE33: 70312910 | EF33: 2 | EG33: Общестроительные работы | EH33: 1 | EI33: Земляные работы | EJ33: 1 | EK33: 1003 | EL33: Земляные работы, выполняемые: ручным способом | EM33: ФЕР-01 | EQ33: 0 | ER33: 0 | ES33: 0 | ET33: 0 | EU33: 0 | EV33: 0 | EW33: 154 | EX33: 0 | EY33: 0 | FQ33: 0 | FR33: 0 | FS33: 0 | FX33: 89 | FY33: 40 | GD33: 1 | GF33: -1871578151 | GG33: 2 | GH33: 1 | GI33: -2 | GJ33: 0 | GK33: 0 | GL33: =ROUND(IF(AND(BH33=3,BI33=3,FS33<>0),P33,0),2) -> 0 | GM33: =ROUND(O33+X33+Y33,2)+GX33 -> 33898.74 | GN33: =IF(OR(BI33=0,BI33=1),GM33-GX33,0) -> 33898.74 | GO33: =IF(BI33=2,GM33-GX33,0) -> 0 | GP33: =IF(BI33=4,GM33-GX33,0) -> 0 | GR33: 0 | GS33: 3 | GT33: 0 | GV33: =ROUND((GT33),6) -> 0 | GW33: 1 | GX33: =ROUND(HC33*I33,2) -> 0 | HA33: 0 | HB33: 0 | HC33: =GV33*GW33 -> 0 | HN33: Пр/812-001.2-1 | HO33: Пр/774-001.2 | HP33: Земляные работы, выполняемые: ручным способом | HQ33: Земляные работы, выполняемые: ручным способом | HS33: 0 | IK33: 0
A34: 17 | B34: 1 | C34: =ROW(SmtRes!A5) -> 5 | D34: =ROW(EtalonRes!A5) -> 5 | E34: 3 | F34: 01-01-033-02 | G34: Засыпка траншей и котлованов с перемещением грунта до 5 м бульдозерами мощностью: 59 кВт (80 л.с.), группа грунтов 2 | H34: 1000 м3 | I34: =ROUND(378/1000,7) -> 0.378 | J34: 0 | K34: =ROUND(378/1000,7) -> 0.378 | O34: =ROUND(CP34,2) -> 4911.55 | P34: =SUMIF(SmtRes!AQ4:'SmtRes'!AQ5,"=1",SmtRes!DF4:'SmtRes'!DF5) -> 0 | Q34: =SUMIF(SmtRes!AQ4:'SmtRes'!AQ5,"=1",SmtRes!DG4:'SmtRes'!DG5) -> 3532.38 | R34: =SUMIF(SmtRes!AQ4:'SmtRes'!AQ5,"=1",SmtRes!DH4:'SmtRes'!DH5) -> 1379.17 | S34: =SUMIF(SmtRes!AQ4:'SmtRes'!AQ5,"=1",SmtRes!DI4:'SmtRes'!DI5) -> 0 | T34: =ROUND(CU34*I34,2) -> 0 | U34: =SUMIF(SmtRes!AQ4:'SmtRes'!AQ5,"=1",SmtRes!CV4:'SmtRes'!CV5) -> 0 | V34: =SUMIF(SmtRes!AQ4:'SmtRes'!AQ5,"=1",SmtRes!CW4:'SmtRes'!CW5) -> 3.04668 | W34: =ROUND(CX34*I34,2) -> 0 | X34: =ROUND(CY34,2) -> 1268.84 | Y34: =ROUND(CZ34,2) -> 634.42 | AA34: 72309884 | AB34: =ROUND((AC34+AD34+AF34),6) -> 6674.9696 | AC34: =ROUND((0),6) -> 0 | AD34: =ROUND((((SUM(SmtRes!BR4:'SmtRes'!BR5))-(SUM(SmtRes!BS4:'SmtRes'!BS5)))+AE34),6) -> 6674.9696 | AE34: =ROUND((SUM(SmtRes!BS4:'SmtRes'!BS5)),6) -> 3648.6008 | AF34: =ROUND((0),6) -> 0 | AG34: =ROUND((AP34),6) -> 0 | AH34: =(0) -> 0 | AI34: =(SUM(SmtRes!BV4:'SmtRes'!BV5)) -> 8.06 | AJ34: =(AS34) -> 0 | AK34: 10323.57 | AL34: 0 | AM34: 6674.9696 | AN34: 3648.6008 | AO34: 0 | AP34: 0 | AQ34: 0 | AR34: 8.06 | AS34: 0 | AT34: 92 | AU34: 46 | AV34: 1 | AW34: 1 | AZ34: 1 | BA34: 1 | BB34: 1 | BC34: 1 | BH34: 0 | BI34: 1 | BJ34: ГЭСН-2022, 01-01-033-02, приказ Минстроя России от 18.05.2022 г. № 378/пр | BM34: 1001 | BN34: 0 | BP34: 0 | BQ34: 2 | BR34: 0 | BS34: 1 | BT34: 1 | BU34: 1 | BV34: 1 | BW34: 1 | BX34: 1 | BZ34: 92 | CA34: 46 | CE34: 0 | CF34: 0 | CG34: 0 | CM34: 0 | CO34: 0 | CP34: =(P34+Q34+S34+R34) -> 4911.55 | CQ34: =SUMIF(SmtRes!AQ4:'SmtRes'!AQ5,"=1",SmtRes!AA4:'SmtRes'!AA5) -> 0 | CR34: =SUMIF(SmtRes!AQ4:'SmtRes'!AQ5,"=1",SmtRes!AB4:'SmtRes'!AB5) -> 1159.42 | CS34: =SUMIF(SmtRes!AQ4:'SmtRes'!AQ5,"=1",SmtRes!AC4:'SmtRes'!AC5) -> 452.68 | CT34: =SUMIF(SmtRes!AQ4:'SmtRes'!AQ5,"=1",SmtRes!AD4:'SmtRes'!AD5) -> 0 | CU34: =AG34 -> 0 | CV34: =SUMIF(SmtRes!AQ4:'SmtRes'!AQ5,"=1",SmtRes!BU4:'SmtRes'!BU5) -> 0 | CW34: =SUMIF(SmtRes!AQ4:'SmtRes'!AQ5,"=1",SmtRes!BV4:'SmtRes'!BV5) -> 8.06 | CX34: =AJ34 -> 0 | CY34: =(((S34+R34)*AT34)/100) -> 1268.8364 | CZ34: =(((S34+R34)*AU34)/100) -> 634.4182 | DN34: 0 | DO34: 0 | DP34: 1 | DQ34: 1 | DU34: 1007 | DV34: 1000 м3 | DW34: 1000 м3 | DX34: 1000 | EE34: 70312908 | EF34: 2 | EG34: Общестроительные работы | EH34: 1 | EI34: Земляные работы | EJ34: 1 | EK34: 1001 | EL34: Земляные работы, выполняемые: механизированным способом | EM34: ФЕР-01 | EQ34: 0 | ER34: 0 | ES34: 0 | ET34: 0 | EU34: 0 | EV34: 0 | EW34: 0 | EX34: 8.06 | EY34: 0 | FQ34: 0 | FR34: 0 | FS34: 0 | FX34: 92 | FY34: 46 | GD34: 1 | GF34: 1607513880 | GG34: 2 | GH34: 1 | GI34: -2 | GJ34: 0 | GK34: 0 | GL34: =ROUND(IF(AND(BH34=3,BI34=3,FS34<>0),P34,0),2) -> 0 | GM34: =ROUND(O34+X34+Y34,2)+GX34 -> 6814.81 | GN34: =IF(OR(BI34=0,BI34=1),GM34-GX34,0) -> 6814.81 | GO34: =IF(BI34=2,GM34-GX34,0) -> 0 | GP34: =IF(BI34=4,GM34-GX34,0) -> 0 | GR34: 0 | GS34: 0 | GT34: 0 | GV34: =ROUND((GT34),6) -> 0 | GW34: 1 | GX34: =ROUND(HC34*I34,2) -> 0 | HA34: 0 | HB34: 0 | HC34: =GV34*GW34 -> 0 | HN34: Пр/812-001.1-1 | HO34: Пр/774-001.1 | HP34: Земляные работы, выполняемые: механизированным способом | HQ34: Земляные работы, выполняемые: механизированным способом | HS34: 0 | IK34: 0
A35: 17 | B35: 1 | C35: =ROW(SmtRes!A6) -> 6 | D35: =ROW(EtalonRes!A6) -> 6 | E35: 4 | F35: 01-02-061-02 | G35: Засыпка вручную траншей, пазух котлованов и ям, группа грунтов: 2 | H35: 100 м3 | I35: =ROUND(11/100,7) -> 0.11 | J35: 0 | K35: =ROUND(11/100,7) -> 0.11 | O35: =ROUND(CP35,2) -> 3284.37 | P35: =SUMIF(SmtRes!AQ6:'SmtRes'!AQ6,"=1",SmtRes!DF6:'SmtRes'!DF6) -> 0 | Q35: =SUMIF(SmtRes!AQ6:'SmtRes'!AQ6,"=1",SmtRes!DG6:'SmtRes'!DG6) -> 0 | R35: =SUMIF(SmtRes!AQ6:'SmtRes'!AQ6,"=1",SmtRes!DH6:'SmtRes'!DH6) -> 0 | S35: =SUMIF(SmtRes!AQ6:'SmtRes'!AQ6,"=1",SmtRes!DI6:'SmtRes'!DI6) -> 3284.37 | T35: =ROUND(CU35*I35,2) -> 0 | U35: =SUMIF(SmtRes!AQ6:'SmtRes'!AQ6,"=1",SmtRes!CV6:'SmtRes'!CV6) -> 10.692 | V35: =SUMIF(SmtRes!AQ6:'SmtRes'!AQ6,"=1",SmtRes!CW6:'SmtRes'!CW6) -> 0 | W35: =ROUND(CX35*I35,2) -> 0 | X35: =ROUND(CY35,2) -> 2923.09 | Y35: =ROUND(CZ35,2) -> 1313.75 | AA35: 72309884 | AB35: =ROUND((AC35+AD35+AF35),6) -> 29857.896 | AC35: =ROUND((0),6) -> 0 | AD35: =ROUND((((0)-(0))+AE35),6) -> 0 | AE35: =ROUND((0),6) -> 0 | AF35: =ROUND((SUM(SmtRes!BT6:'SmtRes'!BT6)),6) -> 29857.896 | AG35: =ROUND((AP35),6) -> 0 | AH35: =(SUM(SmtRes!BU6:'SmtRes'!BU6)) -> 97.2 | AI35: =(0) -> 0 | AJ35: =(AS35) -> 0 | AK35: 29857.896 | AL35: 0 | AM35: 0 | AN35: 0 | AO35: 29857.896 | AP35: 0 | AQ35: 97.2 | AR35: 0 | AS35: 0 | AT35: 89 | AU35: 40 | AV35: 1 | AW35: 1 | AZ35: 1 | BA35: 1 | BB35: 1 | BC35: 1 | BH35: 0 | BI35: 1 | BJ35: ГЭСН-2022, 01-02-061-02, приказ Минстроя России от 18.05.2022 г. № 378/пр | BM35: 1003 | BN35: 0 | BP35: 0 | BQ35: 2 | BR35: 0 | BS35: 1 | BT35: 1 | BU35: 1 | BV35: 1 | BW35: 1 | BX35: 1 | BZ35: 89 | CA35: 40 | CE35: 0 | CF35: 0 | CG35: 0 | CM35: 0 | CO35: 0 | CP35: =(P35+Q35+S35+R35) -> 3284.37 | CQ35: =SUMIF(SmtRes!AQ6:'SmtRes'!AQ6,"=1",SmtRes!AA6:'SmtRes'!AA6) -> 0 | CR35: =SUMIF(SmtRes!AQ6:'SmtRes'!AQ6,"=1",SmtRes!AB6:'SmtRes'!AB6) -> 0 | CS35: =SUMIF(SmtRes!AQ6:'SmtRes'!AQ6,"=1",SmtRes!AC6:'SmtRes'!AC6) -> 0 | CT35: =SUMIF(SmtRes!AQ6:'SmtRes'!AQ6,"=1",SmtRes!AD6:'SmtRes'!AD6) -> 307.18 | CU35: =AG35 -> 0 | CV35: =SUMIF(SmtRes!AQ6:'SmtRes'!AQ6,"=1",SmtRes!BU6:'SmtRes'!BU6) -> 97.2 | CW35: =SUMIF(SmtRes!AQ6:'SmtRes'!AQ6,"=1",SmtRes!BV6:'SmtRes'!BV6) -> 0 | CX35: =AJ35 -> 0 | CY35: =(((S35+R35)*AT35)/100) -> 2923.0893 | CZ35: =(((S35+R35)*AU35)/100) -> 1313.748 | DN35: 0 | DO35: 0 | DP35: 1 | DQ35: 1 | DU35: 1007 | DV35: 100 м3 | DW35: 100 м3 | DX35: 100 | EE35: 70312910 | EF35: 2 | EG35: Общестроительные работы | EH35: 1 | EI35: Земляные работы | EJ35: 1 | EK35: 1003 | EL35: Земляные работы, выполняемые: ручным способом | EM35: ФЕР-01 | EQ35: 0 | ER35: 0 | ES35: 0 | ET35: 0 | EU35: 0 | EV35: 0 | EW35: 97.2 | EX35: 0 | EY35: 0 | FQ35: 0 | FR35: 0 | FS35: 0 | FX35: 89 | FY35: 40 | GD35: 1 | GF35: -1673785635 | GG35: 2 | GH35: 1 | GI35: -2 | GJ35: 0 | GK35: 0 | GL35: =ROUND(IF(AND(BH35=3,BI35=3,FS35<>0),P35,0),2) -> 0 | GM35: =ROUND(O35+X35+Y35,2)+GX35 -> 7521.21 | GN35: =IF(OR(BI35=0,BI35=1),GM35-GX35,0) -> 7521.21 | GO35: =IF(BI35=2,GM35-GX35,0) -> 0 | GP35: =IF(BI35=4,GM35-GX35,0) -> 0 | GR35: 0 | GS35: 0 | GT35: 0 | GV35: =ROUND((GT35),6) -> 0 | GW35: 1 | GX35: =ROUND(HC35*I35,2) -> 0 | HA35: 0 | HB35: 0 | HC35: =GV35*GW35 -> 0 | HN35: Пр/812-001.2-1 | HO35: Пр/774-001.2 | HP35: Земляные работы, выполняемые: ручным способом | HQ35: Земляные работы, выполняемые: ручным способом | HS35: 0 | IK35: 0
A37: 51 | B37: =B28 -> 1 | C37: =A28 -> 5 | D37: =ROW(A28) -> 28 | F37: =IF(F28<>"",F28,"") -> Новый подраздел | G37: =IF(G28<>"",G28,"") -> Земляные работы | H37: 0 | O37: =ROUND(AB37,2) -> 41217.99 | P37: =ROUND(AC37,2) -> 0 | Q37: =ROUND(AD37,2) -> 16786.34 | R37: =ROUND(AE37,2) -> 6344.34 | S37: =ROUND(AF37,2) -> 18087.31 | T37: =ROUND(AG37,2) -> 0 | U37: =AH37 -> 56.892 | V37: =AI37 -> 12.43068 | W37: =ROUND(AJ37,2) -> 0 | X37: =ROUND(AK37,2) -> 21934.51 | Y37: =ROUND(AL37,2) -> 10153.33 | AB37: =ROUND(SUMIF(AA32:AA35,"=72309884",O32:O35),2) -> 41217.99 | AC37: =ROUND(SUMIF(AA32:AA35,"=72309884",P32:P35),2) -> 0 | AD37: =ROUND(SUMIF(AA32:AA35,"=72309884",Q32:Q35),2) -> 16786.34 | AE37: =ROUND(SUMIF(AA32:AA35,"=72309884",R32:R35),2) -> 6344.34 | AF37: =ROUND(SUMIF(AA32:AA35,"=72309884",S32:S35),2) -> 18087.31 | AG37: =ROUND(SUMIF(AA32:AA35,"=72309884",T32:T35),2) -> 0 | AH37: =SUMIF(AA32:AA35,"=72309884",U32:U35) -> 56.892 | AI37: =SUMIF(AA32:AA35,"=72309884",V32:V35) -> 12.43068 | AJ37: =ROUND(SUMIF(AA32:AA35,"=72309884",W32:W35),2) -> 0 | AK37: =ROUND(SUMIF(AA32:AA35,"=72309884",X32:X35),2) -> 21934.51 | AL37: =ROUND(SUMIF(AA32:AA35,"=72309884",Y32:Y35),2) -> 10153.33 | AO37: =ROUND(BX37,2) -> 0 | AP37: =ROUND(BY37,2) -> 0 | AQ37: =ROUND(BZ37,2) -> 0 | AR37: =ROUND(CA37,2) -> 73305.83 | AS37: =ROUND(CB37,2) -> 73305.83 | AT37: =ROUND(CC37,2) -> 0 | AU37: =ROUND(CD37,2) -> 0 | AV37: =ROUND(CE37,2) -> 0 | ... BD37: =ROUND(CM37,2) -> 0 | BX37: =ROUND(SUMIF(AA32:AA35,"=72309884",FQ32:FQ35),2) -> 0 | BY37: =ROUND(SUMIF(AA32:AA35,"=72309884",FR32:FR35),2) -> 0 | BZ37: =ROUND(SUMIF(AA32:AA35,"=72309884",GL32:GL35),2) -> 0 | CA37: =ROUND(SUMIF(AA32:AA35,"=72309884",GM32:GM35),2) -> 73305.83 | CB37: =ROUND(SUMIF(AA32:AA35,"=72309884",GN32:GN35),2) -> 73305.83 | CC37: =ROUND(SUMIF(AA32:AA35,"=72309884",GO32:GO35),2) -> 0 | CD37: =ROUND(SUMIF(AA32:AA35,"=72309884",GP32:GP35),2) -> 0 | CE37: =AC37-BX37 -> 0 | CF37: =AC37-BY37 -> 0 | CG37: =BX37-BZ37 -> 0 | CH37: =AC37-BX37-BY37+BZ37 -> 0 | CI37: =BY37-BZ37 -> 0 | CJ37: =ROUND(SUMIF(AA32:AA35,"=72309884",GX32:GX35),2) -> 0 | CK37: =ROUND(SUMIF(AA32:AA35,"=72309884",GY32:GY35),2) -> 0 | CL37: =ROUND(SUMIF(AA32:AA35,"=72309884",GZ32:GZ35),2) -> 0 | CM37: =ROUND(SUMIF(AA32:AA35,"=72309884",HD32:HD35),2) -> 0 | GX37: 0
A39: 50 | B39: 0 | C39: 0 | D39: 1 | E39: 201 | F39: =ROUND(Source!O37,O39) -> 41217.99 | G39: ПЗ | H39: Прямые затраты | K39: 201 | L39: 1 | M39: 3 | O39: 2 | W39: 41217.99 | X39: 1 | Y39: 41217.99
A40: 50 | B40: 0 | C40: 0 | D40: 1 | E40: 202 | F40: =ROUND(Source!P37,O40) -> 0 | G40: СтМатОб | H40: Стоимость материальных ресурсов (всего) | K40: 202 | L40: 2 | M40: 3 | O40: 2 | W40: 0 | X40: 1 | Y40: 0
A41: 50 | B41: 0 | C41: 0 | D41: 1 | E41: 222 | F41: =ROUND(Source!AO37,O41) -> 0 | G41: СтМатОбЗак | H41: Стоимость материалов и оборудования заказчика | K41: 222 | L41: 3 | M41: 3 | O41: 2 | W41: 0 | X41: 1 | Y41: 0
A42: 50 | B42: 0 | C42: 0 | D42: 1 | E42: 225 | F42: =ROUND(Source!AV37,O42) -> 0 | G42: СтМатОбПод | H42: Стоимость материалов и оборудования подрядчика | K42: 225 | L42: 4 | M42: 3 | O42: 2 | W42: 0 | X42: 1 | Y42: 0
A43: 50 | B43: 0 | C43: 0 | D43: 1 | E43: 226 | F43: =ROUND(Source!AW37,O43) -> 0 | G43: СтМат | H43: Стоимость материалов (всего) | K43: 226 | L43: 5 | M43: 3 | O43: 2 | W43: 0 | X43: 1 | Y43: 0
A44: 50 | B44: 0 | C44: 0 | D44: 1 | E44: 227 | F44: =ROUND(Source!AX37,O44) -> 0 | G44: СтМатЗак | H44: Стоимость материалов заказчика | K44: 227 | L44: 6 | M44: 3 | O44: 2 | W44: 0 | X44: 1 | Y44: 0
A45: 50 | B45: 0 | C45: 0 | D45: 1 | E45: 228 | F45: =ROUND(Source!AY37,O45) -> 0 | G45: СтМатПод | H45: Стоимость материалов подрядчика | K45: 228 | L45: 7 | M45: 3 | O45: 2 | W45: 0 | X45: 1 | Y45: 0
A46: 50 | B46: 0 | C46: 0 | D46: 1 | E46: 216 | F46: =ROUND(Source!AP37,O46) -> 0 | G46: Оборуд | H46: Стоимость оборудования (всего) | K46: 216 | L46: 8 | M46: 3 | O46: 2 | W46: 0 | X46: 1 | Y46: 0
A47: 50 | B47: 0 | C47: 0 | D47: 1 | E47: 223 | F47: =ROUND(Source!AQ37,O47) -> 0 | G47: ОборудЗак | H47: Стоимость оборудования заказчика | K47: 223 | L47: 9 | M47: 3 | O47: 2 | W47: 0 | X47: 1 | Y47: 0
A48: 50 | B48: 0 | C48: 0 | D48: 1 | E48: 229 | F48: =ROUND(Source!AZ37,O48) -> 0 | G48: ОборудПод | H48: Стоимость оборудования подрядчика | K48: 229 | L48: 10 | M48: 3 | O48: 2 | W48: 0 | X48: 1 | Y48: 0
A49: 50 | B49: 0 | C49: 0 | D49: 1 | E49: 203 | F49: =ROUND(Source!Q37,O49) -> 16786.34 | G49: ЭММ | H49: Эксплуатация машин | K49: 203 | L49: 11 | M49: 3 | O49: 2 | W49: 16786.34 | X49: 1 | Y49: 16786.34
A50: 50 | B50: 0 | C50: 0 | D50: 1 | E50: 231 | F50: =ROUND(Source!BB37,O50) -> 0 | G50: ЭММсНРиСП | H50: Эксплуатация машин по ТСН-2001.16 | K50: 231 | L50: 12 | M50: 3 | O50: 2 | W50: 0 | X50: 1 | Y50: 0
A51: 50 | B51: 0 | C51: 0 | D51: 1 | E51: 204 | F51: =ROUND(Source!R37,O51) -> 6344.34 | G51: ЗПМ | H51: ЗП машинистов | K51: 204 | L51: 13 | M51: 3 | O51: 2 | W51: 6344.34 | X51: 1 | Y51: 6344.34
A52: 50 | B52: 0 | C52: 0 | D52: 1 | E52: 205 | F52: =ROUND(Source!S37,O52) -> 18087.31 | G52: ОЗП | H52: Основная ЗП рабочих | K52: 205 | L52: 14 | M52: 3 | O52: 2 | W52: 18087.31 | X52: 1 | Y52: 18087.31
A53: 50 | B53: 0 | C53: 0 | D53: 1 | E53: 232 | F53: =ROUND(Source!BC37,O53) -> 0 | G53: ОЗПсНРиСП | H53: Основная ЗП рабочих по ТСН-2001.16 | K53: 232 | L53: 15 | M53: 3 | O53: 2 | W53: 0 | X53: 1 | Y53: 0
A54: 50 | B54: 0 | C54: 0 | D54: 1 | E54: 214 | F54: =ROUND(Source!AS37,O54) -> 73305.83 | G54: Строит | H54: Строительные работы с НР и СП | K54: 214 | L54: 16 | M54: 3 | O54: 2 | W54: 73305.83 | X54: 1 | Y54: 73305.83
A55: 50 | B55: 0 | C55: 0 | D55: 1 | E55: 215 | F55: =ROUND(Source!AT37,O55) -> 0 | G55: Монтаж | H55: Монтажные работы с НР и СП | K55: 215 | L55: 17 | M55: 3 | O55: 2 | W55: 0 | X55: 1 | Y55: 0
A56: 50 | B56: 0 | C56: 0 | D56: 1 | E56: 217 | F56: =ROUND(Source!AU37,O56) -> 0 | G56: Прочие | H56: Прочие работы с НР и СП | K56: 217 | L56: 18 | M56: 3 | O56: 2 | W56: 0 | X56: 1 | Y56: 0
A57: 50 | B57: 0 | C57: 0 | D57: 1 | E57: 230 | F57: =ROUND(Source!BA37,O57) -> 0 | G57: ПрочиеЗатр | H57: Прочие затраты по ТСН-2001.16 | K57: 230 | L57: 19 | M57: 3 | O57: 2 | W57: 0 | X57: 1 | Y57: 0
A58: 50 | B58: 0 | C58: 0 | D58: 1 | E58: 206 | F58: =ROUND(Source!T37,O58) -> 0 | G58: ВозврМат | H58: Возврат материалов | K58: 206 | L58: 20 | M58: 3 | O58: 2 | W58: 0 | X58: 1 | Y58: 0
A59: 50 | B59: 0 | C59: 0 | D59: 1 | E59: 207 | F59: =ROUND(Source!U37,O59) -> 56.892 | G59: ТрудСтр | H59: Трудозатраты строителей | K59: 207 | L59: 21 | M59: 3 | O59: 7 | W59: 56.892 | X59: 1 | Y59: 56.892
A60: 50 | B60: 0 | C60: 0 | D60: 1 | E60: 208 | F60: =ROUND(Source!V37,O60) -> 12.43068 | G60: ТрудМаш | H60: Трудозатраты машинистов | K60: 208 | L60: 22 | M60: 3 | O60: 7 | W60: 12.43068 | X60: 1 | Y60: 12.43068
A61: 50 | B61: 0 | C61: 0 | D61: 1 | E61: 209 | F61: =ROUND(Source!W37,O61) -> 0 | G61: ТранспМат | H61: Транспорт материалов | K61: 209 | L61: 23 | M61: 3 | O61: 2 | W61: 0 | X61: 1 | Y61: 0
A62: 50 | B62: 0 | C62: 0 | D62: 1 | E62: 233 | F62: =ROUND(Source!BD37,O62) -> 0 | G62: Перевозка | H62: Перевозка грузов | K62: 233 | L62: 24 | M62: 3 | O62: 2 | W62: 0 | X62: 1 | Y62: 0
A63: 50 | B63: 0 | C63: 0 | D63: 1 | E63: 210 | F63: =ROUND(Source!X37,O63) -> 21934.51 | G63: НР | H63: Накладные расходы | K63: 210 | L63: 25 | M63: 3 | O63: 2 | W63: 21934.51 | X63: 1 | Y63: 21934.51
A64: 50 | B64: 0 | C64: 0 | D64: 1 | E64: 211 | F64: =ROUND(Source!Y37,O64) -> 10153.33 | G64: СмПриб | H64: Сметная прибыль | K64: 211 | L64: 26 | M64: 3 | O64: 2 | W64: 10153.33 | X64: 1 | Y64: 10153.33
A65: 50 | B65: 0 | C65: 0 | D65: 1 | E65: 224 | F65: =ROUND(Source!AR37,O65) -> 73305.83 | G65: Всего | H65: Всего с НР и СП | K65: 224 | L65: 27 | M65: 3 | O65: 2 | W65: 73305.83 | X65: 1 | Y65: 73305.83
A67: 5 | B67: 1 | D67: =ROW(A104) -> 104 | F67: Новый подраздел | G67: Укладка трубы | I67: 0 | K67: 0 | S67: 0 | V67: 0 | BX67: 0 | CJ67: 0
A69: 52 | B69: =B104 -> 1 | C69: =C104 -> 5 | D69: =D104 -> 67 | E69: =E104 -> 0 | F69: =F104 -> Новый подраздел | G69: =G104 -> Укладка трубы | O69: =O104 -> 192356.16 | P69: =P104 -> 141660.5 | Q69: =Q104 -> 11056 | R69: =R104 -> 3305.46 | S69: =S104 -> 36334.2 | T69: =T104 -> 0 | U69: =U104 -> 89.2965 | V69: =V104 -> 7.4437848 | ... GX69: =GX104 -> 0
A71: 17 | B71: 1 | C71: =ROW(SmtRes!A21) -> 21 | D71: =ROW(EtalonRes!A21) -> 21 | E71: 5 | F71: 24-02-041-01 | G71: Надземная прокладка стальных газопроводов, диаметр газопровода: 50 мм | H71: 100 м | I71: =ROUND(2.5/100,7) -> 0.025 | J71: 0 | K71: =ROUND(2.5/100,7) -> 0.025 | O71: =ROUND(CP71,2) -> 711.28 | P71: =SUMIF(SmtRes!AQ7:'SmtRes'!AQ21,"=1",SmtRes!DF7:'SmtRes'!DF21) -> 48.1 | Q71: =SUMIF(SmtRes!AQ7:'SmtRes'!AQ21,"=1",SmtRes!DG7:'SmtRes'!DG21) -> 340.19 | R71: =SUMIF(SmtRes!AQ7:'SmtRes'!AQ21,"=1",SmtRes!DH7:'SmtRes'!DH21) -> 134.59 | S71: =SUMIF(SmtRes!AQ7:'SmtRes'!AQ21,"=1",SmtRes!DI7:'SmtRes'!DI21) -> 188.4 | T71: =ROUND(CU71*I71,2) -> 0 | U71: =SUMIF(SmtRes!AQ7:'SmtRes'!AQ21,"=1",SmtRes!CV7:'SmtRes'!CV21) -> 0.51275 | V71: =SUMIF(SmtRes!AQ7:'SmtRes'!AQ21,"=1",SmtRes!CW7:'SmtRes'!CW21) -> 0.299 | W71: =ROUND(CX71*I71,2) -> 0 | X71: =ROUND(CY71,2) -> 377.9 | Y71: =ROUND(CZ71,2) -> 239.01 | AA71: 72309884 | AB71: =ROUND((AC71+AD71+AF71),6) -> 20646.239 | AC71: =ROUND((SUM(SmtRes!BQ7:'SmtRes'!BQ21)),6) -> 1436.9998 | AD71: =ROUND((((SUM(SmtRes!BR7:'SmtRes'!BR21))-(SUM(SmtRes!BS7:'SmtRes'!BS21)))+AE71),6) -> 11673.045 | AE71: =ROUND((SUM(SmtRes!BS7:'SmtRes'!BS21)),6) -> 5383.482 | AF71: =ROUND((SUM(SmtRes!BT7:'SmtRes'!BT21)),6) -> 7536.1944 | AG71: =ROUND((AP71),6) -> 0 | AH71: =(SUM(SmtRes!BU7:'SmtRes'!BU21)) -> 20.51 | AI71: =(SUM(SmtRes!BV7:'SmtRes'!BV21)) -> 11.96 | AJ71: =(AS71) -> 0 | AK71: 26029.721 | AL71: 1436.9998 | AM71: 11673.045 | AN71: 5383.482 | AO71: 7536.1944 | AP71: 0 | AQ71: 20.51 | AR71: 11.96 | AS71: 0 | AT71: 117 | AU71: 74 | AV71: 1 | AW71: 1 | AZ71: 1 | BA71: 1 | BB71: 1 | BC71: 1 | BH71: 0 | BI71: 1 | BJ71: ГЭСН-2022 доп.4, 24-02-041-01, приказ Минстроя России от 27.12.2022 г. № 1133/пр | BM71: 24001 | BN71: 0 | BP71: 0 | BQ71: 2 | BR71: 0 | BS71: 1 | BT71: 1 | BU71: 1 | BV71: 1 | BW71: 1 | BX71: 1 | BZ71: 117 | CA71: 74 | CE71: 0 | CF71: 0 | CG71: 0 | CM71: 0 | CO71: 0 | CP71: =(P71+Q71+S71+R71) -> 711.28 | CQ71: =SUMIF(SmtRes!AQ7:'SmtRes'!AQ21,"=1",SmtRes!AA7:'SmtRes'!AA21) -> 866901.96 | CR71: =SUMIF(SmtRes!AQ7:'SmtRes'!AQ21,"=1",SmtRes!AB7:'SmtRes'!AB21) -> 1617 | CS71: =SUMIF(SmtRes!AQ7:'SmtRes'!AQ21,"=1",SmtRes!AC7:'SmtRes'!AC21) -> 846.57 | CT71: =SUMIF(SmtRes!AQ7:'SmtRes'!AQ21,"=1",SmtRes!AD7:'SmtRes'!AD21) -> 367.44 | CU71: =AG71 -> 0 | CV71: =SUMIF(SmtRes!AQ7:'SmtRes'!AQ21,"=1",SmtRes!BU7:'SmtRes'!BU21) -> 20.51 | CW71: =SUMIF(SmtRes!AQ7:'SmtRes'!AQ21,"=1",SmtRes!BV7:'SmtRes'!BV21) -> 11.96 | CX71: =AJ71 -> 0 | CY71: =(((S71+R71)*AT71)/100) -> 377.8983 | CZ71: =(((S71+R71)*AU71)/100) -> 239.0126 | DN71: 0 | DO71: 0 | DP71: 1 | DQ71: 1 | DU71: 1003 | DV71: 100 м | DW71: 100 м | DX71: 100 | EE71: 70312969 | EF71: 2 | EG71: Общестроительные работы | EH71: 18 | EI71: Наружные сети водопровода, канализации, теплоснабжения, газопроводы | EJ71: 1 | EK71: 24001 | EL71: Наружные сети водопровода, канализации, теплоснабжения, газопроводы | EM71: ФЕР-24 | EQ71: 0 | ER71: 0 | ES71: 0 | ET71: 0 | EU71: 0 | EV71: 0 | EW71: 20.51 | EX71: 11.96 | EY71: 0 | FQ71: 0 | FR71: 0 | FS71: 0 | FX71: 117 | FY71: 74 | GD71: 1 | GF71: -1769625063 | GG71: 2 | GH71: 1 | GI71: -2 | GJ71: 0 | GK71: 0 | GL71: =ROUND(IF(AND(BH71=3,BI71=3,FS71<>0),P71,0),2) -> 0 | GM71: =ROUND(O71+X71+Y71,2)+GX71 -> 1328.19 | GN71: =IF(OR(BI71=0,BI71=1),GM71-GX71,0) -> 1328.19 | GO71: =IF(BI71=2,GM71-GX71,0) -> 0 | GP71: =IF(BI71=4,GM71-GX71,0) -> 0 | GR71: 0 | GS71: 3 | GT71: 0 | GV71: =ROUND((GT71),6) -> 0 | GW71: 1 | GX71: =ROUND(HC71*I71,2) -> 0 | HA71: 0 | HB71: 0 | HC71: =GV71*GW71 -> 0 | HN71: Пр/812-018.0-1 | HO71: Пр/774-018.0 | HP71: Наружные сети водопровода, канализации, теплоснабжения, газопроводы | HQ71: Наружные сети водопровода, канализации, теплоснабжения, газопроводы | HS71: 0 | IK71: 0
A72: 18 | B72: 1 | C72: 21 | E72: 5,1 | F72: 23.5.02.02-0033 | G72: Трубы стальные электросварные прямошовные из стали марок Ст2, 10, наружный диаметр 57 мм, толщина стенки 3 мм | H72: м | I72: =I71*J72 -> 2.5 | J72: 100 | K72: 100 | O72: =ROUND(CP72,2) -> 497.83 | P72: =ROUND(CQ72*I72,2) -> 497.83 | Q72: =ROUND(CR72*I72,2) -> 0 | R72: =ROUND(CS72*I72,2) -> 0 | S72: =ROUND(CT72*I72,2) -> 0 | T72: =ROUND(CU72*I72,2) -> 0 | U72: =ROUND(CV72*I72,7) -> 0 | V72: =ROUND(CW72*I72,7) -> 0 | W72: =ROUND(CX72*I72,2) -> 0 | X72: =ROUND(CY72,2) -> 0 | Y72: =ROUND(CZ72,2) -> 0 | AA72: 72309884 | AB72: =ROUND((AC72+AD72+AF72),6) -> 199.13 | AC72: =ROUND((ES72),6) -> 199.13 | AD72: =ROUND((((ET72)-(EU72))+AE72),6) -> 0 | AE72: =ROUND((EU72),6) -> 0 | AF72: =ROUND((EV72),6) -> 0 | AG72: =ROUND((AP72),6) -> 0 | AH72: =(EW72) -> 0 | AI72: =(EX72) -> 0 | AJ72: =(AS72) -> 0 | AK72: 199.13 | AL72: 199.13 | AM72: 0 | AN72: 0 | AO72: 0 | AP72: 0 | AQ72: 0 | AR72: 0 | AS72: 0 | AT72: 117 | AU72: 74 | AV72: 1 | AW72: 1 | AZ72: 1 | BA72: 1 | BB72: 1 | BC72: 1 | BH72: 3 | BI72: 1 | BJ72: ФСБЦ-2022, 23.5.02.02-0033, приказ Минстроя России от 18.05.2022 г. № 378/пр | BM72: 24001 | BN72: 0 | BP72: 0 | BQ72: 2 | BR72: 0 | BS72: 1 | BT72: 1 | BU72: 1 | BV72: 1 | BW72: 1 | BX72: 1 | BZ72: 117 | CA72: 74 | CE72: 0 | CF72: 0 | CG72: 0 | CM72: 0 | CO72: 0 | CP72: =(P72+Q72+S72+R72) -> 497.83 | CQ72: =ROUND(AL72*BC72,2) -> 199.13 | CR72: =ROUND(AM72*BB72,2) -> 0 | CS72: =ROUND(AN72*BS72,2) -> 0 | CT72: =ROUND(AO72*BA72,2) -> 0 | CU72: =AG72 -> 0 | CV72: =AH72 -> 0 | CW72: =AI72 -> 0 | CX72: =AJ72 -> 0 | CY72: =(((S72+R72)*AT72)/100) -> 0 | CZ72: =(((S72+R72)*AU72)/100) -> 0 | DN72: 0 | DO72: 0 | DP72: 1 | DQ72: 1 | DU72: 1003 | DV72: м | DW72: м | DX72: 1 | EE72: 70312969 | EF72: 2 | EG72: Общестроительные работы | EH72: 18 | EI72: Наружные сети водопровода, канализации, теплоснабжения, газопроводы | EJ72: 1 | EK72: 24001 | EL72: Наружные сети водопровода, канализации, теплоснабжения, газопроводы | EM72: ФЕР-24 | EQ72: 0 | ER72: 199.13 | ES72: 199.13 | ET72: 0 | EU72: 0 | EV72: 0 | EW72: 0 | EX72: 0 | FQ72: 0 | FR72: 0 | FS72: 0 | FX72: 117 | FY72: 74 | GD72: 1 | GE72: 225.92 | GF72: -1508418312 | GG72: 2 | GH72: 1 | GI72: -2 | GJ72: 0 | GK72: 0 | GL72: =ROUND(IF(AND(BH72=3,BI72=3,FS72<>0),P72,0),2) -> 0 | GM72: =ROUND(O72+X72+Y72,2)+GX72 -> 497.83 | GN72: =IF(OR(BI72=0,BI72=1),GM72-GX72,0) -> 497.83 | GO72: =IF(BI72=2,GM72-GX72,0) -> 0 | GP72: =IF(BI72=4,GM72-GX72,0) -> 0 | GR72: 3 | GS72: 3 | GT72: 0 | GV72: =ROUND((GT72),6) -> 0 | GW72: 1 | GX72: =ROUND(HC72*I72,2) -> 0 | HA72: 0 | HB72: 0 | HC72: =GV72*GW72 -> 0 | HN72: Пр/812-018.0-1 | HO72: Пр/774-018.0 | HP72: Наружные сети водопровода, канализации, теплоснабжения, газопроводы | HQ72: Наружные сети водопровода, канализации, теплоснабжения, газопроводы | HS72: 0 | IK72: 0
A73: 17 | B73: 1 | C73: =ROW(SmtRes!A37) -> 37 | D73: =ROW(EtalonRes!A38) -> 38 | E73: 6 | F73: 24-02-051-01 | G73: Монтаж крана стального фланцевого для надземной установки на стальных газопроводах диаметром: 50 мм | H73: ШТ | I73: 2 | J73: 0 | K73: 2 | O73: =ROUND(CP73,2) -> 6456.4 | P73: =SUMIF(SmtRes!AQ22:'SmtRes'!AQ37,"=1",SmtRes!DF22:'SmtRes'!DF37) -> 961.11 | Q73: =SUMIF(SmtRes!AQ22:'SmtRes'!AQ37,"=1",SmtRes!DG22:'SmtRes'!DG37) -> 381.71 | R73: =SUMIF(SmtRes!AQ22:'SmtRes'!AQ37,"=1",SmtRes!DH22:'SmtRes'!DH37) -> 110.29 | S73: =SUMIF(SmtRes!AQ22:'SmtRes'!AQ37,"=1",SmtRes!DI22:'SmtRes'!DI37) -> 5003.29 | T73: =ROUND(CU73*I73,2) -> 0 | U73: =SUMIF(SmtRes!AQ22:'SmtRes'!AQ37,"=1",SmtRes!CV22:'SmtRes'!CV37) -> 11.82 | V73: =SUMIF(SmtRes!AQ22:'SmtRes'!AQ37,"=1",SmtRes!CW22:'SmtRes'!CW37) -> 0.28 | W73: =ROUND(CX73*I73,2) -> 0 | X73: =ROUND(CY73,2) -> 5982.89 | Y73: =ROUND(CZ73,2) -> 3784.05 | AA73: 72309884 | AB73: =ROUND((AC73+AD73+AF73),6) -> 3130.3231 | AC73: =ROUND((SUM(SmtRes!BQ22:'SmtRes'!BQ37)),6) -> 438.87464 | AD73: =ROUND((((SUM(SmtRes!BR22:'SmtRes'!BR37))-(SUM(SmtRes!BS22:'SmtRes'!BS37)))+AE73),6) -> 189.8046 | AE73: =ROUND((SUM(SmtRes!BS22:'SmtRes'!BS37)),6) -> 55.1446 | AF73: =ROUND((SUM(SmtRes!BT22:'SmtRes'!BT37)),6) -> 2501.6439 | AG73: =ROUND((AP73),6) -> 0 | AH73: =(SUM(SmtRes!BU22:'SmtRes'!BU37)) -> 5.91 | AI73: =(SUM(SmtRes!BV22:'SmtRes'!BV37)) -> 0.14 | AJ73: =(AS73) -> 0 | AK73: 3185.4677 | AL73: 438.87464 | AM73: 189.8046 | AN73: 55.1446 | AO73: 2501.6439 | AP73: 0 | AQ73: 5.91 | AR73: 0.14 | AS73: 0 | AT73: 117 | AU73: 74 | AV73: 1 | AW73: 1 | AZ73: 1 | BA73: 1 | BB73: 1 | BC73: 1 | BH73: 0 | BI73: 1 | BJ73: ГЭСН-2022 доп.12, 24-02-051-01, приказ Минстроя России от 07.11.2024 г. № 747/пр | BM73: 24001 | BN73: 0 | BP73: 0 | BQ73: 2 | BR73: 0 | BS73: 1 | BT73: 1 | BU73: 1 | BV73: 1 | BW73: 1 | BX73: 1 | BZ73: 117 | CA73: 74 | CE73: 0 | CF73: 0 | CG73: 0 | CM73: 0 | CO73: 0 | CP73: =(P73+Q73+S73+R73) -> 6456.4 | CQ73: =SUMIF(SmtRes!AQ22:'SmtRes'!AQ37,"=1",SmtRes!AA22:'SmtRes'!AA37) -> 745912.01 | CR73: =SUMIF(SmtRes!AQ22:'SmtRes'!AQ37,"=1",SmtRes!AB22:'SmtRes'!AB37) -> 627.71 | CS73: =SUMIF(SmtRes!AQ22:'SmtRes'!AQ37,"=1",SmtRes!AC22:'SmtRes'!AC37) -> 393.89 | CT73: =SUMIF(SmtRes!AQ22:'SmtRes'!AQ37,"=1",SmtRes!AD22:'SmtRes'!AD37) -> 423.29 | CU73: =AG73 -> 0 | CV73: =SUMIF(SmtRes!AQ22:'SmtRes'!AQ37,"=1",SmtRes!BU22:'SmtRes'!BU37) -> 5.91 | CW73: =SUMIF(SmtRes!AQ22:'SmtRes'!AQ37,"=1",SmtRes!BV22:'SmtRes'!BV37) -> 0.14 | CX73: =AJ73 -> 0 | CY73: =(((S73+R73)*AT73)/100) -> 5982.8886 | CZ73: =(((S73+R73)*AU73)/100) -> 3784.0492 | DN73: 0 | DO73: 0 | DP73: 1 | DQ73: 1 | DU73: 1013 | DV73: ШТ | DW73: ШТ | DX73: 1 | EE73: 70312969 | EF73: 2 | EG73: Общестроительные работы | EH73: 18 | EI73: Наружные сети водопровода, канализации, теплоснабжения, газопроводы | EJ73: 1 | EK73: 24001 | EL73: Наружные сети водопровода, канализации, теплоснабжения, газопроводы | EM73: ФЕР-24 | EQ73: 0 | ER73: 0 | ES73: 0 | ET73: 0 | EU73: 0 | EV73: 0 | EW73: 5.91 | EX73: 0.14 | EY73: 0 | FQ73: 0 | FR73: 0 | FS73: 0 | FX73: 117 | FY73: 74 | GD73: 1 | GF73: 207128026 | GG73: 2 | GH73: 1 | GI73: -2 | GJ73: 0 | GK73: 0 | GL73: =ROUND(IF(AND(BH73=3,BI73=3,FS73<>0),P73,0),2) -> 0 | GM73: =ROUND(O73+X73+Y73,2)+GX73 -> 16223.34 | GN73: =IF(OR(BI73=0,BI73=1),GM73-GX73,0) -> 16223.34 | GO73: =IF(BI73=2,GM73-GX73,0) -> 0 | GP73: =IF(BI73=4,GM73-GX73,0) -> 0 | GR73: 0 | GS73: 3 | GT73: 0 | GV73: =ROUND((GT73),6) -> 0 | GW73: 1 | GX73: =ROUND(HC73*I73,2) -> 0 | HA73: 0 | HB73: 0 | HC73: =GV73*GW73 -> 0 | HN73: Пр/812-018.0-1 | HO73: Пр/774-018.0 | HP73: Наружные сети водопровода, канализации, теплоснабжения, газопроводы | HQ73: Наружные сети водопровода, канализации, теплоснабжения, газопроводы | HS73: 0 | IK73: 0
A74: 17 | B74: 1 | E74: 7 | F74: 18.1.09.04-0001 | G74: Кран шаровой газовый стальной, присоединение к трубопроводу фланцевое, с комплектом ответных фланцев, прокладками и крепежом, номинальное давление 1,6 МПа, номинальный диаметр 50 мм | H74: ШТ | I74: 2 | J74: 0 | K74: 2 | O74: =ROUND(CP74,2) -> 20644.8 | P74: =ROUND(CQ74*I74,2) -> 20644.8 | Q74: =ROUND(CR74*I74,2) -> 0 | R74: =ROUND(CS74*I74,2) -> 0 | S74: =ROUND(CT74*I74,2) -> 0 | T74: =ROUND(CU74*I74,2) -> 0 | U74: =ROUND(CV74*I74,7) -> 0 | V74: =ROUND(CW74*I74,7) -> 0 | W74: =ROUND(CX74*I74,2) -> 0 | X74: =ROUND(CY74,2) -> 0 | Y74: =ROUND(CZ74,2) -> 0 | AA74: 72309884 | AB74: =ROUND((AC74+AD74+AF74),6) -> 8460.98 | AC74: =ROUND((ES74),6) -> 8460.98 | AD74: =ROUND((((ET74)-(EU74))+AE74),6) -> 0 | AE74: =ROUND((EU74),6) -> 0 | AF74: =ROUND((EV74),6) -> 0 | AG74: =ROUND((AP74),6) -> 0 | AH74: =(EW74) -> 0 | AI74: =(EX74) -> 0 | AJ74: =(AS74) -> 0 | AK74: 8460.98 | AL74: 8460.98 | AM74: 0 | AN74: 0 | AO74: 0 | AP74: 0 | AQ74: 0 | AR74: 0 | AS74: 0 | AT74: 0 | AU74: 0 | AV74: 1 | AW74: 1 | AZ74: 1 | BA74: 1 | BB74: 1 | BC74: 1.22 | BH74: 3 | BI74: 1 | BJ74: ФСБЦ-2022 доп.3, 18.1.09.04-0001, приказ Минстроя России от 26.10.2022 г. № 905/пр | BM74: 500001 | BN74: 0 | BO74: 18.1.09.04-0001 | BP74: 1 | BQ74: 8 | BR74: 0 | BS74: 1 | BT74: 1 | BU74: 1 | BV74: 1 | BW74: 1 | BX74: 1 | BZ74: 0 | CA74: 0 | CE74: 0 | CF74: 0 | CG74: 0 | CM74: 0 | CO74: 0 | CP74: =(P74+Q74+S74+R74) -> 20644.8 | CQ74: =ROUND(AL74*BC74,2) -> 10322.4 | CR74: =ROUND(AM74*BB74,2) -> 0 | CS74: =ROUND(AN74*BS74,2) -> 0 | CT74: =ROUND(AO74*BA74,2) -> 0 | CU74: =AG74 -> 0 | CV74: =AH74 -> 0 | CW74: =AI74 -> 0 | CX74: =AJ74 -> 0 | CY74: =0 -> 0 | CZ74: =0 -> 0 | DN74: 0 | DO74: 0 | DP74: 1 | DQ74: 1 | DU74: 1013 | DV74: ШТ | DW74: ШТ | DX74: 1 | EE74: 70312867 | EF74: 8 | EG74: Материалы строительные | EH74: 0 | EJ74: 1 | EK74: 500001 | EL74: Материалы и конструкции ( строительные ) по ценникам и каталогом | EM74: ФССЦст | EQ74: 0 | ER74: 8460.98 | ES74: 8460.98 | ET74: 0 | EU74: 0 | EV74: 0 | EW74: 0 | EX74: 0 | EY74: 0 | FQ74: 0 | FR74: 0 | FS74: 0 | FX74: 0 | FY74: 0 | GD74: 1 | GF74: 1636274512 | GG74: 2 | GH74: 1 | GI74: 2 | GJ74: 0 | GK74: 0 | GL74: =ROUND(IF(AND(BH74=3,BI74=3,FS74<>0),P74,0),2) -> 0 | GM74: =ROUND(O74+X74+Y74,2)+GX74 -> 20644.8 | GN74: =IF(OR(BI74=0,BI74=1),GM74-GX74,0) -> 20644.8 | GO74: =IF(BI74=2,GM74-GX74,0) -> 0 | GP74: =IF(BI74=4,GM74-GX74,0) -> 0 | GR74: 0 | GS74: 0 | GT74: 0 | GV74: =ROUND((GT74),6) -> 0 | GW74: 1 | GX74: =ROUND(HC74*I74,2) -> 0 | HA74: 0 | HB74: 0 | HC74: =GV74*GW74 -> 0 | HS74: 0 | IK74: 0
A75: 17 | B75: 1 | C75: =ROW(SmtRes!A41) -> 41 | D75: =ROW(EtalonRes!A43) -> 43 | E75: 8 | F75: 22-03-014-01 | G75: Соединение изолирующее стальное сварное диаметром: 50 мм | H75: ШТ | I75: 2 | J75: 0 | K75: 2 | O75: =ROUND(CP75,2) -> 1005.05 | P75: =SUMIF(SmtRes!AQ38:'SmtRes'!AQ41,"=1",SmtRes!DF38:'SmtRes'!DF41) -> 28.95 | Q75: =SUMIF(SmtRes!AQ38:'SmtRes'!AQ41,"=1",SmtRes!DG38:'SmtRes'!DG41) -> 523.42 | R75: =SUMIF(SmtRes!AQ38:'SmtRes'!AQ41,"=1",SmtRes!DH38:'SmtRes'!DH41) -> 162.96 | S75: =SUMIF(SmtRes!AQ38:'SmtRes'!AQ41,"=1",SmtRes!DI38:'SmtRes'!DI41) -> 289.72 | T75: =ROUND(CU75*I75,2) -> 0 | U75: =SUMIF(SmtRes!AQ38:'SmtRes'!AQ41,"=1",SmtRes!CV38:'SmtRes'!CV41) -> 0.64 | V75: =SUMIF(SmtRes!AQ38:'SmtRes'!AQ41,"=1",SmtRes!CW38:'SmtRes'!CW41) -> 0.36 | W75: =ROUND(CX75*I75,2) -> 0 | X75: =ROUND(CY75,2) -> 529.64 | Y75: =ROUND(CZ75,2) -> 334.98 | AA75: 72309884 | AB75: =ROUND((AC75+AD75+AF75),6) -> 352.855 | AC75: =ROUND((SUM(SmtRes!BQ38:'SmtRes'!BQ41)),6) -> 15.563 | AD75: =ROUND((((SUM(SmtRes!BR38:'SmtRes'!BR41))-(SUM(SmtRes!BS38:'SmtRes'!BS41)))+AE75),6) -> 192.4344 | AE75: =ROUND((SUM(SmtRes!BS38:'SmtRes'!BS41)),6) -> 81.4824 | AF75: =ROUND((SUM(SmtRes!BT38:'SmtRes'!BT41)),6) -> 144.8576 | AG75: =ROUND((AP75),6) -> 0 | AH75: =(SUM(SmtRes!BU38:'SmtRes'!BU41)) -> 0.32 | AI75: =(SUM(SmtRes!BV38:'SmtRes'!BV41)) -> 0.18 | AJ75: =(AS75) -> 0 | AK75: 434.3374 | AL75: 15.563 | AM75: 192.4344 | AN75: 81.4824 | AO75: 144.8576 | AP75: 0 | AQ75: 0.32 | AR75: 0.18 | AS75: 0 | AT75: 117 | AU75: 74 | AV75: 1 | AW75: 1 | AZ75: 1 | BA75: 1 | BB75: 1 | BC75: 1 | BH75: 0 | BI75: 1 | BJ75: ГЭСН-2022, 22-03-014-01, приказ Минстроя России от 18.05.2022 г. № 378/пр | BM75: 22001 | BN75: 0 | BP75: 0 | BQ75: 2 | BR75: 0 | BS75: 1 | BT75: 1 | BU75: 1 | BV75: 1 | BW75: 1 | BX75: 1 | BZ75: 117 | CA75: 74 | CE75: 0 | CF75: 0 | CG75: 0 | CM75: 0 | CO75: 0 | CP75: =(P75+Q75+S75+R75) -> 1005.05 | CQ75: =SUMIF(SmtRes!AQ38:'SmtRes'!AQ41,"=1",SmtRes!AA38:'SmtRes'!AA41) -> 144.74 | CR75: =SUMIF(SmtRes!AQ38:'SmtRes'!AQ41,"=1",SmtRes!AB38:'SmtRes'!AB41) -> 1453.95 | CS75: =SUMIF(SmtRes!AQ38:'SmtRes'!AQ41,"=1",SmtRes!AC38:'SmtRes'!AC41) -> 452.68 | CT75: =SUMIF(SmtRes!AQ38:'SmtRes'!AQ41,"=1",SmtRes!AD38:'SmtRes'!AD41) -> 452.68 | CU75: =AG75 -> 0 | CV75: =SUMIF(SmtRes!AQ38:'SmtRes'!AQ41,"=1",SmtRes!BU38:'SmtRes'!BU41) -> 0.32 | CW75: =SUMIF(SmtRes!AQ38:'SmtRes'!AQ41,"=1",SmtRes!BV38:'SmtRes'!BV41) -> 0.18 | CX75: =AJ75 -> 0 | CY75: =(((S75+R75)*AT75)/100) -> 529.6356 | CZ75: =(((S75+R75)*AU75)/100) -> 334.9832 | DN75: 0 | DO75: 0 | DP75: 1 | DQ75: 1 | DU75: 1013 | DV75: ШТ | DW75: ШТ | DX75: 1 | EE75: 70312967 | EF75: 2 | EG75: Общестроительные работы | EH75: 18 | EI75: Наружные сети водопровода, канализации, теплоснабжения, газопроводы | EJ75: 1 | EK75: 22001 | EL75: Наружные сети водопровода, канализации, теплоснабжения, газопроводы | EM75: ФЕР-22 | EQ75: 0 | ER75: 0 | ES75: 0 | ET75: 0 | EU75: 0 | EV75: 0 | EW75: 0.32 | EX75: 0.18 | EY75: 0 | FQ75: 0 | FR75: 0 | FS75: 0 | FX75: 117 | FY75: 74 | GD75: 1 | GF75: 34206769 | GG75: 2 | GH75: 1 | GI75: -2 | GJ75: 0 | GK75: 0 | GL75: =ROUND(IF(AND(BH75=3,BI75=3,FS75<>0),P75,0),2) -> 0 | GM75: =ROUND(O75+X75+Y75,2)+GX75 -> 1869.67 | GN75: =IF(OR(BI75=0,BI75=1),GM75-GX75,0) -> 1869.67 | GO75: =IF(BI75=2,GM75-GX75,0) -> 0 | GP75: =IF(BI75=4,GM75-GX75,0) -> 0 | GR75: 0 | GS75: 0 | GT75: 0 | GV75: =ROUND((GT75),6) -> 0 | GW75: 1 | GX75: =ROUND(HC75*I75,2) -> 0 | HA75: 0 | HB75: 0 | HC75: =GV75*GW75 -> 0 | HN75: Пр/812-018.0-1 | HO75: Пр/774-018.0 | HP75: Наружные сети водопровода, канализации, теплоснабжения, газопроводы | HQ75: Наружные сети водопровода, канализации, теплоснабжения, газопроводы | HS75: 0 | IK75: 0
A76: 17 | B76: 1 | E76: 9 | F76: 23.8.03.07-0025 | G76: Соединение изолирующее неразъемное под приварку, номинальный диаметр трубы 50 мм | H76: ШТ | I76: 2 | J76: 0 | K76: 2 | O76: =ROUND(CP76,2) -> 6649.78 | P76: =ROUND(CQ76*I76,2) -> 6649.78 | Q76: =ROUND(CR76*I76,2) -> 0 | R76: =ROUND(CS76*I76,2) -> 0 | S76: =ROUND(CT76*I76,2) -> 0 | T76: =ROUND(CU76*I76,2) -> 0 | U76: =ROUND(CV76*I76,7) -> 0 | V76: =ROUND(CW76*I76,7) -> 0 | W76: =ROUND(CX76*I76,2) -> 0 | X76: =ROUND(CY76,2) -> 0 | Y76: =ROUND(CZ76,2) -> 0 | AA76: 72309884 | AB76: =ROUND((AC76+AD76+AF76),6) -> 3136.69 | AC76: =ROUND((ES76),6) -> 3136.69 | AD76: =ROUND((((ET76)-(EU76))+AE76),6) -> 0 | AE76: =ROUND((EU76),6) -> 0 | AF76: =ROUND((EV76),6) -> 0 | AG76: =ROUND((AP76),6) -> 0 | AH76: =(EW76) -> 0 | AI76: =(EX76) -> 0 | AJ76: =(AS76) -> 0 | AK76: 3136.69 | AL76: 3136.69 | AM76: 0 | AN76: 0 | AO76: 0 | AP76: 0 | AQ76: 0 | AR76: 0 | AS76: 0 | AT76: 0 | AU76: 0 | AV76: 1 | AW76: 1 | AZ76: 1 | BA76: 1 | BB76: 1 | BC76: 1.06 | BH76: 3 | BI76: 1 | BJ76: ФСБЦ-2022, 23.8.03.07-0025, приказ Минстроя России от 18.05.2022 г. № 378/пр | BM76: 500001 | BN76: 0 | BO76: 23.8.03.07-0025 | BP76: 1 | BQ76: 8 | BR76: 0 | BS76: 1 | BT76: 1 | BU76: 1 | BV76: 1 | BW76: 1 | BX76: 1 | BZ76: 0 | CA76: 0 | CE76: 0 | CF76: 0 | CG76: 0 | CM76: 0 | CO76: 0 | CP76: =(P76+Q76+S76+R76) -> 6649.78 | CQ76: =ROUND(AL76*BC76,2) -> 3324.89 | CR76: =ROUND(AM76*BB76,2) -> 0 | CS76: =ROUND(AN76*BS76,2) -> 0 | CT76: =ROUND(AO76*BA76,2) -> 0 | CU76: =AG76 -> 0 | CV76: =AH76 -> 0 | CW76: =AI76 -> 0 | CX76: =AJ76 -> 0 | CY76: =0 -> 0 | CZ76: =0 -> 0 | DN76: 0 | DO76: 0 | DP76: 1 | DQ76: 1 | DU76: 1013 | DV76: ШТ | DW76: ШТ | DX76: 1 | EE76: 70312867 | EF76: 8 | EG76: Материалы строительные | EH76: 0 | EJ76: 1 | EK76: 500001 | EL76: Материалы и конструкции ( строительные ) по ценникам и каталогом | EM76: ФССЦст | EQ76: 0 | ER76: 3136.69 | ES76: 3136.69 | ET76: 0 | EU76: 0 | EV76: 0 | EW76: 0 | EX76: 0 | EY76: 0 | FQ76: 0 | FR76: 0 | FS76: 0 | FX76: 0 | FY76: 0 | GD76: 1 | GF76: 1555048482 | GG76: 2 | GH76: 1 | GI76: 2 | GJ76: 0 | GK76: 0 | GL76: =ROUND(IF(AND(BH76=3,BI76=3,FS76<>0),P76,0),2) -> 0 | GM76: =ROUND(O76+X76+Y76,2)+GX76 -> 6649.78 | GN76: =IF(OR(BI76=0,BI76=1),GM76-GX76,0) -> 6649.78 | GO76: =IF(BI76=2,GM76-GX76,0) -> 0 | GP76: =IF(BI76=4,GM76-GX76,0) -> 0 | GR76: 0 | GS76: 3 | GT76: 0 | GV76: =ROUND((GT76),6) -> 0 | GW76: 1 | GX76: =ROUND(HC76*I76,2) -> 0 | HA76: 0 | HB76: 0 | HC76: =GV76*GW76 -> 0 | HS76: 0 | IK76: 0
A77: 17 | B77: 1 | C77: =ROW(SmtRes!A46) -> 46 | D77: =ROW(EtalonRes!A48) -> 48 | E77: 10 | F77: 24-02-031-01 | G77: Укладка полиэтиленовых труб газопроводов в траншею со стационарно установленного барабана, диаметр труб: до 63 мм | H77: 100 м | I77: =ROUND(379/100,7) -> 3.79 | J77: 0 | K77: =ROUND(379/100,7) -> 3.79 | O77: =ROUND(CP77,2) -> 11054 | P77: =SUMIF(SmtRes!AQ42:'SmtRes'!AQ46,"=1",SmtRes!DF42:'SmtRes'!DF46) -> 0 | Q77: =SUMIF(SmtRes!AQ42:'SmtRes'!AQ46,"=1",SmtRes!DG42:'SmtRes'!DG46) -> 1655.61 | R77: =SUMIF(SmtRes!AQ42:'SmtRes'!AQ46,"=1",SmtRes!DH42:'SmtRes'!DH46) -> 0 | S77: =SUMIF(SmtRes!AQ42:'SmtRes'!AQ46,"=1",SmtRes!DI42:'SmtRes'!DI46) -> 9398.39 | T77: =ROUND(CU77*I77,2) -> 0 | U77: =SUMIF(SmtRes!AQ42:'SmtRes'!AQ46,"=1",SmtRes!CV42:'SmtRes'!CV46) -> 21.603 | V77: =SUMIF(SmtRes!AQ42:'SmtRes'!AQ46,"=1",SmtRes!CW42:'SmtRes'!CW46) -> 0 | W77: =ROUND(CX77*I77,2) -> 0 | X77: =ROUND(CY77,2) -> 10996.12 | Y77: =ROUND(CZ77,2) -> 6954.81 | AA77: 72309884 | AB77: =ROUND((AC77+AD77+AF77),6) -> 2804.1174 | AC77: =ROUND((0),6) -> 0 | AD77: =ROUND((((SUM(SmtRes!BR42:'SmtRes'!BR46))-(0))+AE77),6) -> 324.3324 | AE77: =ROUND((0),6) -> 0 | AF77: =ROUND((SUM(SmtRes!BT42:'SmtRes'!BT46)),6) -> 2479.785 | AG77: =ROUND((AP77),6) -> 0 | AH77: =(SUM(SmtRes!BU42:'SmtRes'!BU46)) -> 5.7 | AI77: =(0) -> 0 | AJ77: =(AS77) -> 0 | AK77: 2804.1174 | AL77: 0 | AM77: 324.3324 | AN77: 0 | AO77: 2479.785 | AP77: 0 | AQ77: 5.7 | AR77: 0 | AS77: 0 | AT77: 117 | AU77: 74 | AV77: 1 | AW77: 1 | AZ77: 1 | BA77: 1 | BB77: 1 | BC77: 1 | BH77: 0 | BI77: 1 | BJ77: ГЭСН-2022, 24-02-031-01, приказ Минстроя России от 18.05.2022 г. № 378/пр | BM77: 24001 | BN77: 0 | BP77: 0 | BQ77: 2 | BR77: 0 | BS77: 1 | BT77: 1 | BU77: 1 | BV77: 1 | BW77: 1 | BX77: 1 | BZ77: 117 | CA77: 74 | CE77: 0 | CF77: 0 | CG77: 0 | CM77: 0 | CO77: 0 | CP77: =(P77+Q77+S77+R77) -> 11054 | CQ77: =SUMIF(SmtRes!AQ42:'SmtRes'!AQ46,"=1",SmtRes!AA42:'SmtRes'!AA46) -> 0 | CR77: =SUMIF(SmtRes!AQ42:'SmtRes'!AQ46,"=1",SmtRes!AB42:'SmtRes'!AB46) -> 507.53 | CS77: =SUMIF(SmtRes!AQ42:'SmtRes'!AQ46,"=1",SmtRes!AC42:'SmtRes'!AC46) -> 0 | CT77: =SUMIF(SmtRes!AQ42:'SmtRes'!AQ46,"=1",SmtRes!AD42:'SmtRes'!AD46) -> 435.05 | CU77: =AG77 -> 0 | CV77: =SUMIF(SmtRes!AQ42:'SmtRes'!AQ46,"=1",SmtRes!BU42:'SmtRes'!BU46) -> 5.7 | CW77: =SUMIF(SmtRes!AQ42:'SmtRes'!AQ46,"=1",SmtRes!BV42:'SmtRes'!BV46) -> 0 | CX77: =AJ77 -> 0 | CY77: =(((S77+R77)*AT77)/100) -> 10996.116 | CZ77: =(((S77+R77)*AU77)/100) -> 6954.8086 | DN77: 0 | DO77: 0 | DP77: 1 | DQ77: 1 | DU77: 1003 | DV77: 100 м | DW77: 100 м | DX77: 100 | EE77: 70312969 | EF77: 2 | EG77: Общестроительные работы | EH77: 18 | EI77: Наружные сети водопровода, канализации, теплоснабжения, газопроводы | EJ77: 1 | EK77: 24001 | EL77: Наружные сети водопровода, канализации, теплоснабжения, газопроводы | EM77: ФЕР-24 | EQ77: 0 | ER77: 0 | ES77: 0 | ET77: 0 | EU77: 0 | EV77: 0 | EW77: 5.7 | EX77: 0 | EY77: 0 | FQ77: 0 | FR77: 0 | FS77: 0 | FX77: 117 | FY77: 74 | GD77: 1 | GF77: -430525593 | GG77: 2 | GH77: 1 | GI77: -2 | GJ77: 0 | GK77: 0 | GL77: =ROUND(IF(AND(BH77=3,BI77=3,FS77<>0),P77,0),2) -> 0 | GM77: =ROUND(O77+X77+Y77,2)+GX77 -> 29004.93 | GN77: =IF(OR(BI77=0,BI77=1),GM77-GX77,0) -> 29004.93 | GO77: =IF(BI77=2,GM77-GX77,0) -> 0 | GP77: =IF(BI77=4,GM77-GX77,0) -> 0 | GR77: 0 | GS77: 3 | GT77: 0 | GV77: =ROUND((GT77),6) -> 0 | GW77: 1 | GX77: =ROUND(HC77*I77,2) -> 0 | HA77: 0 | HB77: 0 | HC77: =GV77*GW77 -> 0 | HN77: Пр/812-018.0-1 | HO77: Пр/774-018.0 | HP77: Наружные сети водопровода, канализации, теплоснабжения, газопроводы | HQ77: Наружные сети водопровода, канализации, теплоснабжения, газопроводы | HS77: 0 | IK77: 0
A78: 18 | B78: 1 | C78: 45 | E78: 10,1 | F78: 24.3.03.11-0024 | G78: Трубы напорные полиэтиленовые газопроводные ПЭ100, стандартное размерное отношение SDR11, номинальный наружный диаметр 63 мм, толщина стенки 5,8 мм | H78: м | I78: =I77*J78 -> 379 | J78: 100 | K78: 100 | O78: =ROUND(CP78,2) -> 80992.3 | P78: =ROUND(CQ78*I78,2) -> 80992.3 | Q78: =ROUND(CR78*I78,2) -> 0 | R78: =ROUND(CS78*I78,2) -> 0 | S78: =ROUND(CT78*I78,2) -> 0 | T78: =ROUND(CU78*I78,2) -> 0 | U78: =ROUND(CV78*I78,7) -> 0 | V78: =ROUND(CW78*I78,7) -> 0 | W78: =ROUND(CX78*I78,2) -> 0 | X78: =ROUND(CY78,2) -> 0 | Y78: =ROUND(CZ78,2) -> 0 | AA78: 72309884 | AB78: =ROUND((AC78+AD78+AF78),6) -> 207.48 | AC78: =ROUND((ES78),6) -> 207.48 | AD78: =ROUND((((ET78)-(EU78))+AE78),6) -> 0 | AE78: =ROUND((EU78),6) -> 0 | AF78: =ROUND((EV78),6) -> 0 | AG78: =ROUND((AP78),6) -> 0 | AH78: =(EW78) -> 0 | AI78: =(EX78) -> 0 | AJ78: =(AS78) -> 0 | AK78: 207.48 | AL78: 207.48 | AM78: 0 | AN78: 0 | AO78: 0 | AP78: 0 | AQ78: 0 | AR78: 0 | AS78: 0 | AT78: 117 | AU78: 74 | AV78: 1 | AW78: 1 | AZ78: 1 | BA78: 1 | BB78: 1 | BC78: 1.03 | BH78: 3 | BI78: 1 | BJ78: ФСБЦ-2022, 24.3.03.11-0024, приказ Минстроя России от 18.05.2022 г. № 378/пр | BM78: 24001 | BN78: 0 | BO78: 24.3.03.11-0024 | BP78: 1 | BQ78: 2 | BR78: 0 | BS78: 1 | BT78: 1 | BU78: 1 | BV78: 1 | BW78: 1 | BX78: 1 | BZ78: 117 | CA78: 74 | CE78: 0 | CF78: 0 | CG78: 0 | CM78: 0 | CO78: 0 | CP78: =(P78+Q78+S78+R78) -> 80992.3 | CQ78: =ROUND(AL78*BC78,2) -> 213.7 | CR78: =ROUND(AM78*BB78,2) -> 0 | CS78: =ROUND(AN78*BS78,2) -> 0 | CT78: =ROUND(AO78*BA78,2) -> 0 | CU78: =AG78 -> 0 | CV78: =AH78 -> 0 | CW78: =AI78 -> 0 | CX78: =AJ78 -> 0 | CY78: =(((S78+R78)*AT78)/100) -> 0 | CZ78: =(((S78+R78)*AU78)/100) -> 0 | DN78: 0 | DO78: 0 | DP78: 1 | DQ78: 1 | DU78: 1003 | DV78: м | DW78: м | DX78: 1 | EE78: 70312969 | EF78: 2 | EG78: Общестроительные работы | EH78: 18 | EI78: Наружные сети водопровода, канализации, теплоснабжения, газопроводы | EJ78: 1 | EK78: 24001 | EL78: Наружные сети водопровода, канализации, теплоснабжения, газопроводы | EM78: ФЕР-24 | EQ78: 0 | ER78: 207.48 | ES78: 207.48 | ET78: 0 | EU78: 0 | EV78: 0 | EW78: 0 | EX78: 0 | FQ78: 0 | FR78: 0 | FS78: 0 | FX78: 117 | FY78: 74 | GD78: 1 | GF78: 1146484899 | GG78: 2 | GH78: 1 | GI78: 2 | GJ78: 0 | GK78: 0 | GL78: =ROUND(IF(AND(BH78=3,BI78=3,FS78<>0),P78,0),2) -> 0 | GM78: =ROUND(O78+X78+Y78,2)+GX78 -> 80992.3 | GN78: =IF(OR(BI78=0,BI78=1),GM78-GX78,0) -> 80992.3 | GO78: =IF(BI78=2,GM78-GX78,0) -> 0 | GP78: =IF(BI78=4,GM78-GX78,0) -> 0 | GR78: 0 | GS78: 3 | GT78: 0 | GV78: =ROUND((GT78),6) -> 0 | GW78: 1 | GX78: =ROUND(HC78*I78,2) -> 0 | HA78: 0 | HB78: 0 | HC78: =GV78*GW78 -> 0 | HN78: Пр/812-018.0-1 | HO78: Пр/774-018.0 | HP78: Наружные сети водопровода, канализации, теплоснабжения, газопроводы | HQ78: Наружные сети водопровода, канализации, теплоснабжения, газопроводы | HS78: 0 | IK78: 0
A79: 17 | B79: 1 | C79: =ROW(SmtRes!A52) -> 52 | D79: =ROW(EtalonRes!A54) -> 54 | E79: 11 | F79: 24-02-002-02 | G79: Сварка полиэтиленовых труб при помощи соединительных деталей с закладными электронагревателями, диаметр труб: свыше 32 до 63 мм | H79: соединение | I79: 4 | J79: 0 | K79: 4 | O79: =ROUND(CP79,2) -> 581.51 | P79: =SUMIF(SmtRes!AQ47:'SmtRes'!AQ52,"=1",SmtRes!DF47:'SmtRes'!DF52) -> 78.09 | Q79: =SUMIF(SmtRes!AQ47:'SmtRes'!AQ52,"=1",SmtRes!DG47:'SmtRes'!DG52) -> 16.16 | R79: =SUMIF(SmtRes!AQ47:'SmtRes'!AQ52,"=1",SmtRes!DH47:'SmtRes'!DH52) -> 0 | S79: =SUMIF(SmtRes!AQ47:'SmtRes'!AQ52,"=1",SmtRes!DI47:'SmtRes'!DI52) -> 487.26 | T79: =ROUND(CU79*I79,2) -> 0 | U79: =SUMIF(SmtRes!AQ47:'SmtRes'!AQ52,"=1",SmtRes!CV47:'SmtRes'!CV52) -> 1.28 | V79: =SUMIF(SmtRes!AQ47:'SmtRes'!AQ52,"=1",SmtRes!CW47:'SmtRes'!CW52) -> 0 | W79: =ROUND(CX79*I79,2) -> 0 | X79: =ROUND(CY79,2) -> 570.09 | Y79: =ROUND(CZ79,2) -> 360.57 | AA79: 72309884 | AB79: =ROUND((AC79+AD79+AF79),6) -> 136.60472 | AC79: =ROUND((SUM(SmtRes!BQ47:'SmtRes'!BQ52)),6) -> 12.04842 | AD79: =ROUND((((SUM(SmtRes!BR47:'SmtRes'!BR52))-(0))+AE79),6) -> 2.7419 | AE79: =ROUND((0),6) -> 0 | AF79: =ROUND((SUM(SmtRes!BT47:'SmtRes'!BT52)),6) -> 121.8144 | AG79: =ROUND((AP79),6) -> 0 | AH79: =(SUM(SmtRes!BU47:'SmtRes'!BU52)) -> 0.32 | AI79: =(0) -> 0 | AJ79: =(AS79) -> 0 | AK79: 136.60472 | AL79: 12.04842 | AM79: 2.7419 | AN79: 0 | AO79: 121.8144 | AP79: 0 | AQ79: 0.32 | AR79: 0 | AS79: 0 | AT79: 117 | AU79: 74 | AV79: 1 | AW79: 1 | AZ79: 1 | BA79: 1 | BB79: 1 | BC79: 1 | BH79: 0 | BI79: 1 | BJ79: ГЭСН-2022, 24-02-002-02, приказ Минстроя России от 18.05.2022 г. № 378/пр | BM79: 24001 | BN79: 0 | BP79: 0 | BQ79: 2 | BR79: 0 | BS79: 1 | BT79: 1 | BU79: 1 | BV79: 1 | BW79: 1 | BX79: 1 | BZ79: 117 | CA79: 74 | CE79: 0 | CF79: 0 | CG79: 0 | CM79: 0 | CO79: 0 | CP79: =(P79+Q79+S79+R79) -> 581.51 | CQ79: =SUMIF(SmtRes!AQ47:'SmtRes'!AQ52,"=1",SmtRes!AA47:'SmtRes'!AA52) -> 1058.85 | CR79: =SUMIF(SmtRes!AQ47:'SmtRes'!AQ52,"=1",SmtRes!AB47:'SmtRes'!AB52) -> 18.06 | CS79: =SUMIF(SmtRes!AQ47:'SmtRes'!AQ52,"=1",SmtRes!AC47:'SmtRes'!AC52) -> 0 | CT79: =SUMIF(SmtRes!AQ47:'SmtRes'!AQ52,"=1",SmtRes!AD47:'SmtRes'!AD52) -> 380.67 | CU79: =AG79 -> 0 | CV79: =SUMIF(SmtRes!AQ47:'SmtRes'!AQ52,"=1",SmtRes!BU47:'SmtRes'!BU52) -> 0.32 | CW79: =SUMIF(SmtRes!AQ47:'SmtRes'!AQ52,"=1",SmtRes!BV47:'SmtRes'!BV52) -> 0 | CX79: =AJ79 -> 0 | CY79: =(((S79+R79)*AT79)/100) -> 570.0942 | CZ79: =(((S79+R79)*AU79)/100) -> 360.5724 | DN79: 0 | DO79: 0 | DP79: 1 | DQ79: 1 | DU79: 1013 | DV79: соединение | DW79: соединение | DX79: 1 | EE79: 70312969 | EF79: 2 | EG79: Общестроительные работы | EH79: 18 | EI79: Наружные сети водопровода, канализации, теплоснабжения, газопроводы | EJ79: 1 | EK79: 24001 | EL79: Наружные сети водопровода, канализации, теплоснабжения, газопроводы | EM79: ФЕР-24 | EQ79: 0 | ER79: 0 | ES79: 0 | ET79: 0 | EU79: 0 | EV79: 0 | EW79: 0.32 | EX79: 0 | EY79: 0 | FQ79: 0 | FR79: 0 | FS79: 0 | FX79: 117 | FY79: 74 | GD79: 1 | GF79: -1659016646 | GG79: 2 | GH79: 1 | GI79: -2 | GJ79: 0 | GK79: 0 | GL79: =ROUND(IF(AND(BH79=3,BI79=3,FS79<>0),P79,0),2) -> 0 | GM79: =ROUND(O79+X79+Y79,2)+GX79 -> 1512.17 | GN79: =IF(OR(BI79=0,BI79=1),GM79-GX79,0) -> 1512.17 | GO79: =IF(BI79=2,GM79-GX79,0) -> 0 | GP79: =IF(BI79=4,GM79-GX79,0) -> 0 | GR79: 0 | GS79: 3 | GT79: 0 | GV79: =ROUND((GT79),6) -> 0 | GW79: 1 | GX79: =ROUND(HC79*I79,2) -> 0 | HA79: 0 | HB79: 0 | HC79: =GV79*GW79 -> 0 | HN79: Пр/812-018.0-1 | HO79: Пр/774-018.0 | HP79: Наружные сети водопровода, канализации, теплоснабжения, газопроводы | HQ79: Наружные сети водопровода, канализации, теплоснабжения, газопроводы | HS79: 0 | IK79: 0
A80: 18 | B80: 1 | C80: 52 | E80: 11,1 | F80: 24.3.05.07-0603 | G80: Муфта полиэтиленовая электросварная, ПЭ100, SDR11, диаметр 63 мм | H80: ШТ | I80: =I79*J80 -> 4 | J80: 1 | K80: 1 | O80: =ROUND(CP80,2) -> 1050.76 | P80: =ROUND(CQ80*I80,2) -> 1050.76 | Q80: =ROUND(CR80*I80,2) -> 0 | R80: =ROUND(CS80*I80,2) -> 0 | S80: =ROUND(CT80*I80,2) -> 0 | T80: =ROUND(CU80*I80,2) -> 0 | U80: =ROUND(CV80*I80,7) -> 0 | V80: =ROUND(CW80*I80,7) -> 0 | W80: =ROUND(CX80*I80,2) -> 0 | X80: =ROUND(CY80,2) -> 0 | Y80: =ROUND(CZ80,2) -> 0 | AA80: 72309884 | AB80: =ROUND((AC80+AD80+AF80),6) -> 206.84 | AC80: =ROUND((ES80),6) -> 206.84 | AD80: =ROUND((((ET80)-(EU80))+AE80),6) -> 0 | AE80: =ROUND((EU80),6) -> 0 | AF80: =ROUND((EV80),6) -> 0 | AG80: =ROUND((AP80),6) -> 0 | AH80: =(EW80) -> 0 | AI80: =(EX80) -> 0 | AJ80: =(AS80) -> 0 | AK80: 206.84 | AL80: 206.84 | AM80: 0 | AN80: 0 | AO80: 0 | AP80: 0 | AQ80: 0 | AR80: 0 | AS80: 0 | AT80: 117 | AU80: 74 | AV80: 1 | AW80: 1 | AZ80: 1 | BA80: 1 | BB80: 1 | BC80: 1.27 | BH80: 3 | BI80: 1 | BJ80: ФСБЦ-2022, 24.3.05.07-0603, приказ Минстроя России от 18.05.2022 г. № 378/пр | BM80: 24001 | BN80: 0 | BO80: 24.3.05.07-0603 | BP80: 1 | BQ80: 2 | BR80: 0 | BS80: 1 | BT80: 1 | BU80: 1 | BV80: 1 | BW80: 1 | BX80: 1 | BZ80: 117 | CA80: 74 | CE80: 0 | CF80: 0 | CG80: 0 | CM80: 0 | CO80: 0 | CP80: =(P80+Q80+S80+R80) -> 1050.76 | CQ80: =ROUND(AL80*BC80,2) -> 262.69 | CR80: =ROUND(AM80*BB80,2) -> 0 | CS80: =ROUND(AN80*BS80,2) -> 0 | CT80: =ROUND(AO80*BA80,2) -> 0 | CU80: =AG80 -> 0 | CV80: =AH80 -> 0 | CW80: =AI80 -> 0 | CX80: =AJ80 -> 0 | CY80: =(((S80+R80)*AT80)/100) -> 0 | CZ80: =(((S80+R80)*AU80)/100) -> 0 | DN80: 0 | DO80: 0 | DP80: 1 | DQ80: 1 | DU80: 1013 | DV80: ШТ | DW80: ШТ | DX80: 1 | EE80: 70312969 | EF80: 2 | EG80: Общестроительные работы | EH80: 18 | EI80: Наружные сети водопровода, канализации, теплоснабжения, газопроводы | EJ80: 1 | EK80: 24001 | EL80: Наружные сети водопровода, канализации, теплоснабжения, газопроводы | EM80: ФЕР-24 | EQ80: 0 | ER80: 206.84 | ES80: 206.84 | ET80: 0 | EU80: 0 | EV80: 0 | EW80: 0 | EX80: 0 | FQ80: 0 | FR80: 0 | FS80: 0 | FX80: 117 | FY80: 74 | GD80: 1 | GF80: -1068176085 | GG80: 2 | GH80: 1 | GI80: 2 | GJ80: 0 | GK80: 0 | GL80: =ROUND(IF(AND(BH80=3,BI80=3,FS80<>0),P80,0),2) -> 0 | GM80: =ROUND(O80+X80+Y80,2)+GX80 -> 1050.76 | GN80: =IF(OR(BI80=0,BI80=1),GM80-GX80,0) -> 1050.76 | GO80: =IF(BI80=2,GM80-GX80,0) -> 0 | GP80: =IF(BI80=4,GM80-GX80,0) -> 0 | GR80: 0 | GS80: 3 | GT80: 0 | GV80: =ROUND((GT80),6) -> 0 | GW80: 1 | GX80: =ROUND(HC80*I80,2) -> 0 | HA80: 0 | HB80: 0 | HC80: =GV80*GW80 -> 0 | HN80: Пр/812-018.0-1 | HO80: Пр/774-018.0 | HP80: Наружные сети водопровода, канализации, теплоснабжения, газопроводы | HQ80: Наружные сети водопровода, канализации, теплоснабжения, газопроводы | HS80: 0 | IK80: 0
A81: 17 | B81: 1 | C81: =ROW(SmtRes!A62) -> 62 | D81: =ROW(EtalonRes!A70) -> 70 | E81: 12 | F81: 24-02-063-03 | G81: Устройство цокольного газового ввода на наружных сетях полиэтиленовых газопроводов с соединением "сталь-полиэтилен", диаметр газопровода: до 63 мм | H81: 10 узлов | I81: =ROUND(2/10,7) -> 0.2 | J81: 0 | K81: =ROUND(2/10,7) -> 0.2 | O81: =ROUND(CP81,2) -> 5585.99 | P81: =SUMIF(SmtRes!AQ53:'SmtRes'!AQ62,"=1",SmtRes!DF53:'SmtRes'!DF62) -> 11.88 | Q81: =SUMIF(SmtRes!AQ53:'SmtRes'!AQ62,"=1",SmtRes!DG53:'SmtRes'!DG62) -> 59.54 | R81: =SUMIF(SmtRes!AQ53:'SmtRes'!AQ62,"=1",SmtRes!DH53:'SmtRes'!DH62) -> 7.09 | S81: =SUMIF(SmtRes!AQ53:'SmtRes'!AQ62,"=1",SmtRes!DI53:'SmtRes'!DI62) -> 5507.48 | T81: =ROUND(CU81*I81,2) -> 0 | U81: =SUMIF(SmtRes!AQ53:'SmtRes'!AQ62,"=1",SmtRes!CV53:'SmtRes'!CV62) -> 13.986 | V81: =SUMIF(SmtRes!AQ53:'SmtRes'!AQ62,"=1",SmtRes!CW53:'SmtRes'!CW62) -> 0.018 | W81: =ROUND(CX81*I81,2) -> 0 | X81: =ROUND(CY81,2) -> 6452.05 | Y81: =ROUND(CZ81,2) -> 4080.78 | AA81: 72309884 | AB81: =ROUND((AC81+AD81+AF81),6) -> 27856.658 | AC81: =ROUND((SUM(SmtRes!BQ53:'SmtRes'!BQ62)),6) -> 58.5401 | AD81: =ROUND((((SUM(SmtRes!BR53:'SmtRes'!BR62))-(SUM(SmtRes!BS53:'SmtRes'!BS62)))+AE81),6) -> 260.7381 | AE81: =ROUND((SUM(SmtRes!BS53:'SmtRes'!BS62)),6) -> 35.4501 | AF81: =ROUND((SUM(SmtRes!BT53:'SmtRes'!BT62)),6) -> 27537.38 | AG81: =ROUND((AP81),6) -> 0 | AH81: =(SUM(SmtRes!BU53:'SmtRes'!BU62)) -> 69.93 | AI81: =(SUM(SmtRes!BV53:'SmtRes'!BV62)) -> 0.09 | AJ81: =(AS81) -> 0 | AK81: 27892.108 | AL81: 58.5401 | AM81: 260.7381 | AN81: 35.4501 | AO81: 27537.38 | AP81: 0 | AQ81: 69.93 | AR81: 0.09 | AS81: 0 | AT81: 117 | AU81: 74 | AV81: 1 | AW81: 1 | AZ81: 1 | BA81: 1 | BB81: 1 | BC81: 1 | BH81: 0 | BI81: 1 | BJ81: ГЭСН-2022 доп.7, 24-02-063-03, приказ Минстроя России от 02.08.2023 г. № 551/пр | BM81: 24001 | BN81: 0 | BP81: 0 | BQ81: 2 | BR81: 0 | BS81: 1 | BT81: 1 | BU81: 1 | BV81: 1 | BW81: 1 | BX81: 1 | BZ81: 117 | CA81: 74 | CE81: 0 | CF81: 0 | CG81: 0 | CM81: 0 | CO81: 0 | CP81: =(P81+Q81+S81+R81) -> 5585.99 | CQ81: =SUMIF(SmtRes!AQ53:'SmtRes'!AQ62,"=1",SmtRes!AA53:'SmtRes'!AA62) -> 334.93 | CR81: =SUMIF(SmtRes!AQ53:'SmtRes'!AQ62,"=1",SmtRes!AB53:'SmtRes'!AB62) -> 640.11 | CS81: =SUMIF(SmtRes!AQ53:'SmtRes'!AQ62,"=1",SmtRes!AC53:'SmtRes'!AC62) -> 393.89 | CT81: =SUMIF(SmtRes!AQ53:'SmtRes'!AQ62,"=1",SmtRes!AD53:'SmtRes'!AD62) -> 714.3 | CU81: =AG81 -> 0 | CV81: =SUMIF(SmtRes!AQ53:'SmtRes'!AQ62,"=1",SmtRes!BU53:'SmtRes'!BU62) -> 69.93 | CW81: =SUMIF(SmtRes!AQ53:'SmtRes'!AQ62,"=1",SmtRes!BV53:'SmtRes'!BV62) -> 0.09 | CX81: =AJ81 -> 0 | CY81: =(((S81+R81)*AT81)/100) -> 6452.0469 | CZ81: =(((S81+R81)*AU81)/100) -> 4080.7818 | DN81: 0 | DO81: 0 | DP81: 1 | DQ81: 1 | DU81: 1013 | DV81: 10 узлов | DW81: 10 узлов | DX81: 1 | EE81: 70312969 | EF81: 2 | EG81: Общестроительные работы | EH81: 18 | EI81: Наружные сети водопровода, канализации, теплоснабжения, газопроводы | EJ81: 1 | EK81: 24001 | EL81: Наружные сети водопровода, канализации, теплоснабжения, газопроводы | EM81: ФЕР-24 | EQ81: 0 | ER81: 0 | ES81: 0 | ET81: 0 | EU81: 0 | EV81: 0 | EW81: 69.93 | EX81: 0.09 | EY81: 0 | FQ81: 0 | FR81: 0 | FS81: 0 | FX81: 117 | FY81: 74 | GD81: 1 | GF81: -1561525726 | GG81: 2 | GH81: 1 | GI81: -2 | GJ81: 0 | GK81: 0 | GL81: =ROUND(IF(AND(BH81=3,BI81=3,FS81<>0),P81,0),2) -> 0 | GM81: =ROUND(O81+X81+Y81,2)+GX81 -> 16118.82 | GN81: =IF(OR(BI81=0,BI81=1),GM81-GX81,0) -> 16118.82 | GO81: =IF(BI81=2,GM81-GX81,0) -> 0 | GP81: =IF(BI81=4,GM81-GX81,0) -> 0 | GR81: 0 | GS81: 0 | GT81: 0 | GV81: =ROUND((GT81),6) -> 0 | GW81: 1 | GX81: =ROUND(HC81*I81,2) -> 0 | HA81: 0 | HB81: 0 | HC81: =GV81*GW81 -> 0 | HN81: Пр/812-018.0-1 | HO81: Пр/774-018.0 | HP81: Наружные сети водопровода, канализации, теплоснабжения, газопроводы | HQ81: Наружные сети водопровода, канализации, теплоснабжения, газопроводы | HS81: 0 | IK81: 0
A82: 17 | B82: 1 | E82: 13 | F82: 18.4.01.09-0116 | G82: Ввод цокольный полиэтилен-сталь Г-образный для полиэтиленового газопровода низкого, среднего и высокого давления, ПЭ100, SDR 11, со стальным футляром и защитным ленточно-полимерным покрытием, диаметр полиэтиленового патрубка 63 мм, диаметр стального патрубка 57 мм, габаритные размеры 2000х1500 мм | H82: ШТ | I82: 2 | J82: 0 | K82: 2 | O82: =ROUND(CP82,2) -> 15273.02 | P82: =ROUND(CQ82*I82,2) -> 15273.02 | Q82: =ROUND(CR82*I82,2) -> 0 | R82: =ROUND(CS82*I82,2) -> 0 | S82: =ROUND(CT82*I82,2) -> 0 | T82: =ROUND(CU82*I82,2) -> 0 | U82: =ROUND(CV82*I82,7) -> 0 | V82: =ROUND(CW82*I82,7) -> 0 | W82: =ROUND(CX82*I82,2) -> 0 | X82: =ROUND(CY82,2) -> 0 | Y82: =ROUND(CZ82,2) -> 0 | AA82: 72309884 | AB82: =ROUND((AC82+AD82+AF82),6) -> 7414.09 | AC82: =ROUND((ES82),6) -> 7414.09 | AD82: =ROUND((((ET82)-(EU82))+AE82),6) -> 0 | AE82: =ROUND((EU82),6) -> 0 | AF82: =ROUND((EV82),6) -> 0 | AG82: =ROUND((AP82),6) -> 0 | AH82: =(EW82) -> 0 | AI82: =(EX82) -> 0 | AJ82: =(AS82) -> 0 | AK82: 7414.09 | AL82: 7414.09 | AM82: 0 | AN82: 0 | AO82: 0 | AP82: 0 | AQ82: 0 | AR82: 0 | AS82: 0 | AT82: 0 | AU82: 0 | AV82: 1 | AW82: 1 | AZ82: 1 | BA82: 1 | BB82: 1 | BC82: 1.03 | BH82: 3 | BI82: 1 | BJ82: ФСБЦ-2022 доп.17, 18.4.01.09-0116, приказ Минстроя России от 17.02.2026 г. № 91/пр | BM82: 500001 | BN82: 0 | BO82: 18.4.01.09-0116 | BP82: 1 | BQ82: 8 | BR82: 0 | BS82: 1 | BT82: 1 | BU82: 1 | BV82: 1 | BW82: 1 | BX82: 1 | BZ82: 0 | CA82: 0 | CE82: 0 | CF82: 0 | CG82: 0 | CM82: 0 | CO82: 0 | CP82: =(P82+Q82+S82+R82) -> 15273.02 | CQ82: =ROUND(AL82*BC82,2) -> 7636.51 | CR82: =ROUND(AM82*BB82,2) -> 0 | CS82: =ROUND(AN82*BS82,2) -> 0 | CT82: =ROUND(AO82*BA82,2) -> 0 | CU82: =AG82 -> 0 | CV82: =AH82 -> 0 | CW82: =AI82 -> 0 | CX82: =AJ82 -> 0 | CY82: =0 -> 0 | CZ82: =0 -> 0 | DN82: 0 | DO82: 0 | DP82: 1 | DQ82: 1 | DU82: 1013 | DV82: ШТ | DW82: ШТ | DX82: 1 | EE82: 70312867 | EF82: 8 | EG82: Материалы строительные | EH82: 0 | EJ82: 1 | EK82: 500001 | EL82: Материалы и конструкции ( строительные ) по ценникам и каталогом | EM82: ФССЦст | EQ82: 0 | ER82: 7414.09 | ES82: 7414.09 | ET82: 0 | EU82: 0 | EV82: 0 | EW82: 0 | EX82: 0 | EY82: 0 | FQ82: 0 | FR82: 0 | FS82: 0 | FX82: 0 | FY82: 0 | GD82: 1 | GF82: -1855228557 | GG82: 2 | GH82: 1 | GI82: 2 | GJ82: 0 | GK82: 0 | GL82: =ROUND(IF(AND(BH82=3,BI82=3,FS82<>0),P82,0),2) -> 0 | GM82: =ROUND(O82+X82+Y82,2)+GX82 -> 15273.02 | GN82: =IF(OR(BI82=0,BI82=1),GM82-GX82,0) -> 15273.02 | GO82: =IF(BI82=2,GM82-GX82,0) -> 0 | GP82: =IF(BI82=4,GM82-GX82,0) -> 0 | GR82: 0 | GS82: 3 | GT82: 0 | GV82: =ROUND((GT82),6) -> 0 | GW82: 1 | GX82: =ROUND(HC82*I82,2) -> 0 | HA82: 0 | HB82: 0 | HC82: =GV82*GW82 -> 0 | HS82: 0 | IK82: 0
A83: 17 | B83: 1 | C83: =ROW(SmtRes!A68) -> 68 | D83: =ROW(EtalonRes!A76) -> 76 | E83: 14 | F83: 24-02-005-02 | G83: Установка отвода с раструбным концом с закладными электронагревателями на газопроводе из полиэтиленовых труб, диаметр газопровода: свыше 32 до 63 мм | H83: ШТ | I83: 4 | J83: 0 | K83: 4 | O83: =ROUND(CP83,2) -> 590.16 | P83: =SUMIF(SmtRes!AQ63:'SmtRes'!AQ68,"=1",SmtRes!DF63:'SmtRes'!DF68) -> 78.09 | Q83: =SUMIF(SmtRes!AQ63:'SmtRes'!AQ68,"=1",SmtRes!DG63:'SmtRes'!DG68) -> 15.41 | R83: =SUMIF(SmtRes!AQ63:'SmtRes'!AQ68,"=1",SmtRes!DH63:'SmtRes'!DH68) -> 0 | S83: =SUMIF(SmtRes!AQ63:'SmtRes'!AQ68,"=1",SmtRes!DI63:'SmtRes'!DI68) -> 496.66 | T83: =ROUND(CU83*I83,2) -> 0 | U83: =SUMIF(SmtRes!AQ63:'SmtRes'!AQ68,"=1",SmtRes!CV63:'SmtRes'!CV68) -> 1.32 | V83: =SUMIF(SmtRes!AQ63:'SmtRes'!AQ68,"=1",SmtRes!CW63:'SmtRes'!CW68) -> 0 | W83: =ROUND(CX83*I83,2) -> 0 | X83: =ROUND(CY83,2) -> 581.09 | Y83: =ROUND(CZ83,2) -> 367.53 | AA83: 72309884 | AB83: =ROUND((AC83+AD83+AF83),6) -> 138.85032 | AC83: =ROUND((SUM(SmtRes!BQ63:'SmtRes'!BQ68)),6) -> 12.04842 | AD83: =ROUND((((SUM(SmtRes!BR63:'SmtRes'!BR68))-(0))+AE83),6) -> 2.6361 | AE83: =ROUND((0),6) -> 0 | AF83: =ROUND((SUM(SmtRes!BT63:'SmtRes'!BT68)),6) -> 124.1658 | AG83: =ROUND((AP83),6) -> 0 | AH83: =(SUM(SmtRes!BU63:'SmtRes'!BU68)) -> 0.33 | AI83: =(0) -> 0 | AJ83: =(AS83) -> 0 | AK83: 138.85032 | AL83: 12.04842 | AM83: 2.6361 | AN83: 0 | AO83: 124.1658 | AP83: 0 | AQ83: 0.33 | AR83: 0 | AS83: 0 | AT83: 117 | AU83: 74 | AV83: 1 | AW83: 1 | AZ83: 1 | BA83: 1 | BB83: 1 | BC83: 1 | BH83: 0 | BI83: 1 | BJ83: ГЭСН-2022, 24-02-005-02, приказ Минстроя России от 18.05.2022 г. № 378/пр | BM83: 24001 | BN83: 0 | BP83: 0 | BQ83: 2 | BR83: 0 | BS83: 1 | BT83: 1 | BU83: 1 | BV83: 1 | BW83: 1 | BX83: 1 | BZ83: 117 | CA83: 74 | CE83: 0 | CF83: 0 | CG83: 0 | CM83: 0 | CO83: 0 | CP83: =(P83+Q83+S83+R83) -> 590.16 | CQ83: =SUMIF(SmtRes!AQ63:'SmtRes'!AQ68,"=1",SmtRes!AA63:'SmtRes'!AA68) -> 1058.85 | CR83: =SUMIF(SmtRes!AQ63:'SmtRes'!AQ68,"=1",SmtRes!AB63:'SmtRes'!AB68) -> 18.06 | CS83: =SUMIF(SmtRes!AQ63:'SmtRes'!AQ68,"=1",SmtRes!AC63:'SmtRes'!AC68) -> 0 | CT83: =SUMIF(SmtRes!AQ63:'SmtRes'!AQ68,"=1",SmtRes!AD63:'SmtRes'!AD68) -> 376.26 | CU83: =AG83 -> 0 | CV83: =SUMIF(SmtRes!AQ63:'SmtRes'!AQ68,"=1",SmtRes!BU63:'SmtRes'!BU68) -> 0.33 | CW83: =SUMIF(SmtRes!AQ63:'SmtRes'!AQ68,"=1",SmtRes!BV63:'SmtRes'!BV68) -> 0 | CX83: =AJ83 -> 0 | CY83: =(((S83+R83)*AT83)/100) -> 581.0922 | CZ83: =(((S83+R83)*AU83)/100) -> 367.5284 | DN83: 0 | DO83: 0 | DP83: 1 | DQ83: 1 | DU83: 1013 | DV83: ШТ | DW83: ШТ | DX83: 1 | EE83: 70312969 | EF83: 2 | EG83: Общестроительные работы | EH83: 18 | EI83: Наружные сети водопровода, канализации, теплоснабжения, газопроводы | EJ83: 1 | EK83: 24001 | EL83: Наружные сети водопровода, канализации, теплоснабжения, газопроводы | EM83: ФЕР-24 | EQ83: 0 | ER83: 0 | ES83: 0 | ET83: 0 | EU83: 0 | EV83: 0 | EW83: 0.33 | EX83: 0 | EY83: 0 | FQ83: 0 | FR83: 0 | FS83: 0 | FX83: 117 | FY83: 74 | GD83: 1 | GF83: -289671740 | GG83: 2 | GH83: 1 | GI83: -2 | GJ83: 0 | GK83: 0 | GL83: =ROUND(IF(AND(BH83=3,BI83=3,FS83<>0),P83,0),2) -> 0 | GM83: =ROUND(O83+X83+Y83,2)+GX83 -> 1538.78 | GN83: =IF(OR(BI83=0,BI83=1),GM83-GX83,0) -> 1538.78 | GO83: =IF(BI83=2,GM83-GX83,0) -> 0 | GP83: =IF(BI83=4,GM83-GX83,0) -> 0 | GR83: 0 | GS83: 3 | GT83: 0 | GV83: =ROUND((GT83),6) -> 0 | GW83: 1 | GX83: =ROUND(HC83*I83,2) -> 0 | HA83: 0 | HB83: 0 | HC83: =GV83*GW83 -> 0 | HN83: Пр/812-018.0-1 | HO83: Пр/774-018.0 | HP83: Наружные сети водопровода, канализации, теплоснабжения, газопроводы | HQ83: Наружные сети водопровода, канализации, теплоснабжения, газопроводы | HS83: 0 | IK83: 0
A84: 18 | B84: 1 | C84: 68 | E84: 14,1 | F84: 24.3.05.08-0212 | G84: Отвод 45° полиэтиленовый литой, электросварной, диаметр 63 мм | H84: ШТ | I84: =I83*J84 -> 1 | J84: 0.25 | K84: 0.25 | O84: =ROUND(CP84,2) -> 1020.01 | P84: =ROUND(CQ84*I84,2) -> 1020.01 | Q84: =ROUND(CR84*I84,2) -> 0 | R84: =ROUND(CS84*I84,2) -> 0 | S84: =ROUND(CT84*I84,2) -> 0 | T84: =ROUND(CU84*I84,2) -> 0 | U84: =ROUND(CV84*I84,7) -> 0 | V84: =ROUND(CW84*I84,7) -> 0 | W84: =ROUND(CX84*I84,2) -> 0 | X84: =ROUND(CY84,2) -> 0 | Y84: =ROUND(CZ84,2) -> 0 | AA84: 72309884 | AB84: =ROUND((AC84+AD84+AF84),6) -> 1009.91 | AC84: =ROUND((ES84),6) -> 1009.91 | AD84: =ROUND((((ET84)-(EU84))+AE84),6) -> 0 | AE84: =ROUND((EU84),6) -> 0 | AF84: =ROUND((EV84),6) -> 0 | AG84: =ROUND((AP84),6) -> 0 | AH84: =(EW84) -> 0 | AI84: =(EX84) -> 0 | AJ84: =(AS84) -> 0 | AK84: 1009.91 | AL84: 1009.91 | AM84: 0 | AN84: 0 | AO84: 0 | AP84: 0 | AQ84: 0 | AR84: 0 | AS84: 0 | AT84: 117 | AU84: 74 | AV84: 1 | AW84: 1 | AZ84: 1 | BA84: 1 | BB84: 1 | BC84: 1.01 | BH84: 3 | BI84: 1 | BJ84: ФСБЦ-2022, 24.3.05.08-0212, приказ Минстроя России от 18.05.2022 г. № 378/пр | BM84: 24001 | BN84: 0 | BO84: 24.3.05.08-0212 | BP84: 1 | BQ84: 2 | BR84: 0 | BS84: 1 | BT84: 1 | BU84: 1 | BV84: 1 | BW84: 1 | BX84: 1 | BZ84: 117 | CA84: 74 | CE84: 0 | CF84: 0 | CG84: 0 | CM84: 0 | CO84: 0 | CP84: =(P84+Q84+S84+R84) -> 1020.01 | CQ84: =ROUND(AL84*BC84,2) -> 1020.01 | CR84: =ROUND(AM84*BB84,2) -> 0 | CS84: =ROUND(AN84*BS84,2) -> 0 | CT84: =ROUND(AO84*BA84,2) -> 0 | CU84: =AG84 -> 0 | CV84: =AH84 -> 0 | CW84: =AI84 -> 0 | CX84: =AJ84 -> 0 | CY84: =(((S84+R84)*AT84)/100) -> 0 | CZ84: =(((S84+R84)*AU84)/100) -> 0 | DN84: 0 | DO84: 0 | DP84: 1 | DQ84: 1 | DU84: 1013 | DV84: ШТ | DW84: ШТ | DX84: 1 | EE84: 70312969 | EF84: 2 | EG84: Общестроительные работы | EH84: 18 | EI84: Наружные сети водопровода, канализации, теплоснабжения, газопроводы | EJ84: 1 | EK84: 24001 | EL84: Наружные сети водопровода, канализации, теплоснабжения, газопроводы | EM84: ФЕР-24 | EQ84: 0 | ER84: 1009.91 | ES84: 1009.91 | ET84: 0 | EU84: 0 | EV84: 0 | EW84: 0 | EX84: 0 | FQ84: 0 | FR84: 0 | FS84: 0 | FX84: 117 | FY84: 74 | GD84: 1 | GF84: 658812987 | GG84: 2 | GH84: 1 | GI84: 2 | GJ84: 0 | GK84: 0 | GL84: =ROUND(IF(AND(BH84=3,BI84=3,FS84<>0),P84,0),2) -> 0 | GM84: =ROUND(O84+X84+Y84,2)+GX84 -> 1020.01 | GN84: =IF(OR(BI84=0,BI84=1),GM84-GX84,0) -> 1020.01 | GO84: =IF(BI84=2,GM84-GX84,0) -> 0 | GP84: =IF(BI84=4,GM84-GX84,0) -> 0 | GR84: 0 | GS84: 3 | GT84: 0 | GV84: =ROUND((GT84),6) -> 0 | GW84: 1 | GX84: =ROUND(HC84*I84,2) -> 0 | HA84: 0 | HB84: 0 | HC84: =GV84*GW84 -> 0 | HN84: Пр/812-018.0-1 | HO84: Пр/774-018.0 | HP84: Наружные сети водопровода, канализации, теплоснабжения, газопроводы | HQ84: Наружные сети водопровода, канализации, теплоснабжения, газопроводы | HS84: 0 | IK84: 0
A85: 17 | B85: 1 | E85: 15 | F85: 24.3.05.08-0223 | G85: Отвод 90° полиэтиленовый литой, электросварной, диаметр 63 мм | H85: ШТ | I85: 3 | J85: 0 | K85: 3 | O85: =ROUND(CP85,2) -> 3060.03 | P85: =ROUND(CQ85*I85,2) -> 3060.03 | Q85: =ROUND(CR85*I85,2) -> 0 | R85: =ROUND(CS85*I85,2) -> 0 | S85: =ROUND(CT85*I85,2) -> 0 | T85: =ROUND(CU85*I85,2) -> 0 | U85: =ROUND(CV85*I85,7) -> 0 | V85: =ROUND(CW85*I85,7) -> 0 | W85: =ROUND(CX85*I85,2) -> 0 | X85: =ROUND(CY85,2) -> 0 | Y85: =ROUND(CZ85,2) -> 0 | AA85: 72309884 | AB85: =ROUND((AC85+AD85+AF85),6) -> 1009.91 | AC85: =ROUND((ES85),6) -> 1009.91 | AD85: =ROUND((((ET85)-(EU85))+AE85),6) -> 0 | AE85: =ROUND((EU85),6) -> 0 | AF85: =ROUND((EV85),6) -> 0 | AG85: =ROUND((AP85),6) -> 0 | AH85: =(EW85) -> 0 | AI85: =(EX85) -> 0 | AJ85: =(AS85) -> 0 | AK85: 1009.91 | AL85: 1009.91 | AM85: 0 | AN85: 0 | AO85: 0 | AP85: 0 | AQ85: 0 | AR85: 0 | AS85: 0 | AT85: 0 | AU85: 0 | AV85: 1 | AW85: 1 | AZ85: 1 | BA85: 1 | BB85: 1 | BC85: 1.01 | BH85: 3 | BI85: 1 | BJ85: ФСБЦ-2022, 24.3.05.08-0223, приказ Минстроя России от 18.05.2022 г. № 378/пр | BM85: 500001 | BN85: 0 | BO85: 24.3.05.08-0223 | BP85: 1 | BQ85: 8 | BR85: 0 | BS85: 1 | BT85: 1 | BU85: 1 | BV85: 1 | BW85: 1 | BX85: 1 | BZ85: 0 | CA85: 0 | CE85: 0 | CF85: 0 | CG85: 0 | CM85: 0 | CO85: 0 | CP85: =(P85+Q85+S85+R85) -> 3060.03 | CQ85: =ROUND(AL85*BC85,2) -> 1020.01 | CR85: =ROUND(AM85*BB85,2) -> 0 | CS85: =ROUND(AN85*BS85,2) -> 0 | CT85: =ROUND(AO85*BA85,2) -> 0 | CU85: =AG85 -> 0 | CV85: =AH85 -> 0 | CW85: =AI85 -> 0 | CX85: =AJ85 -> 0 | CY85: =0 -> 0 | CZ85: =0 -> 0 | DN85: 0 | DO85: 0 | DP85: 1 | DQ85: 1 | DU85: 1013 | DV85: ШТ | DW85: ШТ | DX85: 1 | EE85: 70312867 | EF85: 8 | EG85: Материалы строительные | EH85: 0 | EJ85: 1 | EK85: 500001 | EL85: Материалы и конструкции ( строительные ) по ценникам и каталогом | EM85: ФССЦст | EQ85: 0 | ER85: 1009.91 | ES85: 1009.91 | ET85: 0 | EU85: 0 | EV85: 0 | EW85: 0 | EX85: 0 | EY85: 0 | FQ85: 0 | FR85: 0 | FS85: 0 | FX85: 0 | FY85: 0 | GD85: 1 | GF85: 1486426103 | GG85: 2 | GH85: 1 | GI85: 2 | GJ85: 0 | GK85: 0 | GL85: =ROUND(IF(AND(BH85=3,BI85=3,FS85<>0),P85,0),2) -> 0 | GM85: =ROUND(O85+X85+Y85,2)+GX85 -> 3060.03 | GN85: =IF(OR(BI85=0,BI85=1),GM85-GX85,0) -> 3060.03 | GO85: =IF(BI85=2,GM85-GX85,0) -> 0 | GP85: =IF(BI85=4,GM85-GX85,0) -> 0 | GR85: 0 | GS85: 3 | GT85: 0 | GV85: =ROUND((GT85),6) -> 0 | GW85: 1 | GX85: =ROUND(HC85*I85,2) -> 0 | HA85: 0 | HB85: 0 | HC85: =GV85*GW85 -> 0 | HS85: 0 | IK85: 0
A86: 17 | B86: 1 | C86: =ROW(SmtRes!A73) -> 73 | D86: =ROW(EtalonRes!A81) -> 81 | E86: 16 | F86: м10-06-003-01 | G86: Кабель, прокладываемый в траншее, масса 1м кабеля: до 0,6 кг | H86: км кабеля | I86: 0.375 | J86: 0 | K86: 0.375 | O86: =ROUND(CP86,2) -> 8793.12 | P86: =SUMIF(SmtRes!AQ69:'SmtRes'!AQ73,"=1",SmtRes!DF69:'SmtRes'!DF73) -> 0 | Q86: =SUMIF(SmtRes!AQ69:'SmtRes'!AQ73,"=1",SmtRes!DG69:'SmtRes'!DG73) -> 3768.56 | R86: =SUMIF(SmtRes!AQ69:'SmtRes'!AQ73,"=1",SmtRes!DH69:'SmtRes'!DH73) -> 1259.58 | S86: =SUMIF(SmtRes!AQ69:'SmtRes'!AQ73,"=1",SmtRes!DI69:'SmtRes'!DI73) -> 3764.98 | T86: =ROUND(CU86*I86,2) -> 0 | U86: =SUMIF(SmtRes!AQ69:'SmtRes'!AQ73,"=1",SmtRes!CV69:'SmtRes'!CV73) -> 10.125 | V86: =SUMIF(SmtRes!AQ69:'SmtRes'!AQ73,"=1",SmtRes!CW69:'SmtRes'!CW73) -> 2.7825 | W86: =ROUND(CX86*I86,2) -> 0 | X86: =ROUND(CY86,2) -> 5577.26 | Y86: =ROUND(CZ86,2) -> 2612.77 | AA86: 72309884 | AB86: =ROUND((AC86+AD86+AF86),6) -> 17681.956 | AC86: =ROUND((0),6) -> 0 | AD86: =ROUND((((SUM(SmtRes!BR69:'SmtRes'!BR73))-(SUM(SmtRes!BS69:'SmtRes'!BS73)))+AE86),6) -> 7642.0064 | AE86: =ROUND((SUM(SmtRes!BS69:'SmtRes'!BS73)),6) -> 3358.8856 | AF86: =ROUND((SUM(SmtRes!BT69:'SmtRes'!BT73)),6) -> 10039.95 | AG86: =ROUND((AP86),6) -> 0 | AH86: =(SUM(SmtRes!BU69:'SmtRes'!BU73)) -> 27 | AI86: =(SUM(SmtRes!BV69:'SmtRes'!BV73)) -> 7.42 | AJ86: =(AS86) -> 0 | AK86: 21040.842 | AL86: 0 | AM86: 7642.0064 | AN86: 3358.8856 | AO86: 10039.95 | AP86: 0 | AQ86: 27 | AR86: 7.42 | AS86: 0 | AT86: 111 | AU86: 52 | AV86: 1 | AW86: 1 | AZ86: 1 | BA86: 1 | BB86: 1 | BC86: 1 | BH86: 0 | BI86: 2 | BJ86: ГЭСНм-2022, м10-06-003-01, приказ Минстроя России от 18.05.2022 г. № 378/пр | BM86: 110005 | BN86: 0 | BP86: 0 | BQ86: 3 | BR86: 0 | BS86: 1 | BT86: 1 | BU86: 1 | BV86: 1 | BW86: 1 | BX86: 1 | BZ86: 111 | CA86: 52 | CE86: 0 | CF86: 0 | CG86: 0 | CM86: 0 | CO86: 0 | CP86: =(P86+Q86+S86+R86) -> 8793.12 | CQ86: =SUMIF(SmtRes!AQ69:'SmtRes'!AQ73,"=1",SmtRes!AA69:'SmtRes'!AA73) -> 0 | CR86: =SUMIF(SmtRes!AQ69:'SmtRes'!AQ73,"=1",SmtRes!AB69:'SmtRes'!AB73) -> 1354.38 | CS86: =SUMIF(SmtRes!AQ69:'SmtRes'!AQ73,"=1",SmtRes!AC69:'SmtRes'!AC73) -> 452.68 | CT86: =SUMIF(SmtRes!AQ69:'SmtRes'!AQ73,"=1",SmtRes!AD69:'SmtRes'!AD73) -> 371.85 | CU86: =AG86 -> 0 | CV86: =SUMIF(SmtRes!AQ69:'SmtRes'!AQ73,"=1",SmtRes!BU69:'SmtRes'!BU73) -> 27 | CW86: =SUMIF(SmtRes!AQ69:'SmtRes'!AQ73,"=1",SmtRes!BV69:'SmtRes'!BV73) -> 7.42 | CX86: =AJ86 -> 0 | CY86: =(((S86+R86)*AT86)/100) -> 5577.2616 | CZ86: =(((S86+R86)*AU86)/100) -> 2612.7712 | DN86: 0 | DO86: 0 | DP86: 1 | DQ86: 1 | DU86: 30717392 | DV86: км кабеля | DW86: км кабеля | DX86: 1 | EE86: 70312854 | EF86: 3 | EG86: Монтажные работы | EH86: 0 | EJ86: 2 | EK86: 110005 | EL86: Оборудование связи: прокладка и монтаж междугородных линий связи | EM86: мФЕР-10 | EQ86: 0 | ER86: 0 | ES86: 0 | ET86: 0 | EU86: 0 | EV86: 0 | EW86: 27 | EX86: 7.42 | EY86: 0 | FQ86: 0 | FR86: 0 | FS86: 0 | FX86: 111 | FY86: 52 | GD86: 1 | GF86: -518228182 | GG86: 2 | GH86: 1 | GI86: -2 | GJ86: 0 | GK86: 0 | GL86: =ROUND(IF(AND(BH86=3,BI86=3,FS86<>0),P86,0),2) -> 0 | GM86: =ROUND(O86+X86+Y86,2)+GX86 -> 16983.15 | GN86: =IF(OR(BI86=0,BI86=1),GM86-GX86,0) -> 0 | GO86: =IF(BI86=2,GM86-GX86,0) -> 16983.15 | GP86: =IF(BI86=4,GM86-GX86,0) -> 0 | GR86: 0 | GS86: 3 | GT86: 0 | GV86: =ROUND((GT86),6) -> 0 | GW86: 1 | GX86: =ROUND(HC86*I86,2) -> 0 | HA86: 0 | HB86: 0 | HC86: =GV86*GW86 -> 0 | HN86: Пр/812-051.3-1 | HO86: Пр/774-051.3 | HP86: Оборудование связи: прокладка и монтаж междугородных линий связи | HQ86: Оборудование связи: прокладка и монтаж междугородных линий связи | HS86: 0 | IK86: 0
A87: 18 | B87: 1 | C87: 73 | E87: 16,1 | F87: 421/пр_2020_п.75_пп.а | G87: Сметная стоимость вспомогательных ненормируемых материальных ресурсов, не учтенная в сметной норме, 2% | H87: % | I87: =J87 -> 2 | J87: 2 | K87: 2 | O87: =ROUND(P87,2) -> 75.3 | P87: =ROUND(ROUND(ROUND(SUMIF(SmtRes!AQ69:'SmtRes'!AQ73,"=1",SmtRes!CU69:'SmtRes'!CU73),2),2)*I87/100,2) -> 75.3 | Q87: =ROUND(CR87*I87,2) -> 0 | R87: =ROUND(CS87*I87,2) -> 0 | S87: =ROUND(CT87*I87,2) -> 0 | T87: =ROUND(CU87*I87,2) -> 0 | U87: =ROUND(CV87*I87,7) -> 0 | V87: =ROUND(CW87*I87,7) -> 0 | W87: =ROUND(CX87*I87,2) -> 0 | X87: =ROUND(CY87,2) -> 0 | Y87: =ROUND(CZ87,2) -> 0 | AA87: 72309884 | AB87: =ROUND((AC87+AD87+AF87),6) -> 0 | AC87: =ROUND((ES87),6) -> 0 | AD87: =ROUND((((ET87)-(EU87))+AE87),6) -> 0 | AE87: =ROUND((EU87),6) -> 0 | AF87: =ROUND((EV87),6) -> 0 | AG87: =ROUND((AP87),6) -> 0 | AH87: =(EW87) -> 0 | AI87: =(EX87) -> 0 | AJ87: =(AS87) -> 0 | AK87: 0 | AL87: 0 | AM87: 0 | AN87: 0 | AO87: 0 | AP87: 0 | AQ87: 0 | AR87: 0 | AS87: 0 | AT87: 111 | AU87: 52 | AV87: 1 | AW87: 1 | AZ87: 1 | BA87: 1 | BB87: 1 | BC87: 1 | BH87: 3 | BI87: 2 | BM87: 110005 | BN87: 0 | BP87: 0 | BQ87: 3 | BR87: 0 | BS87: 1 | BT87: 1 | BU87: 1 | BV87: 1 | BW87: 1 | BX87: 1 | BZ87: 111 | CA87: 52 | CE87: 0 | CF87: 0 | CG87: 0 | CM87: 0 | CO87: 0 | CP87: =0 -> 0 | CQ87: =0 -> 0 | CR87: =0 -> 0 | CS87: =0 -> 0 | CT87: =0 -> 0 | CU87: =0 -> 0 | CV87: =0 -> 0 | CW87: =0 -> 0 | ... CZ87: =0 -> 0 | DN87: 0 | DO87: 0 | DP87: 1 | DQ87: 1 | DU87: 1013 | DV87: % | DW87: % | DX87: 1 | EE87: 70312854 | EF87: 3 | EG87: Монтажные работы | EH87: 0 | EJ87: 2 | EK87: 110005 | EL87: Оборудование связи: прокладка и монтаж междугородных линий связи | EM87: мФЕР-10 | EQ87: 0 | ER87: 0 | ES87: 0 | ET87: 0 | EU87: 0 | EV87: 0 | EW87: 0 | EX87: 0 | FQ87: 0 | FR87: 0 | FS87: 0 | FX87: 111 | FY87: 52 | GD87: 1 | GF87: 274903907 | GG87: 2 | GH87: 1 | GI87: -2 | GJ87: 0 | GK87: 0 | GL87: =ROUND(IF(AND(BH87=3,BI87=3,FS87<>0),P87,0),2) -> 0 | GM87: =ROUND(O87+X87+Y87,2)+GX87 -> 75.3 | GN87: =IF(OR(BI87=0,BI87=1),GM87-GX87,0) -> 0 | GO87: =IF(BI87=2,GM87-GX87,0) -> 75.3 | GP87: =IF(BI87=4,GM87-GX87,0) -> 0 | GR87: 0 | GS87: 3 | GT87: 0 | GV87: =ROUND((GT87),6) -> 0 | GW87: 1 | GX87: =ROUND(HC87*I87,2) -> 0 | HA87: 0 | HB87: 0 | HC87: =0 -> 0 | HN87: Пр/812-051.3-1 | HO87: Пр/774-051.3 | HP87: Оборудование связи: прокладка и монтаж междугородных линий связи | HQ87: Оборудование связи: прокладка и монтаж междугородных линий связи | HS87: 0 | IK87: 0
A88: 17 | B88: 1 | E88: 17 | F88: 21.2.03.05-0002 | G88: Провод установочный АПуВ 1х2,5-450/750 | H88: 1000 м | I88: =ROUND(375/1000,7) -> 0.375 | J88: 0 | K88: =ROUND(375/1000,7) -> 0.375 | O88: =ROUND(CP88,2) -> 1455.57 | P88: =ROUND(CQ88*I88,2) -> 1455.57 | Q88: =ROUND(CR88*I88,2) -> 0 | R88: =ROUND(CS88*I88,2) -> 0 | S88: =ROUND(CT88*I88,2) -> 0 | T88: =ROUND(CU88*I88,2) -> 0 | U88: =ROUND(CV88*I88,7) -> 0 | V88: =ROUND(CW88*I88,7) -> 0 | W88: =ROUND(CX88*I88,2) -> 0 | X88: =ROUND(CY88,2) -> 0 | Y88: =ROUND(CZ88,2) -> 0 | AA88: 72309884 | AB88: =ROUND((AC88+AD88+AF88),6) -> 3080.58 | AC88: =ROUND((ES88),6) -> 3080.58 | AD88: =ROUND((((ET88)-(EU88))+AE88),6) -> 0 | AE88: =ROUND((EU88),6) -> 0 | AF88: =ROUND((EV88),6) -> 0 | AG88: =ROUND((AP88),6) -> 0 | AH88: =(EW88) -> 0 | AI88: =(EX88) -> 0 | AJ88: =(AS88) -> 0 | AK88: 3080.58 | AL88: 3080.58 | AM88: 0 | AN88: 0 | AO88: 0 | AP88: 0 | AQ88: 0 | AR88: 0 | AS88: 0 | AT88: 0 | AU88: 0 | AV88: 1 | AW88: 1 | AZ88: 1 | BA88: 1 | BB88: 1 | BC88: 1.26 | BH88: 3 | BI88: 2 | BJ88: ФСБЦ-2022 доп.18, 21.2.03.05-0002, приказ Минстроя России от 15.05.2026 г. № 301/пр | BM88: 500002 | BN88: 0 | BO88: 21.2.03.05-0002 | BP88: 1 | BQ88: 12 | BR88: 0 | BS88: 1 | BT88: 1 | BU88: 1 | BV88: 1 | BW88: 1 | BX88: 1 | BZ88: 0 | CA88: 0 | CE88: 0 | CF88: 0 | CG88: 0 | CM88: 0 | CO88: 0 | CP88: =(P88+Q88+S88+R88) -> 1455.57 | CQ88: =ROUND(AL88*BC88,2) -> 3881.53 | CR88: =ROUND(AM88*BB88,2) -> 0 | CS88: =ROUND(AN88*BS88,2) -> 0 | CT88: =ROUND(AO88*BA88,2) -> 0 | CU88: =AG88 -> 0 | CV88: =AH88 -> 0 | CW88: =AI88 -> 0 | CX88: =AJ88 -> 0 | CY88: =0 -> 0 | CZ88: =0 -> 0 | DN88: 0 | DO88: 0 | DP88: 1 | DQ88: 1 | DU88: 1013 | DV88: 1000 м | DW88: 1000 М | DX88: 1 | EE88: 70312868 | EF88: 12 | EG88: Материалы монтажные | EH88: 0 | EJ88: 2 | EK88: 500002 | EL88: Материалы и конструкции ( монтажные ) по ценникам и каталогам | EM88: ФССЦм | EQ88: 0 | ER88: 3080.58 | ES88: 3080.58 | ET88: 0 | EU88: 0 | EV88: 0 | EW88: 0 | EX88: 0 | EY88: 0 | FQ88: 0 | FR88: 0 | FS88: 0 | FX88: 0 | FY88: 0 | GD88: 1 | GF88: -1786587568 | GG88: 2 | GH88: 1 | GI88: 2 | GJ88: 0 | GK88: 0 | GL88: =ROUND(IF(AND(BH88=3,BI88=3,FS88<>0),P88,0),2) -> 0 | GM88: =ROUND(O88+X88+Y88,2)+GX88 -> 1455.57 | GN88: =IF(OR(BI88=0,BI88=1),GM88-GX88,0) -> 0 | GO88: =IF(BI88=2,GM88-GX88,0) -> 1455.57 | GP88: =IF(BI88=4,GM88-GX88,0) -> 0 | GR88: 0 | GS88: 3 | GT88: 0 | GV88: =ROUND((GT88),6) -> 0 | GW88: 1 | GX88: =ROUND(HC88*I88,2) -> 0 | HA88: 0 | HB88: 0 | HC88: =GV88*GW88 -> 0 | HS88: 0 | IK88: 0
A89: 17 | B89: 1 | C89: =ROW(SmtRes!A78) -> 78 | D89: =ROW(EtalonRes!A86) -> 86 | E89: 18 | F89: м10-06-003-01 | G89: Прокладка ленты сигнальной желтого цвета в траншее | H89: км кабеля | I89: 0.388 | J89: 0 | K89: 0.388 | O89: =ROUND(CP89,2) -> 9097.95 | P89: =SUMIF(SmtRes!AQ74:'SmtRes'!AQ78,"=1",SmtRes!DF74:'SmtRes'!DF78) -> 0 | Q89: =SUMIF(SmtRes!AQ74:'SmtRes'!AQ78,"=1",SmtRes!DG74:'SmtRes'!DG78) -> 3899.2 | R89: =SUMIF(SmtRes!AQ74:'SmtRes'!AQ78,"=1",SmtRes!DH74:'SmtRes'!DH78) -> 1303.25 | S89: =SUMIF(SmtRes!AQ74:'SmtRes'!AQ78,"=1",SmtRes!DI74:'SmtRes'!DI78) -> 3895.5 | T89: =ROUND(CU89*I89,2) -> 0 | U89: =SUMIF(SmtRes!AQ74:'SmtRes'!AQ78,"=1",SmtRes!CV74:'SmtRes'!CV78) -> 10.476 | V89: =SUMIF(SmtRes!AQ74:'SmtRes'!AQ78,"=1",SmtRes!CW74:'SmtRes'!CW78) -> 2.87896 | W89: =ROUND(CX89*I89,2) -> 0 | X89: =ROUND(CY89,2) -> 5770.61 | Y89: =ROUND(CZ89,2) -> 2703.35 | AA89: 72309884 | AB89: =ROUND((AC89+AD89+AF89),6) -> 17681.956 | AC89: =ROUND((0),6) -> 0 | AD89: =ROUND((((SUM(SmtRes!BR74:'SmtRes'!BR78))-(SUM(SmtRes!BS74:'SmtRes'!BS78)))+AE89),6) -> 7642.0064 | AE89: =ROUND((SUM(SmtRes!BS74:'SmtRes'!BS78)),6) -> 3358.8856 | AF89: =ROUND((SUM(SmtRes!BT74:'SmtRes'!BT78)),6) -> 10039.95 | AG89: =ROUND((AP89),6) -> 0 | AH89: =(SUM(SmtRes!BU74:'SmtRes'!BU78)) -> 27 | AI89: =(SUM(SmtRes!BV74:'SmtRes'!BV78)) -> 7.42 | AJ89: =(AS89) -> 0 | AK89: 21040.842 | AL89: 0 | AM89: 7642.0064 | AN89: 3358.8856 | AO89: 10039.95 | AP89: 0 | AQ89: 27 | AR89: 7.42 | AS89: 0 | AT89: 111 | AU89: 52 | AV89: 1 | AW89: 1 | AZ89: 1 | BA89: 1 | BB89: 1 | BC89: 1 | BH89: 0 | BI89: 2 | BJ89: ГЭСНм-2022, м10-06-003-01, приказ Минстроя России от 18.05.2022 г. № 378/пр | BM89: 110005 | BN89: 0 | BP89: 0 | BQ89: 3 | BR89: 0 | BS89: 1 | BT89: 1 | BU89: 1 | BV89: 1 | BW89: 1 | BX89: 1 | BZ89: 111 | CA89: 52 | CE89: 0 | CF89: 0 | CG89: 0 | CM89: 0 | CO89: 0 | CP89: =(P89+Q89+S89+R89) -> 9097.95 | CQ89: =SUMIF(SmtRes!AQ74:'SmtRes'!AQ78,"=1",SmtRes!AA74:'SmtRes'!AA78) -> 0 | CR89: =SUMIF(SmtRes!AQ74:'SmtRes'!AQ78,"=1",SmtRes!AB74:'SmtRes'!AB78) -> 1354.38 | CS89: =SUMIF(SmtRes!AQ74:'SmtRes'!AQ78,"=1",SmtRes!AC74:'SmtRes'!AC78) -> 452.68 | CT89: =SUMIF(SmtRes!AQ74:'SmtRes'!AQ78,"=1",SmtRes!AD74:'SmtRes'!AD78) -> 371.85 | CU89: =AG89 -> 0 | CV89: =SUMIF(SmtRes!AQ74:'SmtRes'!AQ78,"=1",SmtRes!BU74:'SmtRes'!BU78) -> 27 | CW89: =SUMIF(SmtRes!AQ74:'SmtRes'!AQ78,"=1",SmtRes!BV74:'SmtRes'!BV78) -> 7.42 | CX89: =AJ89 -> 0 | CY89: =(((S89+R89)*AT89)/100) -> 5770.6125 | CZ89: =(((S89+R89)*AU89)/100) -> 2703.35 | DN89: 0 | DO89: 0 | DP89: 1 | DQ89: 1 | DU89: 30717392 | DV89: км кабеля | DW89: км кабеля | DX89: 1 | EE89: 70312854 | EF89: 3 | EG89: Монтажные работы | EH89: 0 | EJ89: 2 | EK89: 110005 | EL89: Оборудование связи: прокладка и монтаж междугородных линий связи | EM89: мФЕР-10 | EQ89: 0 | ER89: 0 | ES89: 0 | ET89: 0 | EU89: 0 | EV89: 0 | EW89: 27 | EX89: 7.42 | EY89: 0 | FQ89: 0 | FR89: 0 | FS89: 0 | FX89: 111 | FY89: 52 | GD89: 1 | GF89: -696644697 | GG89: 2 | GH89: 1 | GI89: -2 | GJ89: 0 | GK89: 0 | GL89: =ROUND(IF(AND(BH89=3,BI89=3,FS89<>0),P89,0),2) -> 0 | GM89: =ROUND(O89+X89+Y89,2)+GX89 -> 17571.91 | GN89: =IF(OR(BI89=0,BI89=1),GM89-GX89,0) -> 0 | GO89: =IF(BI89=2,GM89-GX89,0) -> 17571.91 | GP89: =IF(BI89=4,GM89-GX89,0) -> 0 | GR89: 0 | GS89: 3 | GT89: 0 | GV89: =ROUND((GT89),6) -> 0 | GW89: 1 | GX89: =ROUND(HC89*I89,2) -> 0 | HA89: 0 | HB89: 0 | HC89: =GV89*GW89 -> 0 | HN89: Пр/812-051.3-1 | HO89: Пр/774-051.3 | HP89: Оборудование связи: прокладка и монтаж междугородных линий связи | HQ89: Оборудование связи: прокладка и монтаж междугородных линий связи | HS89: 0 | IK89: 0
A90: 18 | B90: 1 | C90: 78 | E90: 18,1 | F90: 421/пр_2020_п.75_пп.а | G90: Сметная стоимость вспомогательных ненормируемых материальных ресурсов, не учтенная в сметной норме, 2% | H90: % | I90: =J90 -> 2 | J90: 2 | K90: 2 | O90: =ROUND(P90,2) -> 77.91 | P90: =ROUND(ROUND(ROUND(SUMIF(SmtRes!AQ74:'SmtRes'!AQ78,"=1",SmtRes!CU74:'SmtRes'!CU78),2),2)*I90/100,2) -> 77.91 | Q90: =ROUND(CR90*I90,2) -> 0 | R90: =ROUND(CS90*I90,2) -> 0 | S90: =ROUND(CT90*I90,2) -> 0 | T90: =ROUND(CU90*I90,2) -> 0 | U90: =ROUND(CV90*I90,7) -> 0 | V90: =ROUND(CW90*I90,7) -> 0 | W90: =ROUND(CX90*I90,2) -> 0 | X90: =ROUND(CY90,2) -> 0 | Y90: =ROUND(CZ90,2) -> 0 | AA90: 72309884 | AB90: =ROUND((AC90+AD90+AF90),6) -> 0 | AC90: =ROUND((ES90),6) -> 0 | AD90: =ROUND((((ET90)-(EU90))+AE90),6) -> 0 | AE90: =ROUND((EU90),6) -> 0 | AF90: =ROUND((EV90),6) -> 0 | AG90: =ROUND((AP90),6) -> 0 | AH90: =(EW90) -> 0 | AI90: =(EX90) -> 0 | AJ90: =(AS90) -> 0 | AK90: 0 | AL90: 0 | AM90: 0 | AN90: 0 | AO90: 0 | AP90: 0 | AQ90: 0 | AR90: 0 | AS90: 0 | AT90: 111 | AU90: 52 | AV90: 1 | AW90: 1 | AZ90: 1 | BA90: 1 | BB90: 1 | BC90: 1 | BH90: 3 | BI90: 2 | BM90: 110005 | BN90: 0 | BP90: 0 | BQ90: 3 | BR90: 0 | BS90: 1 | BT90: 1 | BU90: 1 | BV90: 1 | BW90: 1 | BX90: 1 | BZ90: 111 | CA90: 52 | CE90: 0 | CF90: 0 | CG90: 0 | CM90: 0 | CO90: 0 | CP90: =0 -> 0 | CQ90: =0 -> 0 | CR90: =0 -> 0 | CS90: =0 -> 0 | CT90: =0 -> 0 | CU90: =0 -> 0 | CV90: =0 -> 0 | CW90: =0 -> 0 | ... CZ90: =0 -> 0 | DN90: 0 | DO90: 0 | DP90: 1 | DQ90: 1 | DU90: 1013 | DV90: % | DW90: % | DX90: 1 | EE90: 70312854 | EF90: 3 | EG90: Монтажные работы | EH90: 0 | EJ90: 2 | EK90: 110005 | EL90: Оборудование связи: прокладка и монтаж междугородных линий связи | EM90: мФЕР-10 | EQ90: 0 | ER90: 0 | ES90: 0 | ET90: 0 | EU90: 0 | EV90: 0 | EW90: 0 | EX90: 0 | FQ90: 0 | FR90: 0 | FS90: 0 | FX90: 111 | FY90: 52 | GD90: 1 | GF90: 274903907 | GG90: 2 | GH90: 1 | GI90: -2 | GJ90: 0 | GK90: 0 | GL90: =ROUND(IF(AND(BH90=3,BI90=3,FS90<>0),P90,0),2) -> 0 | GM90: =ROUND(O90+X90+Y90,2)+GX90 -> 77.91 | GN90: =IF(OR(BI90=0,BI90=1),GM90-GX90,0) -> 0 | GO90: =IF(BI90=2,GM90-GX90,0) -> 77.91 | GP90: =IF(BI90=4,GM90-GX90,0) -> 0 | GR90: 0 | GS90: 3 | GT90: 0 | GV90: =ROUND((GT90),6) -> 0 | GW90: 1 | GX90: =ROUND(HC90*I90,2) -> 0 | HA90: 0 | HB90: 0 | HC90: =0 -> 0 | HN90: Пр/812-051.3-1 | HO90: Пр/774-051.3 | HP90: Оборудование связи: прокладка и монтаж междугородных линий связи | HQ90: Оборудование связи: прокладка и монтаж междугородных линий связи | HS90: 0 | IK90: 0
A91: 17 | B91: 1 | E91: 19 | F91: 01.7.06.08-0007 | G91: Ленты сигнальные из полиэтилена высокого давления «ГАЗ», фон желтый, надпись красная, ширина 200 мм, толщина 0,05 мм | H91: 100 м | I91: =ROUND(388/100,7) -> 3.88 | J91: 0 | K91: =ROUND(388/100,7) -> 3.88 | O91: =ROUND(CP91,2) -> 905.32 | P91: =ROUND(CQ91*I91,2) -> 905.32 | Q91: =ROUND(CR91*I91,2) -> 0 | R91: =ROUND(CS91*I91,2) -> 0 | S91: =ROUND(CT91*I91,2) -> 0 | T91: =ROUND(CU91*I91,2) -> 0 | U91: =ROUND(CV91*I91,7) -> 0 | V91: =ROUND(CW91*I91,7) -> 0 | W91: =ROUND(CX91*I91,2) -> 0 | X91: =ROUND(CY91,2) -> 0 | Y91: =ROUND(CZ91,2) -> 0 | AA91: 72309884 | AB91: =ROUND((AC91+AD91+AF91),6) -> 151.51 | AC91: =ROUND((ES91),6) -> 151.51 | AD91: =ROUND((((ET91)-(EU91))+AE91),6) -> 0 | AE91: =ROUND((EU91),6) -> 0 | AF91: =ROUND((EV91),6) -> 0 | AG91: =ROUND((AP91),6) -> 0 | AH91: =(EW91) -> 0 | AI91: =(EX91) -> 0 | AJ91: =(AS91) -> 0 | AK91: 151.51 | AL91: 151.51 | AM91: 0 | AN91: 0 | AO91: 0 | AP91: 0 | AQ91: 0 | AR91: 0 | AS91: 0 | AT91: 0 | AU91: 0 | AV91: 1 | AW91: 1 | AZ91: 1 | BA91: 1 | BB91: 1 | BC91: 1.54 | BH91: 3 | BI91: 1 | BJ91: ФСБЦ-2022, 01.7.06.08-0007, приказ Минстроя России от 18.05.2022 г. № 378/пр | BM91: 500001 | BN91: 0 | BO91: 01.7.06.08-0007 | BP91: 1 | BQ91: 8 | BR91: 0 | BS91: 1 | BT91: 1 | BU91: 1 | BV91: 1 | BW91: 1 | BX91: 1 | BZ91: 0 | CA91: 0 | CE91: 0 | CF91: 0 | CG91: 0 | CM91: 0 | CO91: 0 | CP91: =(P91+Q91+S91+R91) -> 905.32 | CQ91: =ROUND(AL91*BC91,2) -> 233.33 | CR91: =ROUND(AM91*BB91,2) -> 0 | CS91: =ROUND(AN91*BS91,2) -> 0 | CT91: =ROUND(AO91*BA91,2) -> 0 | CU91: =AG91 -> 0 | CV91: =AH91 -> 0 | CW91: =AI91 -> 0 | CX91: =AJ91 -> 0 | CY91: =0 -> 0 | CZ91: =0 -> 0 | DN91: 0 | DO91: 0 | DP91: 1 | DQ91: 1 | DU91: 1003 | DV91: 100 м | DW91: 100 м | DX91: 100 | EE91: 70312867 | EF91: 8 | EG91: Материалы строительные | EH91: 0 | EJ91: 1 | EK91: 500001 | EL91: Материалы и конструкции ( строительные ) по ценникам и каталогом | EM91: ФССЦст | EQ91: 0 | ER91: 151.51 | ES91: 151.51 | ET91: 0 | EU91: 0 | EV91: 0 | EW91: 0 | EX91: 0 | EY91: 0 | FQ91: 0 | FR91: 0 | FS91: 0 | FX91: 0 | FY91: 0 | GD91: 1 | GF91: 1932285704 | GG91: 2 | GH91: 1 | GI91: 2 | GJ91: 0 | GK91: 0 | GL91: =ROUND(IF(AND(BH91=3,BI91=3,FS91<>0),P91,0),2) -> 0 | GM91: =ROUND(O91+X91+Y91,2)+GX91 -> 905.32 | GN91: =IF(OR(BI91=0,BI91=1),GM91-GX91,0) -> 905.32 | GO91: =IF(BI91=2,GM91-GX91,0) -> 0 | GP91: =IF(BI91=4,GM91-GX91,0) -> 0 | GR91: 0 | GS91: 0 | GT91: 0 | GV91: =ROUND((GT91),6) -> 0 | GW91: 1 | GX91: =ROUND(HC91*I91,2) -> 0 | HA91: 0 | HB91: 0 | HC91: =GV91*GW91 -> 0 | HS91: 0 | IK91: 0
A92: 17 | B92: 1 | C92: =ROW(SmtRes!A82) -> 82 | D92: =ROW(EtalonRes!A91) -> 91 | E92: 20 | F92: 27-09-004-02 | G92: Установка столбиков сигнальных: пластиковых | H92: 100 ШТ | I92: =ROUND(4/100,7) -> 0.04 | J92: 0 | K92: =ROUND(4/100,7) -> 0.04 | O92: =ROUND(CP92,2) -> 214.25 | P92: =SUMIF(SmtRes!AQ79:'SmtRes'!AQ82,"=1",SmtRes!DF79:'SmtRes'!DF82) -> 0 | Q92: =SUMIF(SmtRes!AQ79:'SmtRes'!AQ82,"=1",SmtRes!DG79:'SmtRes'!DG82) -> 48.64 | R92: =SUMIF(SmtRes!AQ79:'SmtRes'!AQ82,"=1",SmtRes!DH79:'SmtRes'!DH82) -> 14.81 | S92: =SUMIF(SmtRes!AQ79:'SmtRes'!AQ82,"=1",SmtRes!DI79:'SmtRes'!DI82) -> 150.8 | T92: =ROUND(CU92*I92,2) -> 0 | U92: =SUMIF(SmtRes!AQ79:'SmtRes'!AQ82,"=1",SmtRes!CV79:'SmtRes'!CV82) -> 0.454 | V92: =SUMIF(SmtRes!AQ79:'SmtRes'!AQ82,"=1",SmtRes!CW79:'SmtRes'!CW82) -> 0.0376 | W92: =ROUND(CX92*I92,2) -> 0 | X92: =ROUND(CY92,2) -> 243.45 | Y92: =ROUND(CZ92,2) -> 221.92 | AA92: 72309884 | AB92: =ROUND((AC92+AD92+AF92),6) -> 4709.3916 | AC92: =ROUND((0),6) -> 0 | AD92: =ROUND((((SUM(SmtRes!BR79:'SmtRes'!BR82))-(SUM(SmtRes!BS79:'SmtRes'!BS82)))+AE92),6) -> 939.3756 | AE92: =ROUND((SUM(SmtRes!BS79:'SmtRes'!BS82)),6) -> 370.2566 | AF92: =ROUND((SUM(SmtRes!BT79:'SmtRes'!BT82)),6) -> 3770.016 | AG92: =ROUND((AP92),6) -> 0 | AH92: =(SUM(SmtRes!BU79:'SmtRes'!BU82)) -> 11.35 | AI92: =(SUM(SmtRes!BV79:'SmtRes'!BV82)) -> 0.94 | AJ92: =(AS92) -> 0 | AK92: 5079.6482 | AL92: 0 | AM92: 939.3756 | AN92: 370.2566 | AO92: 3770.016 | AP92: 0 | AQ92: 11.35 | AR92: 0.94 | AS92: 0 | AT92: 147 | AU92: 134 | AV92: 1 | AW92: 1 | AZ92: 1 | BA92: 1 | BB92: 1 | BC92: 1 | BH92: 0 | BI92: 1 | BJ92: ГЭСН-2022 доп.17, 27-09-004-02, приказ Минстроя России от 17.02.2026 г. № 91/пр | BM92: 27001 | BN92: 0 | BP92: 0 | BQ92: 2 | BR92: 0 | BS92: 1 | BT92: 1 | BU92: 1 | BV92: 1 | BW92: 1 | BX92: 1 | BZ92: 147 | CA92: 134 | CE92: 0 | CF92: 0 | CG92: 0 | CM92: 0 | CO92: 0 | CP92: =(P92+Q92+S92+R92) -> 214.25 | CQ92: =SUMIF(SmtRes!AQ79:'SmtRes'!AQ82,"=1",SmtRes!AA79:'SmtRes'!AA82) -> 0 | CR92: =SUMIF(SmtRes!AQ79:'SmtRes'!AQ82,"=1",SmtRes!AB79:'SmtRes'!AB82) -> 1189.4 | CS92: =SUMIF(SmtRes!AQ79:'SmtRes'!AQ82,"=1",SmtRes!AC79:'SmtRes'!AC82) -> 393.89 | CT92: =SUMIF(SmtRes!AQ79:'SmtRes'!AQ82,"=1",SmtRes!AD79:'SmtRes'!AD82) -> 332.16 | CU92: =AG92 -> 0 | CV92: =SUMIF(SmtRes!AQ79:'SmtRes'!AQ82,"=1",SmtRes!BU79:'SmtRes'!BU82) -> 11.35 | CW92: =SUMIF(SmtRes!AQ79:'SmtRes'!AQ82,"=1",SmtRes!BV79:'SmtRes'!BV82) -> 0.94 | CX92: =AJ92 -> 0 | CY92: =(((S92+R92)*AT92)/100) -> 243.4467 | CZ92: =(((S92+R92)*AU92)/100) -> 221.9174 | DN92: 0 | DO92: 0 | DP92: 1 | DQ92: 1 | DU92: 1013 | DV92: 100 ШТ | DW92: 100 ШТ | DX92: 1 | EE92: 70312975 | EF92: 2 | EG92: Общестроительные работы | EH92: 21 | EI92: Автомобильные дороги | EJ92: 1 | EK92: 27001 | EL92: Автомобильные дороги | EM92: ФЕР-27 | EQ92: 0 | ER92: 0 | ES92: 0 | ET92: 0 | EU92: 0 | EV92: 0 | EW92: 11.35 | EX92: 0.94 | EY92: 0 | FQ92: 0 | FR92: 0 | FS92: 0 | FX92: 147 | FY92: 134 | GD92: 1 | GF92: 759341790 | GG92: 2 | GH92: 1 | GI92: -2 | GJ92: 0 | GK92: 0 | GL92: =ROUND(IF(AND(BH92=3,BI92=3,FS92<>0),P92,0),2) -> 0 | GM92: =ROUND(O92+X92+Y92,2)+GX92 -> 679.62 | GN92: =IF(OR(BI92=0,BI92=1),GM92-GX92,0) -> 679.62 | GO92: =IF(BI92=2,GM92-GX92,0) -> 0 | GP92: =IF(BI92=4,GM92-GX92,0) -> 0 | GR92: 0 | GS92: 0 | GT92: 0 | GV92: =ROUND((GT92),6) -> 0 | GW92: 1 | GX92: =ROUND(HC92*I92,2) -> 0 | HA92: 0 | HB92: 0 | HC92: =GV92*GW92 -> 0 | HN92: Пр/812-021.0-1 | HO92: Пр/774-021.0 | HP92: Автомобильные дороги | HQ92: Автомобильные дороги | HS92: 0 | IK92: 0
A93: 17 | B93: 1 | E93: 21 | F93: 20.1.02.23-0174 | G93: Столбик опознавательный, пластиковый для подземных кабельных линий связи, диаметр 83 мм, высота 2200 мм | H93: ШТ | I93: 4 | J93: 0 | K93: 4 | O93: =ROUND(CP93,2) -> 3965.68 | P93: =ROUND(CQ93*I93,2) -> 3965.68 | Q93: =ROUND(CR93*I93,2) -> 0 | R93: =ROUND(CS93*I93,2) -> 0 | S93: =ROUND(CT93*I93,2) -> 0 | T93: =ROUND(CU93*I93,2) -> 0 | U93: =ROUND(CV93*I93,7) -> 0 | V93: =ROUND(CW93*I93,7) -> 0 | W93: =ROUND(CX93*I93,2) -> 0 | X93: =ROUND(CY93,2) -> 0 | Y93: =ROUND(CZ93,2) -> 0 | AA93: 72309884 | AB93: =ROUND((AC93+AD93+AF93),6) -> 713.25 | AC93: =ROUND((ES93),6) -> 713.25 | AD93: =ROUND((((ET93)-(EU93))+AE93),6) -> 0 | AE93: =ROUND((EU93),6) -> 0 | AF93: =ROUND((EV93),6) -> 0 | AG93: =ROUND((AP93),6) -> 0 | AH93: =(EW93) -> 0 | AI93: =(EX93) -> 0 | AJ93: =(AS93) -> 0 | AK93: 713.25 | AL93: 713.25 | AM93: 0 | AN93: 0 | AO93: 0 | AP93: 0 | AQ93: 0 | AR93: 0 | AS93: 0 | AT93: 0 | AU93: 0 | AV93: 1 | AW93: 1 | AZ93: 1 | BA93: 1 | BB93: 1 | BC93: 1.39 | BH93: 3 | BI93: 2 | BJ93: ФСБЦ-2022, 20.1.02.23-0174, приказ Минстроя России от 18.05.2022 г. № 378/пр | BM93: 500002 | BN93: 0 | BO93: 20.1.02.23-0174 | BP93: 1 | BQ93: 12 | BR93: 0 | BS93: 1 | BT93: 1 | BU93: 1 | BV93: 1 | BW93: 1 | BX93: 1 | BZ93: 0 | CA93: 0 | CE93: 0 | CF93: 0 | CG93: 0 | CM93: 0 | CO93: 0 | CP93: =(P93+Q93+S93+R93) -> 3965.68 | CQ93: =ROUND(AL93*BC93,2) -> 991.42 | CR93: =ROUND(AM93*BB93,2) -> 0 | CS93: =ROUND(AN93*BS93,2) -> 0 | CT93: =ROUND(AO93*BA93,2) -> 0 | CU93: =AG93 -> 0 | CV93: =AH93 -> 0 | CW93: =AI93 -> 0 | CX93: =AJ93 -> 0 | CY93: =0 -> 0 | CZ93: =0 -> 0 | DN93: 0 | DO93: 0 | DP93: 1 | DQ93: 1 | DU93: 1013 | DV93: ШТ | DW93: ШТ | DX93: 1 | EE93: 70312868 | EF93: 12 | EG93: Материалы монтажные | EH93: 0 | EJ93: 2 | EK93: 500002 | EL93: Материалы и конструкции ( монтажные ) по ценникам и каталогам | EM93: ФССЦм | EQ93: 0 | ER93: 713.25 | ES93: 713.25 | ET93: 0 | EU93: 0 | EV93: 0 | EW93: 0 | EX93: 0 | EY93: 0 | FQ93: 0 | FR93: 0 | FS93: 0 | FX93: 0 | FY93: 0 | GD93: 1 | GF93: 1413817150 | GG93: 2 | GH93: 1 | GI93: 2 | GJ93: 0 | GK93: 0 | GL93: =ROUND(IF(AND(BH93=3,BI93=3,FS93<>0),P93,0),2) -> 0 | GM93: =ROUND(O93+X93+Y93,2)+GX93 -> 3965.68 | GN93: =IF(OR(BI93=0,BI93=1),GM93-GX93,0) -> 0 | GO93: =IF(BI93=2,GM93-GX93,0) -> 3965.68 | GP93: =IF(BI93=4,GM93-GX93,0) -> 0 | GR93: 0 | GS93: 3 | GT93: 0 | GV93: =ROUND((GT93),6) -> 0 | GW93: 1 | GX93: =ROUND(HC93*I93,2) -> 0 | HA93: 0 | HB93: 0 | HC93: =GV93*GW93 -> 0 | HS93: 0 | IK93: 0
A94: 17 | B94: 1 | E94: 22 | F94: 22.2.02.23-0302 | G94: Таблички-указатели подземных трасс пластиковые односторонние, | H94: 100 ШТ | I94: =ROUND(4/100,7) -> 0.04 | J94: 0 | K94: =ROUND(4/100,7) -> 0.04 | O94: =ROUND(CP94,2) -> 3848.93 | P94: =ROUND(CQ94*I94,2) -> 3848.93 | Q94: =ROUND(CR94*I94,2) -> 0 | R94: =ROUND(CS94*I94,2) -> 0 | S94: =ROUND(CT94*I94,2) -> 0 | T94: =ROUND(CU94*I94,2) -> 0 | U94: =ROUND(CV94*I94,7) -> 0 | V94: =ROUND(CW94*I94,7) -> 0 | W94: =ROUND(CX94*I94,2) -> 0 | X94: =ROUND(CY94,2) -> 0 | Y94: =ROUND(CZ94,2) -> 0 | AA94: 72309884 | AB94: =ROUND((AC94+AD94+AF94),6) -> 69225.4 | AC94: =ROUND((ES94),6) -> 69225.4 | AD94: =ROUND((((ET94)-(EU94))+AE94),6) -> 0 | AE94: =ROUND((EU94),6) -> 0 | AF94: =ROUND((EV94),6) -> 0 | AG94: =ROUND((AP94),6) -> 0 | AH94: =(EW94) -> 0 | AI94: =(EX94) -> 0 | AJ94: =(AS94) -> 0 | AK94: 69225.4 | AL94: 69225.4 | AM94: 0 | AN94: 0 | AO94: 0 | AP94: 0 | AQ94: 0 | AR94: 0 | AS94: 0 | AT94: 0 | AU94: 0 | AV94: 1 | AW94: 1 | AZ94: 1 | BA94: 1 | BB94: 1 | BC94: 1.39 | BH94: 3 | BI94: 2 | BJ94: ФСБЦ-2022, 22.2.02.23-0302, приказ Минстроя России от 18.05.2022 г. № 378/пр | BM94: 500002 | BN94: 0 | BO94: 22.2.02.23-0302 | BP94: 1 | BQ94: 12 | BR94: 0 | BS94: 1 | BT94: 1 | BU94: 1 | BV94: 1 | BW94: 1 | BX94: 1 | BZ94: 0 | CA94: 0 | CE94: 0 | CF94: 0 | CG94: 0 | CM94: 0 | CO94: 0 | CP94: =(P94+Q94+S94+R94) -> 3848.93 | CQ94: =ROUND(AL94*BC94,2) -> 96223.31 | CR94: =ROUND(AM94*BB94,2) -> 0 | CS94: =ROUND(AN94*BS94,2) -> 0 | CT94: =ROUND(AO94*BA94,2) -> 0 | CU94: =AG94 -> 0 | CV94: =AH94 -> 0 | CW94: =AI94 -> 0 | CX94: =AJ94 -> 0 | CY94: =0 -> 0 | CZ94: =0 -> 0 | DN94: 0 | DO94: 0 | DP94: 1 | DQ94: 1 | DU94: 1013 | DV94: 100 ШТ | DW94: 100 ШТ | DX94: 1 | EE94: 70312868 | EF94: 12 | EG94: Материалы монтажные | EH94: 0 | EJ94: 2 | EK94: 500002 | EL94: Материалы и конструкции ( монтажные ) по ценникам и каталогам | EM94: ФССЦм | EQ94: 0 | ER94: 69225.4 | ES94: 69225.4 | ET94: 0 | EU94: 0 | EV94: 0 | EW94: 0 | EX94: 0 | EY94: 0 | FQ94: 0 | FR94: 0 | FS94: 0 | FX94: 0 | FY94: 0 | GD94: 1 | GF94: 747028547 | GG94: 2 | GH94: 1 | GI94: 2 | GJ94: 0 | GK94: 0 | GL94: =ROUND(IF(AND(BH94=3,BI94=3,FS94<>0),P94,0),2) -> 0 | GM94: =ROUND(O94+X94+Y94,2)+GX94 -> 3848.93 | GN94: =IF(OR(BI94=0,BI94=1),GM94-GX94,0) -> 0 | GO94: =IF(BI94=2,GM94-GX94,0) -> 3848.93 | GP94: =IF(BI94=4,GM94-GX94,0) -> 0 | GR94: 0 | GS94: 3 | GT94: 0 | GV94: =ROUND((GT94),6) -> 0 | GW94: 1 | GX94: =ROUND(HC94*I94,2) -> 0 | HA94: 0 | HB94: 0 | HC94: =GV94*GW94 -> 0 | HS94: 0 | IK94: 0
A95: 17 | B95: 1 | C95: =ROW(SmtRes!A90) -> 90 | D95: =ROW(EtalonRes!A99) -> 99 | E95: 23 | F95: 06-01-001-01 | G95: Устройство бетонной подготовки | H95: 100 м3 | I95: =ROUND(0.104/100,7) -> 0.00104 | J95: 0 | K95: =ROUND(0.104/100,7) -> 0.00104 | O95: =ROUND(CP95,2) -> 79.57 | P95: =SUMIF(SmtRes!AQ83:'SmtRes'!AQ90,"=1",SmtRes!DF83:'SmtRes'!DF90) -> 3.76 | Q95: =SUMIF(SmtRes!AQ83:'SmtRes'!AQ90,"=1",SmtRes!DG83:'SmtRes'!DG90) -> 20.87 | R95: =SUMIF(SmtRes!AQ83:'SmtRes'!AQ90,"=1",SmtRes!DH83:'SmtRes'!DH90) -> 9.95 | S95: =SUMIF(SmtRes!AQ83:'SmtRes'!AQ90,"=1",SmtRes!DI83:'SmtRes'!DI90) -> 44.99 | T95: =ROUND(CU95*I95,2) -> 0 | U95: =SUMIF(SmtRes!AQ83:'SmtRes'!AQ90,"=1",SmtRes!CV83:'SmtRes'!CV90) -> 0.1404 | V95: =SUMIF(SmtRes!AQ83:'SmtRes'!AQ90,"=1",SmtRes!CW83:'SmtRes'!CW90) -> 0.0188448 | W95: =ROUND(CX95*I95,2) -> 0 | X95: =ROUND(CY95,2) -> 56.04 | Y95: =ROUND(CZ95,2) -> 31.87 | AA95: 72309884 | AB95: =ROUND((AC95+AD95+AF95),6) -> 66552.216 | AC95: =ROUND((SUM(SmtRes!BQ83:'SmtRes'!BQ90)),6) -> 3269.9925 | AD95: =ROUND((((SUM(SmtRes!BR83:'SmtRes'!BR90))-(SUM(SmtRes!BS83:'SmtRes'!BS90)))+AE95),6) -> 20026.873 | AE95: =ROUND((SUM(SmtRes!BS83:'SmtRes'!BS90)),6) -> 9571.2468 | AF95: =ROUND((SUM(SmtRes!BT83:'SmtRes'!BT90)),6) -> 43255.35 | AG95: =ROUND((AP95),6) -> 0 | AH95: =(SUM(SmtRes!BU83:'SmtRes'!BU90)) -> 135 | AI95: =(SUM(SmtRes!BV83:'SmtRes'!BV90)) -> 18.12 | AJ95: =(AS95) -> 0 | AK95: 76123.462 | AL95: 3269.9925 | AM95: 20026.873 | AN95: 9571.2468 | AO95: 43255.35 | AP95: 0 | AQ95: 135 | AR95: 18.12 | AS95: 0 | AT95: 102 | AU95: 58 | AV95: 1 | AW95: 1 | AZ95: 1 | BA95: 1 | BB95: 1 | BC95: 1 | BH95: 0 | BI95: 1 | BJ95: ГЭСН-2022 доп.16, 06-01-001-01, приказ Минстроя России от 12.11.2025 г. № 696/пр | BM95: 6001 | BN95: 0 | BP95: 0 | BQ95: 2 | BR95: 0 | BS95: 1 | BT95: 1 | BU95: 1 | BV95: 1 | BW95: 1 | BX95: 1 | BZ95: 102 | CA95: 58 | CE95: 0 | CF95: 0 | CG95: 0 | CM95: 0 | CO95: 0 | CP95: =(P95+Q95+S95+R95) -> 79.57 | CQ95: =SUMIF(SmtRes!AQ83:'SmtRes'!AQ90,"=1",SmtRes!AA83:'SmtRes'!AA90) -> 45.66 | CR95: =SUMIF(SmtRes!AQ83:'SmtRes'!AQ90,"=1",SmtRes!AB83:'SmtRes'!AB90) -> 1700.48 | CS95: =SUMIF(SmtRes!AQ83:'SmtRes'!AQ90,"=1",SmtRes!AC83:'SmtRes'!AC90) -> 923 | CT95: =SUMIF(SmtRes!AQ83:'SmtRes'!AQ90,"=1",SmtRes!AD83:'SmtRes'!AD90) -> 320.41 | CU95: =AG95 -> 0 | CV95: =SUMIF(SmtRes!AQ83:'SmtRes'!AQ90,"=1",SmtRes!BU83:'SmtRes'!BU90) -> 135 | CW95: =SUMIF(SmtRes!AQ83:'SmtRes'!AQ90,"=1",SmtRes!BV83:'SmtRes'!BV90) -> 18.12 | CX95: =AJ95 -> 0 | CY95: =(((S95+R95)*AT95)/100) -> 56.0388 | CZ95: =(((S95+R95)*AU95)/100) -> 31.8652 | DN95: 0 | DO95: 0 | DP95: 1 | DQ95: 1 | DU95: 1007 | DV95: 100 м3 | DW95: 100 м3 | DX95: 100 | EE95: 70312921 | EF95: 2 | EG95: Общестроительные работы | EH95: 6 | EI95: Бетонные и железобетонные монолитные конструкции и работы в строительстве | EJ95: 1 | EK95: 6001 | EL95: Бетонные и железобетонные монолитные конструкции и работы в строительстве | EM95: ФЕР-06 | EQ95: 0 | ER95: 0 | ES95: 0 | ET95: 0 | EU95: 0 | EV95: 0 | EW95: 135 | EX95: 18.12 | EY95: 0 | FQ95: 0 | FR95: 0 | FS95: 0 | FX95: 102 | FY95: 58 | GD95: 1 | GF95: -600227585 | GG95: 2 | GH95: 1 | GI95: -2 | GJ95: 0 | GK95: 0 | GL95: =ROUND(IF(AND(BH95=3,BI95=3,FS95<>0),P95,0),2) -> 0 | GM95: =ROUND(O95+X95+Y95,2)+GX95 -> 167.48 | GN95: =IF(OR(BI95=0,BI95=1),GM95-GX95,0) -> 167.48 | GO95: =IF(BI95=2,GM95-GX95,0) -> 0 | GP95: =IF(BI95=4,GM95-GX95,0) -> 0 | GR95: 0 | GS95: 0 | GT95: 0 | GV95: =ROUND((GT95),6) -> 0 | GW95: 1 | GX95: =ROUND(HC95*I95,2) -> 0 | HA95: 0 | HB95: 0 | HC95: =GV95*GW95 -> 0 | HN95: Пр/812-006.0-1 | HO95: Пр/774-006.0 | HP95: Бетонные и железобетонные монолитные конструкции и работы в строительстве | HQ95: Бетонные и железобетонные монолитные конструкции и работы в строительстве | HS95: 0 | IK95: 0
A96: 18 | B96: 1 | C96: 90 | E96: 23,1 | F96: 04.1.02.05-0264 | G96: Смеси бетонные тяжелого бетона (БСТ) на щебне из гравия, класс В15, F(1)200, W6 | H96: м3 | I96: =I95*J96 -> 0.104 | J96: 100 | K96: 100 | O96: =ROUND(CP96,2) -> 714.15 | P96: =ROUND(CQ96*I96,2) -> 714.15 | Q96: =ROUND(CR96*I96,2) -> 0 | R96: =ROUND(CS96*I96,2) -> 0 | S96: =ROUND(CT96*I96,2) -> 0 | T96: =ROUND(CU96*I96,2) -> 0 | U96: =ROUND(CV96*I96,7) -> 0 | V96: =ROUND(CW96*I96,7) -> 0 | W96: =ROUND(CX96*I96,2) -> 0 | X96: =ROUND(CY96,2) -> 0 | Y96: =ROUND(CZ96,2) -> 0 | AA96: 72309884 | AB96: =ROUND((AC96+AD96+AF96),6) -> 4768.61 | AC96: =ROUND((ES96),6) -> 4768.61 | AD96: =ROUND((((ET96)-(EU96))+AE96),6) -> 0 | AE96: =ROUND((EU96),6) -> 0 | AF96: =ROUND((EV96),6) -> 0 | AG96: =ROUND((AP96),6) -> 0 | AH96: =(EW96) -> 0 | AI96: =(EX96) -> 0 | AJ96: =(AS96) -> 0 | AK96: 4768.61 | AL96: 4768.61 | AM96: 0 | AN96: 0 | AO96: 0 | AP96: 0 | AQ96: 0 | AR96: 0 | AS96: 0 | AT96: 102 | AU96: 58 | AV96: 1 | AW96: 1 | AZ96: 1 | BA96: 1 | BB96: 1 | BC96: 1.44 | BH96: 3 | BI96: 1 | BJ96: ФСБЦ-2022 доп.14, 04.1.02.05-0264, приказ Минстроя России от 19.05.2025 г. № 299/пр | BM96: 6001 | BN96: 0 | BO96: 04.1.02.05-0264 | BP96: 1 | BQ96: 2 | BR96: 0 | BS96: 1 | BT96: 1 | BU96: 1 | BV96: 1 | BW96: 1 | BX96: 1 | BZ96: 102 | CA96: 58 | CE96: 0 | CF96: 0 | CG96: 0 | CM96: 0 | CO96: 0 | CP96: =(P96+Q96+S96+R96) -> 714.15 | CQ96: =ROUND(AL96*BC96,2) -> 6866.8 | CR96: =ROUND(AM96*BB96,2) -> 0 | CS96: =ROUND(AN96*BS96,2) -> 0 | CT96: =ROUND(AO96*BA96,2) -> 0 | CU96: =AG96 -> 0 | CV96: =AH96 -> 0 | CW96: =AI96 -> 0 | CX96: =AJ96 -> 0 | CY96: =(((S96+R96)*AT96)/100) -> 0 | CZ96: =(((S96+R96)*AU96)/100) -> 0 | DN96: 0 | DO96: 0 | DP96: 1 | DQ96: 1 | DU96: 1007 | DV96: м3 | DW96: м3 | DX96: 1 | EE96: 70312921 | EF96: 2 | EG96: Общестроительные работы | EH96: 6 | EI96: Бетонные и железобетонные монолитные конструкции и работы в строительстве | EJ96: 1 | EK96: 6001 | EL96: Бетонные и железобетонные монолитные конструкции и работы в строительстве | EM96: ФЕР-06 | EQ96: 0 | ER96: 4768.61 | ES96: 4768.61 | ET96: 0 | EU96: 0 | EV96: 0 | EW96: 0 | EX96: 0 | FQ96: 0 | FR96: 0 | FS96: 0 | FX96: 102 | FY96: 58 | GD96: 1 | GF96: -966171426 | GG96: 2 | GH96: 1 | GI96: 2 | GJ96: 0 | GK96: 0 | GL96: =ROUND(IF(AND(BH96=3,BI96=3,FS96<>0),P96,0),2) -> 0 | GM96: =ROUND(O96+X96+Y96,2)+GX96 -> 714.15 | GN96: =IF(OR(BI96=0,BI96=1),GM96-GX96,0) -> 714.15 | GO96: =IF(BI96=2,GM96-GX96,0) -> 0 | GP96: =IF(BI96=4,GM96-GX96,0) -> 0 | GR96: 0 | GS96: 0 | GT96: 0 | GV96: =ROUND((GT96),6) -> 0 | GW96: 1 | GX96: =ROUND(HC96*I96,2) -> 0 | HA96: 0 | HB96: 0 | HC96: =GV96*GW96 -> 0 | HN96: Пр/812-006.0-1 | HO96: Пр/774-006.0 | HP96: Бетонные и железобетонные монолитные конструкции и работы в строительстве | HQ96: Бетонные и железобетонные монолитные конструкции и работы в строительстве | HS96: 0 | IK96: 0
A97: 17 | B97: 1 | C97: =ROW(SmtRes!A96) -> 96 | D97: =ROW(EtalonRes!A105) -> 105 | E97: 24 | F97: 06-03-004-01 | G97: Установка анкерных болтов: в готовые гнезда с заделкой длиной до 1 м | H97: т | I97: 0.001 | J97: 0 | K97: 0.001 | O97: =ROUND(CP97,2) -> 106.62 | P97: =SUMIF(SmtRes!AQ91:'SmtRes'!AQ96,"=1",SmtRes!DF91:'SmtRes'!DF96) -> 0.82 | Q97: =SUMIF(SmtRes!AQ91:'SmtRes'!AQ96,"=1",SmtRes!DG91:'SmtRes'!DG96) -> 0.62 | R97: =SUMIF(SmtRes!AQ91:'SmtRes'!AQ96,"=1",SmtRes!DH91:'SmtRes'!DH96) -> 0.26 | S97: =SUMIF(SmtRes!AQ91:'SmtRes'!AQ96,"=1",SmtRes!DI91:'SmtRes'!DI96) -> 104.92 | T97: =ROUND(CU97*I97,2) -> 0 | U97: =SUMIF(SmtRes!AQ91:'SmtRes'!AQ96,"=1",SmtRes!CV91:'SmtRes'!CV96) -> 0.289 | V97: =SUMIF(SmtRes!AQ91:'SmtRes'!AQ96,"=1",SmtRes!CW91:'SmtRes'!CW96) -> 0.00059 | W97: =ROUND(CX97*I97,2) -> 0 | X97: =ROUND(CY97,2) -> 107.28 | Y97: =ROUND(CZ97,2) -> 61 | AA97: 72309884 | AB97: =ROUND((AC97+AD97+AF97),6) -> 106143.35 | AC97: =ROUND((SUM(SmtRes!BQ91:'SmtRes'!BQ96)),6) -> 610.1576 | AD97: =ROUND((((SUM(SmtRes!BR91:'SmtRes'!BR96))-(SUM(SmtRes!BS91:'SmtRes'!BS96)))+AE97),6) -> 617.5181 | AE97: =ROUND((SUM(SmtRes!BS91:'SmtRes'!BS96)),6) -> 266.2001 | AF97: =ROUND((SUM(SmtRes!BT91:'SmtRes'!BT96)),6) -> 104915.67 | AG97: =ROUND((AP97),6) -> 0 | AH97: =(SUM(SmtRes!BU91:'SmtRes'!BU96)) -> 289 | AI97: =(SUM(SmtRes!BV91:'SmtRes'!BV96)) -> 0.59 | AJ97: =(AS97) -> 0 | AK97: 106409.55 | AL97: 610.1576 | AM97: 617.5181 | AN97: 266.2001 | AO97: 104915.67 | AP97: 0 | AQ97: 289 | AR97: 0.59 | AS97: 0 | AT97: 102 | AU97: 58 | AV97: 1 | AW97: 1 | AZ97: 1 | BA97: 1 | BB97: 1 | BC97: 1 | BH97: 0 | BI97: 1 | BJ97: ГЭСН-2022 доп.16, 06-03-004-01, приказ Минстроя России от 12.11.2025 г. № 696/пр | BM97: 6001 | BN97: 0 | BP97: 0 | BQ97: 2 | BR97: 0 | BS97: 1 | BT97: 1 | BU97: 1 | BV97: 1 | BW97: 1 | BX97: 1 | BZ97: 102 | CA97: 58 | CE97: 0 | CF97: 0 | CG97: 0 | CM97: 0 | CO97: 0 | CP97: =(P97+Q97+S97+R97) -> 106.62 | CQ97: =SUMIF(SmtRes!AQ91:'SmtRes'!AQ96,"=1",SmtRes!AA91:'SmtRes'!AA96) -> 81761.12 | CR97: =SUMIF(SmtRes!AQ91:'SmtRes'!AQ96,"=1",SmtRes!AB91:'SmtRes'!AB96) -> 2261.6 | CS97: =SUMIF(SmtRes!AQ91:'SmtRes'!AQ96,"=1",SmtRes!AC91:'SmtRes'!AC96) -> 923 | CT97: =SUMIF(SmtRes!AQ91:'SmtRes'!AQ96,"=1",SmtRes!AD91:'SmtRes'!AD96) -> 363.03 | CU97: =AG97 -> 0 | CV97: =SUMIF(SmtRes!AQ91:'SmtRes'!AQ96,"=1",SmtRes!BU91:'SmtRes'!BU96) -> 289 | CW97: =SUMIF(SmtRes!AQ91:'SmtRes'!AQ96,"=1",SmtRes!BV91:'SmtRes'!BV96) -> 0.59 | CX97: =AJ97 -> 0 | CY97: =(((S97+R97)*AT97)/100) -> 107.2836 | CZ97: =(((S97+R97)*AU97)/100) -> 61.0044 | DN97: 0 | DO97: 0 | DP97: 1 | DQ97: 1 | DU97: 1009 | DV97: т | DW97: т | DX97: 1000 | EE97: 70312921 | EF97: 2 | EG97: Общестроительные работы | EH97: 6 | EI97: Бетонные и железобетонные монолитные конструкции и работы в строительстве | EJ97: 1 | EK97: 6001 | EL97: Бетонные и железобетонные монолитные конструкции и работы в строительстве | EM97: ФЕР-06 | EQ97: 0 | ER97: 0 | ES97: 0 | ET97: 0 | EU97: 0 | EV97: 0 | EW97: 289 | EX97: 0.59 | EY97: 0 | FQ97: 0 | FR97: 0 | FS97: 0 | FX97: 102 | FY97: 58 | GD97: 1 | GF97: -142133192 | GG97: 2 | GH97: 1 | GI97: -2 | GJ97: 0 | GK97: 0 | GL97: =ROUND(IF(AND(BH97=3,BI97=3,FS97<>0),P97,0),2) -> 0 | GM97: =ROUND(O97+X97+Y97,2)+GX97 -> 274.9 | GN97: =IF(OR(BI97=0,BI97=1),GM97-GX97,0) -> 274.9 | GO97: =IF(BI97=2,GM97-GX97,0) -> 0 | GP97: =IF(BI97=4,GM97-GX97,0) -> 0 | GR97: 0 | GS97: 0 | GT97: 0 | GV97: =ROUND((GT97),6) -> 0 | GW97: 1 | GX97: =ROUND(HC97*I97,2) -> 0 | HA97: 0 | HB97: 0 | HC97: =GV97*GW97 -> 0 | HN97: Пр/812-006.0-1 | HO97: Пр/774-006.0 | HP97: Бетонные и железобетонные монолитные конструкции и работы в строительстве | HQ97: Бетонные и железобетонные монолитные конструкции и работы в строительстве | HS97: 0 | IK97: 0
A98: 18 | B98: 1 | C98: 96 | E98: 24,1 | F98: 08.4.01.01-0025 | G98: Болты анкерные фундаментные стальные в комплекте с двумя гайками М12 и шайбами М12, тип 1, диаметр М12 | H98: т | I98: =I97*J98 -> 0.001 | J98: 1 | K98: 1 | O98: =ROUND(CP98,2) -> 216.63 | P98: =ROUND(CQ98*I98,2) -> 216.63 | Q98: =ROUND(CR98*I98,2) -> 0 | R98: =ROUND(CS98*I98,2) -> 0 | S98: =ROUND(CT98*I98,2) -> 0 | T98: =ROUND(CU98*I98,2) -> 0 | U98: =ROUND(CV98*I98,7) -> 0 | V98: =ROUND(CW98*I98,7) -> 0 | W98: =ROUND(CX98*I98,2) -> 0 | X98: =ROUND(CY98,2) -> 0 | Y98: =ROUND(CZ98,2) -> 0 | AA98: 72309884 | AB98: =ROUND((AC98+AD98+AF98),6) -> 191710.91 | AC98: =ROUND((ES98),6) -> 191710.91 | AD98: =ROUND((((ET98)-(EU98))+AE98),6) -> 0 | AE98: =ROUND((EU98),6) -> 0 | AF98: =ROUND((EV98),6) -> 0 | AG98: =ROUND((AP98),6) -> 0 | AH98: =(EW98) -> 0 | AI98: =(EX98) -> 0 | AJ98: =(AS98) -> 0 | AK98: 191710.91 | AL98: 191710.91 | AM98: 0 | AN98: 0 | AO98: 0 | AP98: 0 | AQ98: 0 | AR98: 0 | AS98: 0 | AT98: 102 | AU98: 58 | AV98: 1 | AW98: 1 | AZ98: 1 | BA98: 1 | BB98: 1 | BC98: 1.13 | BH98: 3 | BI98: 1 | BJ98: ФСБЦ-2022 доп.2, 08.4.01.01-0025, приказ Минстроя России от 26.08.2022 г. № 703/пр | BM98: 6001 | BN98: 0 | BO98: 08.4.01.01-0025 | BP98: 1 | BQ98: 2 | BR98: 0 | BS98: 1 | BT98: 1 | BU98: 1 | BV98: 1 | BW98: 1 | BX98: 1 | BZ98: 102 | CA98: 58 | CE98: 0 | CF98: 0 | CG98: 0 | CM98: 0 | CO98: 0 | CP98: =(P98+Q98+S98+R98) -> 216.63 | CQ98: =ROUND(AL98*BC98,2) -> 216633.33 | CR98: =ROUND(AM98*BB98,2) -> 0 | CS98: =ROUND(AN98*BS98,2) -> 0 | CT98: =ROUND(AO98*BA98,2) -> 0 | CU98: =AG98 -> 0 | CV98: =AH98 -> 0 | CW98: =AI98 -> 0 | CX98: =AJ98 -> 0 | CY98: =(((S98+R98)*AT98)/100) -> 0 | CZ98: =(((S98+R98)*AU98)/100) -> 0 | DN98: 0 | DO98: 0 | DP98: 1 | DQ98: 1 | DU98: 1009 | DV98: т | DW98: т | DX98: 1000 | EE98: 70312921 | EF98: 2 | EG98: Общестроительные работы | EH98: 6 | EI98: Бетонные и железобетонные монолитные конструкции и работы в строительстве | EJ98: 1 | EK98: 6001 | EL98: Бетонные и железобетонные монолитные конструкции и работы в строительстве | EM98: ФЕР-06 | EQ98: 0 | ER98: 191710.91 | ES98: 191710.91 | ET98: 0 | EU98: 0 | EV98: 0 | EW98: 0 | EX98: 0 | FQ98: 0 | FR98: 0 | FS98: 0 | FX98: 102 | FY98: 58 | GD98: 1 | GF98: 1532513223 | GG98: 2 | GH98: 1 | GI98: 2 | GJ98: 0 | GK98: 0 | GL98: =ROUND(IF(AND(BH98=3,BI98=3,FS98<>0),P98,0),2) -> 0 | GM98: =ROUND(O98+X98+Y98,2)+GX98 -> 216.63 | GN98: =IF(OR(BI98=0,BI98=1),GM98-GX98,0) -> 216.63 | GO98: =IF(BI98=2,GM98-GX98,0) -> 0 | GP98: =IF(BI98=4,GM98-GX98,0) -> 0 | GR98: 0 | GS98: 0 | GT98: 0 | GV98: =ROUND((GT98),6) -> 0 | GW98: 1 | GX98: =ROUND(HC98*I98,2) -> 0 | HA98: 0 | HB98: 0 | HC98: =GV98*GW98 -> 0 | HN98: Пр/812-006.0-1 | HO98: Пр/774-006.0 | HP98: Бетонные и железобетонные монолитные конструкции и работы в строительстве | HQ98: Бетонные и железобетонные монолитные конструкции и работы в строительстве | HS98: 0 | IK98: 0
A99: 17 | B99: 1 | C99: =ROW(SmtRes!A99) -> 99 | D99: =ROW(EtalonRes!A108) -> 108 | E99: 25 | F99: 24-02-120-01 | G99: Очистка полости трубопровода продувкой воздухом, номинальный диаметр газопровода: до 63 мм | H99: 100 м | I99: =ROUND(381.5/100,7) -> 3.815 | J99: 0 | K99: =ROUND(381.5/100,7) -> 3.815 | O99: =ROUND(CP99,2) -> 1225.2 | P99: =SUMIF(SmtRes!AQ97:'SmtRes'!AQ99,"=1",SmtRes!DF97:'SmtRes'!DF99) -> 0 | Q99: =SUMIF(SmtRes!AQ97:'SmtRes'!AQ99,"=1",SmtRes!DG97:'SmtRes'!DG99) -> 308.56 | R99: =SUMIF(SmtRes!AQ97:'SmtRes'!AQ99,"=1",SmtRes!DH97:'SmtRes'!DH99) -> 300.54 | S99: =SUMIF(SmtRes!AQ97:'SmtRes'!AQ99,"=1",SmtRes!DI97:'SmtRes'!DI99) -> 616.1 | T99: =ROUND(CU99*I99,2) -> 0 | U99: =SUMIF(SmtRes!AQ97:'SmtRes'!AQ99,"=1",SmtRes!CV97:'SmtRes'!CV99) -> 1.56415 | V99: =SUMIF(SmtRes!AQ97:'SmtRes'!AQ99,"=1",SmtRes!CW97:'SmtRes'!CW99) -> 0.763 | W99: =ROUND(CX99*I99,2) -> 0 | X99: =ROUND(CY99,2) -> 1072.47 | Y99: =ROUND(CZ99,2) -> 678.31 | AA99: 72309884 | AB99: =ROUND((AC99+AD99+AF99),6) -> 242.3769 | AC99: =ROUND((0),6) -> 0 | AD99: =ROUND((((SUM(SmtRes!BR97:'SmtRes'!BR99))-(SUM(SmtRes!BS97:'SmtRes'!BS99)))+AE99),6) -> 80.882 | AE99: =ROUND((SUM(SmtRes!BS97:'SmtRes'!BS99)),6) -> 78.778 | AF99: =ROUND((SUM(SmtRes!BT97:'SmtRes'!BT99)),6) -> 161.4949 | AG99: =ROUND((AP99),6) -> 0 | AH99: =(SUM(SmtRes!BU97:'SmtRes'!BU99)) -> 0.41 | AI99: =(SUM(SmtRes!BV97:'SmtRes'!BV99)) -> 0.2 | AJ99: =(AS99) -> 0 | AK99: 321.1549 | AL99: 0 | AM99: 80.882 | AN99: 78.778 | AO99: 161.4949 | AP99: 0 | AQ99: 0.41 | AR99: 0.2 | AS99: 0 | AT99: 117 | AU99: 74 | AV99: 1 | AW99: 1 | AZ99: 1 | BA99: 1 | BB99: 1 | BC99: 1 | BH99: 0 | BI99: 1 | BJ99: ГЭСН-2022, 24-02-120-01, приказ Минстроя России от 18.05.2022 г. № 378/пр | BM99: 24001 | BN99: 0 | BP99: 0 | BQ99: 2 | BR99: 0 | BS99: 1 | BT99: 1 | BU99: 1 | BV99: 1 | BW99: 1 | BX99: 1 | BZ99: 117 | CA99: 74 | CE99: 0 | CF99: 0 | CG99: 0 | CM99: 0 | CO99: 0 | CP99: =(P99+Q99+S99+R99) -> 1225.2 | CQ99: =SUMIF(SmtRes!AQ97:'SmtRes'!AQ99,"=1",SmtRes!AA97:'SmtRes'!AA99) -> 0 | CR99: =SUMIF(SmtRes!AQ97:'SmtRes'!AQ99,"=1",SmtRes!AB97:'SmtRes'!AB99) -> 404.41 | CS99: =SUMIF(SmtRes!AQ97:'SmtRes'!AQ99,"=1",SmtRes!AC97:'SmtRes'!AC99) -> 393.89 | CT99: =SUMIF(SmtRes!AQ97:'SmtRes'!AQ99,"=1",SmtRes!AD97:'SmtRes'!AD99) -> 393.89 | CU99: =AG99 -> 0 | CV99: =SUMIF(SmtRes!AQ97:'SmtRes'!AQ99,"=1",SmtRes!BU97:'SmtRes'!BU99) -> 0.41 | CW99: =SUMIF(SmtRes!AQ97:'SmtRes'!AQ99,"=1",SmtRes!BV97:'SmtRes'!BV99) -> 0.2 | CX99: =AJ99 -> 0 | CY99: =(((S99+R99)*AT99)/100) -> 1072.4688 | CZ99: =(((S99+R99)*AU99)/100) -> 678.3136 | DN99: 0 | DO99: 0 | DP99: 1 | DQ99: 1 | DU99: 1003 | DV99: 100 м | DW99: 100 м | DX99: 100 | EE99: 70312969 | EF99: 2 | EG99: Общестроительные работы | EH99: 18 | EI99: Наружные сети водопровода, канализации, теплоснабжения, газопроводы | EJ99: 1 | EK99: 24001 | EL99: Наружные сети водопровода, канализации, теплоснабжения, газопроводы | EM99: ФЕР-24 | EQ99: 0 | ER99: 0 | ES99: 0 | ET99: 0 | EU99: 0 | EV99: 0 | EW99: 0.41 | EX99: 0.2 | EY99: 0 | FQ99: 0 | FR99: 0 | FS99: 0 | FX99: 117 | FY99: 74 | GD99: 1 | GF99: -1790829716 | GG99: 2 | GH99: 1 | GI99: -2 | GJ99: 0 | GK99: 0 | GL99: =ROUND(IF(AND(BH99=3,BI99=3,FS99<>0),P99,0),2) -> 0 | GM99: =ROUND(O99+X99+Y99,2)+GX99 -> 2975.98 | GN99: =IF(OR(BI99=0,BI99=1),GM99-GX99,0) -> 2975.98 | GO99: =IF(BI99=2,GM99-GX99,0) -> 0 | GP99: =IF(BI99=4,GM99-GX99,0) -> 0 | GR99: 0 | GS99: 0 | GT99: 0 | GV99: =ROUND((GT99),6) -> 0 | GW99: 1 | GX99: =ROUND(HC99*I99,2) -> 0 | HA99: 0 | HB99: 0 | HC99: =GV99*GW99 -> 0 | HN99: Пр/812-018.0-1 | HO99: Пр/774-018.0 | HP99: Наружные сети водопровода, канализации, теплоснабжения, газопроводы | HQ99: Наружные сети водопровода, канализации, теплоснабжения, газопроводы | HS99: 0 | IK99: 0
A100: 17 | B100: 1 | C100: =ROW(SmtRes!A103) -> 103 | D100: =ROW(EtalonRes!A112) -> 112 | E100: 26 | F100: 24-02-123-01 | G100: Подъем давления при испытании воздухом газопроводов высокого давления (до 0,6 МПа) номинальным диаметром: 50 мм | H100: 100 м | I100: =ROUND(2.5/100,7) -> 0.025 | J100: 0 | K100: =ROUND(2.5/100,7) -> 0.025 | O100: =ROUND(CP100,2) -> 2.64 | P100: =SUMIF(SmtRes!AQ100:'SmtRes'!AQ103,"=1",SmtRes!DF100:'SmtRes'!DF103) -> 0 | Q100: =SUMIF(SmtRes!AQ100:'SmtRes'!AQ103,"=1",SmtRes!DG100:'SmtRes'!DG103) -> 1.2 | R100: =SUMIF(SmtRes!AQ100:'SmtRes'!AQ103,"=1",SmtRes!DH100:'SmtRes'!DH103) -> 0.65 | S100: =SUMIF(SmtRes!AQ100:'SmtRes'!AQ103,"=1",SmtRes!DI100:'SmtRes'!DI103) -> 0.79 | T100: =ROUND(CU100*I100,2) -> 0 | U100: =SUMIF(SmtRes!AQ100:'SmtRes'!AQ103,"=1",SmtRes!CV100:'SmtRes'!CV103) -> 0.002 | V100: =SUMIF(SmtRes!AQ100:'SmtRes'!AQ103,"=1",SmtRes!CW100:'SmtRes'!CW103) -> 0.0015 | W100: =ROUND(CX100*I100,2) -> 0 | X100: =ROUND(CY100,2) -> 1.68 | Y100: =ROUND(CZ100,2) -> 1.07 | AA100: 72309884 | AB100: =ROUND((AC100+AD100+AF100),6) -> 79.721 | AC100: =ROUND((0),6) -> 0 | AD100: =ROUND((((SUM(SmtRes!BR100:'SmtRes'!BR103))-(SUM(SmtRes!BS100:'SmtRes'!BS103)))+AE100),6) -> 48.2098 | AE100: =ROUND((SUM(SmtRes!BS100:'SmtRes'!BS103)),6) -> 26.3378 | AF100: =ROUND((SUM(SmtRes!BT100:'SmtRes'!BT103)),6) -> 31.5112 | AG100: =ROUND((AP100),6) -> 0 | AH100: =(SUM(SmtRes!BU100:'SmtRes'!BU103)) -> 0.08 | AI100: =(SUM(SmtRes!BV100:'SmtRes'!BV103)) -> 0.06 | AJ100: =(AS100) -> 0 | AK100: 106.0588 | AL100: 0 | AM100: 48.2098 | AN100: 26.3378 | AO100: 31.5112 | AP100: 0 | AQ100: 0.08 | AR100: 0.06 | AS100: 0 | AT100: 117 | AU100: 74 | AV100: 1 | AW100: 1 | AZ100: 1 | BA100: 1 | BB100: 1 | BC100: 1 | BH100: 0 | BI100: 1 | BJ100: ГЭСН-2022, 24-02-123-01, приказ Минстроя России от 18.05.2022 г. № 378/пр | BM100: 24001 | BN100: 0 | BP100: 0 | BQ100: 2 | BR100: 0 | BS100: 1 | BT100: 1 | BU100: 1 | BV100: 1 | BW100: 1 | BX100: 1 | BZ100: 117 | CA100: 74 | CE100: 0 | CF100: 0 | CG100: 0 | CM100: 0 | CO100: 0 | CP100: =(P100+Q100+S100+R100) -> 2.64 | CQ100: =SUMIF(SmtRes!AQ100:'SmtRes'!AQ103,"=1",SmtRes!AA100:'SmtRes'!AA103) -> 0 | CR100: =SUMIF(SmtRes!AQ100:'SmtRes'!AQ103,"=1",SmtRes!AB100:'SmtRes'!AB103) -> 2006.08 | CS100: =SUMIF(SmtRes!AQ100:'SmtRes'!AQ103,"=1",SmtRes!AC100:'SmtRes'!AC103) -> 923 | CT100: =SUMIF(SmtRes!AQ100:'SmtRes'!AQ103,"=1",SmtRes!AD100:'SmtRes'!AD103) -> 393.89 | CU100: =AG100 -> 0 | CV100: =SUMIF(SmtRes!AQ100:'SmtRes'!AQ103,"=1",SmtRes!BU100:'SmtRes'!BU103) -> 0.08 | CW100: =SUMIF(SmtRes!AQ100:'SmtRes'!AQ103,"=1",SmtRes!BV100:'SmtRes'!BV103) -> 0.06 | CX100: =AJ100 -> 0 | CY100: =(((S100+R100)*AT100)/100) -> 1.6848 | CZ100: =(((S100+R100)*AU100)/100) -> 1.0656 | DN100: 0 | DO100: 0 | DP100: 1 | DQ100: 1 | DU100: 1003 | DV100: 100 м | DW100: 100 м | DX100: 100 | EE100: 70312969 | EF100: 2 | EG100: Общестроительные работы | EH100: 18 | EI100: Наружные сети водопровода, канализации, теплоснабжения, газопроводы | EJ100: 1 | EK100: 24001 | EL100: Наружные сети водопровода, канализации, теплоснабжения, газопроводы | EM100: ФЕР-24 | EQ100: 0 | ER100: 0 | ES100: 0 | ET100: 0 | EU100: 0 | EV100: 0 | EW100: 0.08 | EX100: 0.06 | EY100: 0 | FQ100: 0 | FR100: 0 | FS100: 0 | FX100: 117 | FY100: 74 | GD100: 1 | GF100: -2127230446 | GG100: 2 | GH100: 1 | GI100: -2 | GJ100: 0 | GK100: 0 | GL100: =ROUND(IF(AND(BH100=3,BI100=3,FS100<>0),P100,0),2) -> 0 | GM100: =ROUND(O100+X100+Y100,2)+GX100 -> 5.39 | GN100: =IF(OR(BI100=0,BI100=1),GM100-GX100,0) -> 5.39 | GO100: =IF(BI100=2,GM100-GX100,0) -> 0 | GP100: =IF(BI100=4,GM100-GX100,0) -> 0 | GR100: 0 | GS100: 0 | GT100: 0 | GV100: =ROUND((GT100),6) -> 0 | GW100: 1 | GX100: =ROUND(HC100*I100,2) -> 0 | HA100: 0 | HB100: 0 | HC100: =GV100*GW100 -> 0 | HN100: Пр/812-018.0-1 | HO100: Пр/774-018.0 | HP100: Наружные сети водопровода, канализации, теплоснабжения, газопроводы | HQ100: Наружные сети водопровода, канализации, теплоснабжения, газопроводы | HS100: 0 | IK100: 0
A101: 17 | B101: 1 | C101: =ROW(SmtRes!A109) -> 109 | D101: =ROW(EtalonRes!A119) -> 119 | E101: 27 | F101: 24-02-035-03 | G101: Опрессовка газопровода из полиэтиленовых труб, диаметром: 63 мм | H101: км | I101: 0.379 | J101: 0 | K101: 0.379 | O101: =ROUND(CP101,2) -> 6404.4 | P101: =SUMIF(SmtRes!AQ104:'SmtRes'!AQ109,"=1",SmtRes!DF104:'SmtRes'!DF109) -> 1.68 | Q101: =SUMIF(SmtRes!AQ104:'SmtRes'!AQ109,"=1",SmtRes!DG104:'SmtRes'!DG109) -> 16.31 | R101: =SUMIF(SmtRes!AQ104:'SmtRes'!AQ109,"=1",SmtRes!DH104:'SmtRes'!DH109) -> 1.49 | S101: =SUMIF(SmtRes!AQ104:'SmtRes'!AQ109,"=1",SmtRes!DI104:'SmtRes'!DI109) -> 6384.92 | T101: =ROUND(CU101*I101,2) -> 0 | U101: =SUMIF(SmtRes!AQ104:'SmtRes'!AQ109,"=1",SmtRes!CV104:'SmtRes'!CV109) -> 15.0842 | V101: =SUMIF(SmtRes!AQ104:'SmtRes'!AQ109,"=1",SmtRes!CW104:'SmtRes'!CW109) -> 0.00379 | W101: =ROUND(CX101*I101,2) -> 0 | X101: =ROUND(CY101,2) -> 7472.1 | Y101: =ROUND(CZ101,2) -> 4725.94 | AA101: 72309884 | AB101: =ROUND((AC101+AD101+AF101),6) -> 16875.686 | AC101: =ROUND((SUM(SmtRes!BQ104:'SmtRes'!BQ109)),6) -> 4.4926 | AD101: =ROUND((((SUM(SmtRes!BR104:'SmtRes'!BR109))-(SUM(SmtRes!BS104:'SmtRes'!BS109)))+AE101),6) -> 24.4505 | AE101: =ROUND((SUM(SmtRes!BS104:'SmtRes'!BS109)),6) -> 3.9389 | AF101: =ROUND((SUM(SmtRes!BT104:'SmtRes'!BT109)),6) -> 16846.743 | AG101: =ROUND((AP101),6) -> 0 | AH101: =(SUM(SmtRes!BU104:'SmtRes'!BU109)) -> 39.8 | AI101: =(SUM(SmtRes!BV104:'SmtRes'!BV109)) -> 0.01 | AJ101: =(AS101) -> 0 | AK101: 16879.625 | AL101: 4.4926 | AM101: 24.4505 | AN101: 3.9389 | AO101: 16846.743 | AP101: 0 | AQ101: 39.8 | AR101: 0.01 | AS101: 0 | AT101: 117 | AU101: 74 | AV101: 1 | AW101: 1 | AZ101: 1 | BA101: 1 | BB101: 1 | BC101: 1 | BH101: 0 | BI101: 1 | BJ101: ГЭСН-2022 доп.7, 24-02-035-03, приказ Минстроя России от 02.08.2023 г. № 551/пр | BM101: 24001 | BN101: 0 | BP101: 0 | BQ101: 2 | BR101: 0 | BS101: 1 | BT101: 1 | BU101: 1 | BV101: 1 | BW101: 1 | BX101: 1 | BZ101: 117 | CA101: 74 | CE101: 0 | CF101: 0 | CG101: 0 | CM101: 0 | CO101: 0 | CP101: =(P101+Q101+S101+R101) -> 6404.4 | CQ101: =SUMIF(SmtRes!AQ104:'SmtRes'!AQ109,"=1",SmtRes!AA104:'SmtRes'!AA109) -> 160.44 | CR101: =SUMIF(SmtRes!AQ104:'SmtRes'!AQ109,"=1",SmtRes!AB104:'SmtRes'!AB109) -> 4303.29 | CS101: =SUMIF(SmtRes!AQ104:'SmtRes'!AQ109,"=1",SmtRes!AC104:'SmtRes'!AC109) -> 393.89 | CT101: =SUMIF(SmtRes!AQ104:'SmtRes'!AQ109,"=1",SmtRes!AD104:'SmtRes'!AD109) -> 846.57 | CU101: =AG101 -> 0 | CV101: =SUMIF(SmtRes!AQ104:'SmtRes'!AQ109,"=1",SmtRes!BU104:'SmtRes'!BU109) -> 39.8 | CW101: =SUMIF(SmtRes!AQ104:'SmtRes'!AQ109,"=1",SmtRes!BV104:'SmtRes'!BV109) -> 0.01 | CX101: =AJ101 -> 0 | CY101: =(((S101+R101)*AT101)/100) -> 7472.0997 | CZ101: =(((S101+R101)*AU101)/100) -> 4725.9434 | DN101: 0 | DO101: 0 | DP101: 1 | DQ101: 1 | DU101: 1003 | DV101: км | DW101: км | DX101: 1000 | EE101: 70312969 | EF101: 2 | EG101: Общестроительные работы | EH101: 18 | EI101: Наружные сети водопровода, канализации, теплоснабжения, газопроводы | EJ101: 1 | EK101: 24001 | EL101: Наружные сети водопровода, канализации, теплоснабжения, газопроводы | EM101: ФЕР-24 | EQ101: 0 | ER101: 0 | ES101: 0 | ET101: 0 | EU101: 0 | EV101: 0 | EW101: 39.8 | EX101: 0.01 | EY101: 0 | FQ101: 0 | FR101: 0 | FS101: 0 | FX101: 117 | FY101: 74 | GD101: 1 | GF101: -234680803 | GG101: 2 | GH101: 1 | GI101: -2 | GJ101: 0 | GK101: 0 | GL101: =ROUND(IF(AND(BH101=3,BI101=3,FS101<>0),P101,0),2) -> 0 | GM101: =ROUND(O101+X101+Y101,2)+GX101 -> 18602.44 | GN101: =IF(OR(BI101=0,BI101=1),GM101-GX101,0) -> 18602.44 | GO101: =IF(BI101=2,GM101-GX101,0) -> 0 | GP101: =IF(BI101=4,GM101-GX101,0) -> 0 | GR101: 0 | GS101: 0 | GT101: 0 | GV101: =ROUND((GT101),6) -> 0 | GW101: 1 | GX101: =ROUND(HC101*I101,2) -> 0 | HA101: 0 | HB101: 0 | HC101: =GV101*GW101 -> 0 | HN101: Пр/812-018.0-1 | HO101: Пр/774-018.0 | HP101: Наружные сети водопровода, канализации, теплоснабжения, газопроводы | HQ101: Наружные сети водопровода, канализации, теплоснабжения, газопроводы | HS101: 0 | IK101: 0
A102: 17 | B102: 1 | C102: =ROW(SmtRes!A113) -> 113 | D102: =ROW(EtalonRes!A123) -> 123 | E102: 28 | F102: 24-02-124-01 | G102: Выдержка под давлением до 0,6 МПа при испытании на прочность и герметичность участка газопровода номинальным диаметром: 50-300 мм | H102: участок | I102: 0 | J102: 0 | K102: 0 | O102: =ROUND(CP102,2) -> 0 | P102: =SUMIF(SmtRes!AQ110:'SmtRes'!AQ113,"=1",SmtRes!DF110:'SmtRes'!DF113) -> 0 | Q102: =SUMIF(SmtRes!AQ110:'SmtRes'!AQ113,"=1",SmtRes!DG110:'SmtRes'!DG113) -> 0 | R102: =SUMIF(SmtRes!AQ110:'SmtRes'!AQ113,"=1",SmtRes!DH110:'SmtRes'!DH113) -> 0 | S102: =SUMIF(SmtRes!AQ110:'SmtRes'!AQ113,"=1",SmtRes!DI110:'SmtRes'!DI113) -> 0 | T102: =ROUND(CU102*I102,2) -> 0 | U102: =SUMIF(SmtRes!AQ110:'SmtRes'!AQ113,"=1",SmtRes!CV110:'SmtRes'!CV113) -> 0 | V102: =SUMIF(SmtRes!AQ110:'SmtRes'!AQ113,"=1",SmtRes!CW110:'SmtRes'!CW113) -> 0 | W102: =ROUND(CX102*I102,2) -> 0 | X102: =ROUND(CY102,2) -> 0 | Y102: =ROUND(CZ102,2) -> 0 | AA102: 72309884 | AB102: =ROUND((AC102+AD102+AF102),6) -> 12830.006 | AC102: =ROUND((0),6) -> 0 | AD102: =ROUND((((SUM(SmtRes!BR110:'SmtRes'!BR113))-(SUM(SmtRes!BS110:'SmtRes'!BS113)))+AE102),6) -> 7315.546 | AE102: =ROUND((SUM(SmtRes!BS110:'SmtRes'!BS113)),6) -> 4238.738 | AF102: =ROUND((SUM(SmtRes!BT110:'SmtRes'!BT113)),6) -> 5514.46 | AG102: =ROUND((AP102),6) -> 0 | AH102: =(SUM(SmtRes!BU110:'SmtRes'!BU113)) -> 14 | AI102: =(SUM(SmtRes!BV110:'SmtRes'!BV113)) -> 9.8 | AJ102: =(AS102) -> 0 | AK102: 17068.744 | AL102: 0 | AM102: 7315.546 | AN102: 4238.738 | AO102: 5514.46 | AP102: 0 | AQ102: 14 | AR102: 9.8 | AS102: 0 | AT102: 117 | AU102: 74 | AV102: 1 | AW102: 1 | AZ102: 1 | BA102: 1 | BB102: 1 | BC102: 1 | BH102: 0 | BI102: 1 | BJ102: ГЭСН-2022, 24-02-124-01, приказ Минстроя России от 18.05.2022 г. № 378/пр | BM102: 24001 | BN102: 0 | BP102: 0 | BQ102: 2 | BR102: 0 | BS102: 1 | BT102: 1 | BU102: 1 | BV102: 1 | BW102: 1 | BX102: 1 | BZ102: 117 | CA102: 74 | CE102: 0 | CF102: 0 | CG102: 0 | CM102: 0 | CO102: 0 | CP102: =(P102+Q102+S102+R102) -> 0 | CQ102: =SUMIF(SmtRes!AQ110:'SmtRes'!AQ113,"=1",SmtRes!AA110:'SmtRes'!AA113) -> 0 | CR102: =SUMIF(SmtRes!AQ110:'SmtRes'!AQ113,"=1",SmtRes!AB110:'SmtRes'!AB113) -> 2006.08 | CS102: =SUMIF(SmtRes!AQ110:'SmtRes'!AQ113,"=1",SmtRes!AC110:'SmtRes'!AC113) -> 923 | CT102: =SUMIF(SmtRes!AQ110:'SmtRes'!AQ113,"=1",SmtRes!AD110:'SmtRes'!AD113) -> 393.89 | CU102: =AG102 -> 0 | CV102: =SUMIF(SmtRes!AQ110:'SmtRes'!AQ113,"=1",SmtRes!BU110:'SmtRes'!BU113) -> 14 | CW102: =SUMIF(SmtRes!AQ110:'SmtRes'!AQ113,"=1",SmtRes!BV110:'SmtRes'!BV113) -> 9.8 | CX102: =AJ102 -> 0 | CY102: =(((S102+R102)*AT102)/100) -> 0 | CZ102: =(((S102+R102)*AU102)/100) -> 0 | DN102: 0 | DO102: 0 | DP102: 1 | DQ102: 1 | DU102: 1013 | DV102: участок | DW102: участок | DX102: 1 | EE102: 70312969 | EF102: 2 | EG102: Общестроительные работы | EH102: 18 | EI102: Наружные сети водопровода, канализации, теплоснабжения, газопроводы | EJ102: 1 | EK102: 24001 | EL102: Наружные сети водопровода, канализации, теплоснабжения, газопроводы | EM102: ФЕР-24 | EQ102: 0 | ER102: 0 | ES102: 0 | ET102: 0 | EU102: 0 | EV102: 0 | EW102: 14 | EX102: 9.8 | EY102: 0 | FQ102: 0 | FR102: 0 | FS102: 0 | FX102: 117 | FY102: 74 | GD102: 1 | GF102: -884602627 | GG102: 2 | GH102: 1 | GI102: -2 | GJ102: 0 | GK102: 0 | GL102: =ROUND(IF(AND(BH102=3,BI102=3,FS102<>0),P102,0),2) -> 0 | GM102: =ROUND(O102+X102+Y102,2)+GX102 -> 0 | GN102: =IF(OR(BI102=0,BI102=1),GM102-GX102,0) -> 0 | GO102: =IF(BI102=2,GM102-GX102,0) -> 0 | GP102: =IF(BI102=4,GM102-GX102,0) -> 0 | GR102: 0 | GS102: 3 | GT102: 0 | GV102: =ROUND((GT102),6) -> 0 | GW102: 1 | GX102: =ROUND(HC102*I102,2) -> 0 | HA102: 0 | HB102: 0 | HC102: =GV102*GW102 -> 0 | HN102: Пр/812-018.0-1 | HO102: Пр/774-018.0 | HP102: Наружные сети водопровода, канализации, теплоснабжения, газопроводы | HQ102: Наружные сети водопровода, канализации, теплоснабжения, газопроводы | HS102: 0 | IK102: 0
A104: 51 | B104: =B67 -> 1 | C104: =A67 -> 5 | D104: =ROW(A67) -> 67 | F104: =IF(F67<>"",F67,"") -> Новый подраздел | G104: =IF(G67<>"",G67,"") -> Укладка трубы | H104: 0 | O104: =ROUND(AB104,2) -> 192356.16 | P104: =ROUND(AC104,2) -> 141660.5 | Q104: =ROUND(AD104,2) -> 11056 | R104: =ROUND(AE104,2) -> 3305.46 | S104: =ROUND(AF104,2) -> 36334.2 | T104: =ROUND(AG104,2) -> 0 | U104: =AH104 -> 89.2965 | V104: =AI104 -> 7.4437848 | W104: =ROUND(AJ104,2) -> 0 | X104: =ROUND(AK104,2) -> 45790.67 | Y104: =ROUND(AL104,2) -> 27157.96 | AB104: =ROUND(SUMIF(AA71:AA102,"=72309884",O71:O102),2) -> 192356.16 | AC104: =ROUND(SUMIF(AA71:AA102,"=72309884",P71:P102),2) -> 141660.5 | AD104: =ROUND(SUMIF(AA71:AA102,"=72309884",Q71:Q102),2) -> 11056 | AE104: =ROUND(SUMIF(AA71:AA102,"=72309884",R71:R102),2) -> 3305.46 | AF104: =ROUND(SUMIF(AA71:AA102,"=72309884",S71:S102),2) -> 36334.2 | AG104: =ROUND(SUMIF(AA71:AA102,"=72309884",T71:T102),2) -> 0 | AH104: =SUMIF(AA71:AA102,"=72309884",U71:U102) -> 89.2965 | AI104: =SUMIF(AA71:AA102,"=72309884",V71:V102) -> 7.4437848 | AJ104: =ROUND(SUMIF(AA71:AA102,"=72309884",W71:W102),2) -> 0 | AK104: =ROUND(SUMIF(AA71:AA102,"=72309884",X71:X102),2) -> 45790.67 | AL104: =ROUND(SUMIF(AA71:AA102,"=72309884",Y71:Y102),2) -> 27157.96 | AO104: =ROUND(BX104,2) -> 0 | AP104: =ROUND(BY104,2) -> 0 | AQ104: =ROUND(BZ104,2) -> 0 | AR104: =ROUND(CA104,2) -> 265304.79 | AS104: =ROUND(CB104,2) -> 221326.34 | AT104: =ROUND(CC104,2) -> 43978.45 | AU104: =ROUND(CD104,2) -> 0 | AV104: =ROUND(CE104,2) -> 141660.5 | ... BD104: =ROUND(CM104,2) -> 0 | BX104: =ROUND(SUMIF(AA71:AA102,"=72309884",FQ71:FQ102),2) -> 0 | BY104: =ROUND(SUMIF(AA71:AA102,"=72309884",FR71:FR102),2) -> 0 | BZ104: =ROUND(SUMIF(AA71:AA102,"=72309884",GL71:GL102),2) -> 0 | CA104: =ROUND(SUMIF(AA71:AA102,"=72309884",GM71:GM102),2) -> 265304.79 | CB104: =ROUND(SUMIF(AA71:AA102,"=72309884",GN71:GN102),2) -> 221326.34 | CC104: =ROUND(SUMIF(AA71:AA102,"=72309884",GO71:GO102),2) -> 43978.45 | CD104: =ROUND(SUMIF(AA71:AA102,"=72309884",GP71:GP102),2) -> 0 | CE104: =AC104-BX104 -> 141660.5 | CF104: =AC104-BY104 -> 141660.5 | CG104: =BX104-BZ104 -> 0 | CH104: =AC104-BX104-BY104+BZ104 -> 141660.5 | CI104: =BY104-BZ104 -> 0 | CJ104: =ROUND(SUMIF(AA71:AA102,"=72309884",GX71:GX102),2) -> 0 | CK104: =ROUND(SUMIF(AA71:AA102,"=72309884",GY71:GY102),2) -> 0 | CL104: =ROUND(SUMIF(AA71:AA102,"=72309884",GZ71:GZ102),2) -> 0 | CM104: =ROUND(SUMIF(AA71:AA102,"=72309884",HD71:HD102),2) -> 0 | GX104: 0
A106: 50 | B106: 0 | C106: 0 | D106: 1 | E106: 201 | F106: =ROUND(Source!O104,O106) -> 192356.16 | G106: ПЗ | H106: Прямые затраты | K106: 201 | L106: 1 | M106: 3 | O106: 2 | W106: 192356.16 | X106: 1 | Y106: 192356.16
A107: 50 | B107: 0 | C107: 0 | D107: 1 | E107: 202 | F107: =ROUND(Source!P104,O107) -> 141660.5 | G107: СтМатОб | H107: Стоимость материальных ресурсов (всего) | K107: 202 | L107: 2 | M107: 3 | O107: 2 | W107: 141660.5 | X107: 1 | Y107: 141660.5
A108: 50 | B108: 0 | C108: 0 | D108: 1 | E108: 222 | F108: =ROUND(Source!AO104,O108) -> 0 | G108: СтМатОбЗак | H108: Стоимость материалов и оборудования заказчика | K108: 222 | L108: 3 | M108: 3 | O108: 2 | W108: 0 | X108: 1 | Y108: 0
A109: 50 | B109: 0 | C109: 0 | D109: 1 | E109: 225 | F109: =ROUND(Source!AV104,O109) -> 141660.5 | G109: СтМатОбПод | H109: Стоимость материалов и оборудования подрядчика | K109: 225 | L109: 4 | M109: 3 | O109: 2 | W109: 141660.5 | X109: 1 | Y109: 141660.5
A110: 50 | B110: 0 | C110: 0 | D110: 1 | E110: 226 | F110: =ROUND(Source!AW104,O110) -> 141660.5 | G110: СтМат | H110: Стоимость материалов (всего) | K110: 226 | L110: 5 | M110: 3 | O110: 2 | W110: 141660.5 | X110: 1 | Y110: 141660.5
A111: 50 | B111: 0 | C111: 0 | D111: 1 | E111: 227 | F111: =ROUND(Source!AX104,O111) -> 0 | G111: СтМатЗак | H111: Стоимость материалов заказчика | K111: 227 | L111: 6 | M111: 3 | O111: 2 | W111: 0 | X111: 1 | Y111: 0
A112: 50 | B112: 0 | C112: 0 | D112: 1 | E112: 228 | F112: =ROUND(Source!AY104,O112) -> 141660.5 | G112: СтМатПод | H112: Стоимость материалов подрядчика | K112: 228 | L112: 7 | M112: 3 | O112: 2 | W112: 141660.5 | X112: 1 | Y112: 141660.5
A113: 50 | B113: 0 | C113: 0 | D113: 1 | E113: 216 | F113: =ROUND(Source!AP104,O113) -> 0 | G113: Оборуд | H113: Стоимость оборудования (всего) | K113: 216 | L113: 8 | M113: 3 | O113: 2 | W113: 0 | X113: 1 | Y113: 0
A114: 50 | B114: 0 | C114: 0 | D114: 1 | E114: 223 | F114: =ROUND(Source!AQ104,O114) -> 0 | G114: ОборудЗак | H114: Стоимость оборудования заказчика | K114: 223 | L114: 9 | M114: 3 | O114: 2 | W114: 0 | X114: 1 | Y114: 0
A115: 50 | B115: 0 | C115: 0 | D115: 1 | E115: 229 | F115: =ROUND(Source!AZ104,O115) -> 0 | G115: ОборудПод | H115: Стоимость оборудования подрядчика | K115: 229 | L115: 10 | M115: 3 | O115: 2 | W115: 0 | X115: 1 | Y115: 0
A116: 50 | B116: 0 | C116: 0 | D116: 1 | E116: 203 | F116: =ROUND(Source!Q104,O116) -> 11056 | G116: ЭММ | H116: Эксплуатация машин | K116: 203 | L116: 11 | M116: 3 | O116: 2 | W116: 11056 | X116: 1 | Y116: 11056
A117: 50 | B117: 0 | C117: 0 | D117: 1 | E117: 231 | F117: =ROUND(Source!BB104,O117) -> 0 | G117: ЭММсНРиСП | H117: Эксплуатация машин по ТСН-2001.16 | K117: 231 | L117: 12 | M117: 3 | O117: 2 | W117: 0 | X117: 1 | Y117: 0
A118: 50 | B118: 0 | C118: 0 | D118: 1 | E118: 204 | F118: =ROUND(Source!R104,O118) -> 3305.46 | G118: ЗПМ | H118: ЗП машинистов | K118: 204 | L118: 13 | M118: 3 | O118: 2 | W118: 3305.46 | X118: 1 | Y118: 3305.46
A119: 50 | B119: 0 | C119: 0 | D119: 1 | E119: 205 | F119: =ROUND(Source!S104,O119) -> 36334.2 | G119: ОЗП | H119: Основная ЗП рабочих | K119: 205 | L119: 14 | M119: 3 | O119: 2 | W119: 36334.2 | X119: 1 | Y119: 36334.2
A120: 50 | B120: 0 | C120: 0 | D120: 1 | E120: 232 | F120: =ROUND(Source!BC104,O120) -> 0 | G120: ОЗПсНРиСП | H120: Основная ЗП рабочих по ТСН-2001.16 | K120: 232 | L120: 15 | M120: 3 | O120: 2 | W120: 0 | X120: 1 | Y120: 0
A121: 50 | B121: 0 | C121: 0 | D121: 1 | E121: 214 | F121: =ROUND(Source!AS104,O121) -> 221326.34 | G121: Строит | H121: Строительные работы с НР и СП | K121: 214 | L121: 16 | M121: 3 | O121: 2 | W121: 221326.34 | X121: 1 | Y121: 221326.34
A122: 50 | B122: 0 | C122: 0 | D122: 1 | E122: 215 | F122: =ROUND(Source!AT104,O122) -> 43978.45 | G122: Монтаж | H122: Монтажные работы с НР и СП | K122: 215 | L122: 17 | M122: 3 | O122: 2 | W122: 43978.45 | X122: 1 | Y122: 43978.45
A123: 50 | B123: 0 | C123: 0 | D123: 1 | E123: 217 | F123: =ROUND(Source!AU104,O123) -> 0 | G123: Прочие | H123: Прочие работы с НР и СП | K123: 217 | L123: 18 | M123: 3 | O123: 2 | W123: 0 | X123: 1 | Y123: 0
A124: 50 | B124: 0 | C124: 0 | D124: 1 | E124: 230 | F124: =ROUND(Source!BA104,O124) -> 0 | G124: ПрочиеЗатр | H124: Прочие затраты по ТСН-2001.16 | K124: 230 | L124: 19 | M124: 3 | O124: 2 | W124: 0 | X124: 1 | Y124: 0
A125: 50 | B125: 0 | C125: 0 | D125: 1 | E125: 206 | F125: =ROUND(Source!T104,O125) -> 0 | G125: ВозврМат | H125: Возврат материалов | K125: 206 | L125: 20 | M125: 3 | O125: 2 | W125: 0 | X125: 1 | Y125: 0
A126: 50 | B126: 0 | C126: 0 | D126: 1 | E126: 207 | F126: =ROUND(Source!U104,O126) -> 89.2965 | G126: ТрудСтр | H126: Трудозатраты строителей | K126: 207 | L126: 21 | M126: 3 | O126: 7 | W126: 89.2965 | X126: 1 | Y126: 89.2965
A127: 50 | B127: 0 | C127: 0 | D127: 1 | E127: 208 | F127: =ROUND(Source!V104,O127) -> 7.4437848 | G127: ТрудМаш | H127: Трудозатраты машинистов | K127: 208 | L127: 22 | M127: 3 | O127: 7 | W127: 7.4437848 | X127: 1 | Y127: 7.4437848
A128: 50 | B128: 0 | C128: 0 | D128: 1 | E128: 209 | F128: =ROUND(Source!W104,O128) -> 0 | G128: ТранспМат | H128: Транспорт материалов | K128: 209 | L128: 23 | M128: 3 | O128: 2 | W128: 0 | X128: 1 | Y128: 0
...

Sheet SourceObSm
A1: 0 | B1: Smeta.RU (495) 974-1589 | D1: _OBSM_ | F1: 0 | G1: 0 | H1: 0 | I1: Smeta.RU | K1: 1 | L1: 28180 | M1: 10 | N1: 12 | O1: 1 | P1: 0 | Q1: 5
A12: 1 | B12: 59 | C12: 0 | E12: 0 | F12: Новый объект_(Копия)_(Копия)_(Копия)_(Копия)_(Копия) | G12: Газопровод высокого и низкого давления к нежилому зданию,расположенному по адресу: Пензенская область,Кузнецкий район,р.п.Евлашево(кн 58:14:0130201:451) | I12: 0 | K12: 0 | L12: 0 | M12: 523 | O12: 0 | P12: 0 | Q12: 7 | R12: 0 | T12: 4 | V12: 0 | BB12: 0 | BH12: Сметные нормы списания | BI12: Коды ценников | BJ12: 1 | BK12: 1 | BL12: 0 | BM12: 0 | BN12: 1 | BO12: 0 | BP12: 6 | BQ12: 2 | BR12: 1 | BS12: 1 | BT12: 0 | BU12: 0 | BV12: 0 | BW12: 0 | BX12: 0 | BY12: ФСНБ-2022_И18 | BZ12: Версия 1.18.0 для ФСНБ-2022 И18 | CA12: ФСНБ-2022 - Изменения И18 | CB12: ФСНБ-2022 - Изменения И18 | CC12: ФСНБ-2022 - Изменения И18 | CD12: ФСНБ-2022 - Изменения И18 | CE12: Поправки для ФСНБ-2022 от 21.05.2026 г И18 (55/пр) Строительство | CF12: 0 | CG12: 0 | CH12: 487096328 | CK12: 18 | CQ12: Приказ Минстроя России от 30.12.2021 г. № 1046/пр; Приказ Минстроя России от 04.08.2020 г. № 421/пр; Приказ Минстроя России от 21.12.2020 г. № 812/пр; Приказ Минстроя России от 11.12.2020 г. № 774/пр | CR12: ГСН | CS12: 46161 | CT12: 567 | CU12: 18 | CV12: Приказ Минстроя России от 18.05.2022 г. № 378/пр; Приказ Минстроя России от 26.08.2022 г. № 703/пр; Приказ Минстроя России от 26.10.2022 г. № 905/пр; Приказ Минстроя России от 27.12.2022 г. № 1133/пр; Приказ Минстроя России от 10.02.2023 г. № 84/пр; Приказ Минстроя России от 11.05.2023 г. № 335/пр; Приказ Минстроя России от 02.08.2023 г. № 551/пр; Приказ Минстроя России от 14.11.2023 г. № 817/пр; Приказ Минстроя России от 16.02.2024 г. № 102/пр; Приказ Минстроя России от 13.05.2024 г. № 323/пр; Приказ Минстроя России от 09.08.2024 г. № 524/пр; Приказ Минстроя России от 07.11.2024 г. № 747/пр; Приказ Минстроя России от 07.02.2025 г. № 69/пр; Приказ Минстроя России от 19.05.2025 г. № 299/пр; Приказ Минстроя России от 14.08.2025 г. № 490/пр; Приказ Минстроя России от 12.11.2025 г. № 696/пр; Приказ Минстроя России от 17.02.2026 г. № 91/пр; Приказ Минстроя России от 15.05.2026 г. № 301/пр; Приказ Минстроя России от 07.07.2022 г. № 557/пр; Приказ Минстроя России от 30.01.2024 г. № 55/пр; Приказ Минстроя России от 23.01.2025 г. № 30/пр; Приказ Минстроя России от 02.09.2021 г. № 636/пр; Приказ Минстроя России от 26.07.2022 г. № 611/пр; Приказ Минстроя России от 22.04.2022 г. № 317/пр | CY12: 0 | EC12: 0
A14: 22 | B14: 1 | C14: 0 | D14: 72309884 | E14: 0 | F14: 2 | G14: 1
A16: 3 | B16: 1 | C16: Новая локальная смета | D16: Газопровод высокого и низкого давления | E16: =ROUND((Source!F824)/1000,2) -> 1091.83 | F16: =ROUND((Source!F825)/1000,2) -> 120.05 | G16: =ROUND((Source!F816)/1000,2) -> 122.13 | H16: =ROUND((Source!F826)/1000+(Source!F827)/1000,2) -> 0 | I16: =E16+F16+G16+H16 -> 1334.01 | J16: =ROUND((Source!F822+Source!F821)/1000,2) -> 159.12 | K16: 1856.49 | L16: 0 | M16: 0 | N16: =I16+L16+M16 -> 1334.01 | AI16: 0 | AJ16: -1 | AN16: 0 | AT16: 936454.76 | AU16: 797900.99 | AV16: 0 | AW16: 122131.15 | AX16: 0 | AY16: 101560.21 | AZ16: 31689 | BA16: 127435.71 | BB16: 1091825 | BC16: 120051.85 | BD16: 0 | BE16: 0 | BF16: 329.4059 | BG16: 64.249007 | BH16: 0 | BI16: 174390.39 | BJ16: 101031.71 | BK16: 1334008
A18: 51 | E18: 1091.83 | F18: 120.05 | G18: 122.13 | H18: 0 | I18: 1334.01 | J18: 159.12 | K18: 1856.49 | L18: 0 | M18: 0 | N18: 1334.01
A20: 50 | B20: 0 | C20: 0 | D20: 1 | E20: 0 | F20: 936454.76 | G20: ПЗ | H20: Прямые затраты | K20: 201 | L20: 1 | M20: 3 | O20: 2
A21: 50 | B21: 0 | C21: 0 | D21: 1 | E21: 202 | F21: 797900.99 | G21: СтМатОб | H21: Стоимость материальных ресурсов (всего) | K21: 202 | L21: 2 | M21: 3 | O21: 2
A22: 50 | B22: 0 | C22: 0 | D22: 1 | E22: 222 | F22: 0 | G22: СтМатОбЗак | H22: Стоимость материалов и оборудования заказчика | K22: 222 | L22: 3 | M22: 3 | O22: 2
A23: 50 | B23: 0 | C23: 0 | D23: 1 | E23: 225 | F23: 797900.99 | G23: СтМатОбПод | H23: Стоимость материалов и оборудования подрядчика | K23: 225 | L23: 4 | M23: 3 | O23: 2
A24: 50 | B24: 0 | C24: 0 | D24: 1 | E24: 226 | F24: 675769.84 | G24: СтМат | H24: Стоимость материалов (всего) | K24: 226 | L24: 5 | M24: 3 | O24: 2
A25: 50 | B25: 0 | C25: 0 | D25: 1 | E25: 227 | F25: 0 | G25: СтМатЗак | H25: Стоимость материалов заказчика | K25: 227 | L25: 6 | M25: 3 | O25: 2
A26: 50 | B26: 0 | C26: 0 | D26: 1 | E26: 228 | F26: 675769.84 | G26: СтМатПод | H26: Стоимость материалов подрядчика | K26: 228 | L26: 7 | M26: 3 | O26: 2
A27: 50 | B27: 0 | C27: 0 | D27: 1 | E27: 216 | F27: 122131.15 | G27: Оборуд | H27: Стоимость оборудования (всего) | K27: 216 | L27: 8 | M27: 3 | O27: 2
A28: 50 | B28: 0 | C28: 0 | D28: 1 | E28: 223 | F28: 0 | G28: ОборудЗак | H28: Стоимость оборудования заказчика | K28: 223 | L28: 9 | M28: 3 | O28: 2
A29: 50 | B29: 0 | C29: 0 | D29: 1 | E29: 229 | F29: 122131.15 | G29: ОборудПод | H29: Стоимость оборудования подрядчика | K29: 229 | L29: 10 | M29: 3 | O29: 2
A30: 50 | B30: 0 | C30: 0 | D30: 1 | E30: 203 | F30: 101560.21 | G30: ЭММ | H30: Эксплуатация машин | K30: 203 | L30: 11 | M30: 3 | O30: 2
A31: 50 | B31: 0 | C31: 0 | D31: 1 | E31: 231 | F31: 0 | G31: ЭММсНРиСП | H31: Эксплуатация машин по ТСН-2001.16 | K31: 231 | L31: 12 | M31: 3 | O31: 2
... A54: 50 | B54: 1 | C54: 0 | D54: 2 | E54: 213 | F54: 1476066 | G54: Итог8 | H54: Всего | K54: 212 | L54: 35 | M54: 0 | O54: 2
A56: -1
A59: 75 | B59: Уровень цен | C59: 2026 | D59: 0 | E59: 6 | F59: 1 | G59: 0 | H59: 1 | I59: 0 | J59: 1 | K59: 0 | L59: 0 | M59: 0 | N59: 72309884 | O59: 1
A60: 2 | B60: Вид цен | C60: Пензенская область, КТЦ к ФСНБ-2022, 2 квартал 2026 г | D60: 0 | E60: 0 | F60: 0 | AN60: 72309885
A61: 1 | B61: Сборник индексов | C61: Пензенская область к ФСНБ-2022 ФГИС ЦС | D61: 2026 | E61: 6 | F61: 1 | G61: 1 | H61: 0 | I61: 2 | J61: 1 | K61: 1 | L61: 1 | M61: 1 | N61: 1 | O61: 1 | P61: 1 | Q61: 1 | AN61: 72309886 | AO61: Письмо Минстроя России «О размещении индексов изменения сметной стоимости строительства по группам однородных строительных ресурсов на II квартал 2026 года» | AP61: Справочная информация | AQ61: 46164 | AR61: 417 | AS61: Письмо Минстроя России от 22.05.2026 № 31076-ИФ/09 | AT61: Приказ Министерства градостроительства и архитектуры Пензенской области | AU61: Справочная информация | AV61: 46087 | AW61: 250 | AX61: Приказ Министерства градостроительства и архитектуры Пензенской области от 06.03.2026 г. № 250/оп

Sheet SmtRes
A1: =ROW(Source!A32) -> 32 | B1: 72309884 | C1: 72310935 | D1: 70491200 | E1: 118 | F1: 1 | G1: 1 | H1: 1 | I1: 4-100-00 | K1: Затраты труда машинистов | L1: 1191 | N1: 1013 | O1: чел.-ч. | P1: чел.-ч. | Q1: 1 | W1: 0 | X1: -1417349443 | Y1: =AT1 -> 25.5 | AA1: 0 | AB1: 0 | AC1: 0 | AD1: 0 | AE1: 0 | AF1: 0 | AG1: 0 | AH1: 0 | AI1: 1 | AJ1: 1 | AK1: 1 | AL1: 1 | AM1: -2 | AN1: 0 | AO1: 0 | AP1: 1 | AQ1: 1 | AR1: 0 | AT1: 25.5 | AV1: 2 | AW1: 2 | AX1: 72313435 | AY1: 1 | AZ1: 0 | BA1: 1 | BB1: 1 | BC1: 0 | BD1: 0 | BE1: 0 | BF1: 0 | BG1: 0 | BH1: 0 | BI1: 0 | BJ1: 0 | BK1: 0 | BL1: 0 | BM1: 0 | BN1: 0 | BO1: 0 | BP1: 0 | BQ1: 0 | BR1: 0 | BS1: 0 | BT1: 0 | BU1: 0 | BV1: 0 | BW1: 0 | CV1: 0 | CW1: 0 | CX1: =ROUND(Y1*Source!I32,7) -> 9.384 | CY1: =AD1 -> 0 | CZ1: =AH1 -> 0 | DA1: =AL1 -> 1 | DB1: =ROUND(ROUND(AT1*CZ1,2),6) -> 0 | DC1: =ROUND(ROUND(AT1*AG1,2),6) -> 0 | DF1: =ROUND(ROUND(AE1,2)*CX1,2) -> 0 | DG1: =ROUND(ROUND(AF1,2)*CX1,2) -> 0 | DH1: =ROUND(ROUND(AG1,2)*CX1,2) -> 0 | DI1: =ROUND(ROUND(AH1,2)*CX1,2) -> 0 | DJ1: =DI1 -> 0 | DK1: 0 | DM1: 0 | DO1: 0
A2: =ROW(Source!A32) -> 32 | B2: 72309884 | C2: 72310935 | D2: 70617265 | E2: 1 | F2: 1 | G2: 1 | H2: 2 | I2: 91.01.05-085 | J2: ФСЭМ-2022, 91.01.05-085, приказ Минстроя России от 18.05.2022 г. № 378/пр | K2: Экскаваторы одноковшовые дизельные на гусеничном ходу, объем ковша 0,5 м3 | L2: 1368 | N2: 1011 | O2: маш.-ч | P2: маш.-ч | Q2: 1 | W2: 0 | X2: -363674951 | Y2: =AT2 -> 25.5 | AA2: 0 | AB2: 1412.4 | AC2: 529.11 | AD2: 0 | AE2: 0 | AF2: 1054.03 | AG2: 529.11 | AH2: 0 | AI2: 1 | AJ2: 1.34 | AK2: 1 | AL2: 1 | AM2: 2 | AN2: 0 | AO2: 0 | AP2: 1 | AQ2: 1 | AR2: 0 | AT2: 25.5 | AV2: 1 | AW2: 2 | AX2: 72313436 | AY2: 1 | AZ2: 0 | BA2: 2 | BB2: 1 | BC2: 0 | BD2: 0 | BE2: 0 | BF2: 0 | BG2: 0 | BH2: 0 | BI2: 0 | BJ2: 0 | BK2: 26877.765 | BL2: 13492.305 | BM2: 0 | BN2: 0 | BO2: 25.5 | BP2: 1 | BQ2: 0 | BR2: 26877.765 | BS2: 13492.305 | BT2: 0 | BU2: 0 | BV2: 25.5 | BW2: 1 | CV2: 0 | CW2: =ROUND(Y2*Source!I32*DO2,7) -> 9.384 | CX2: =ROUND(Y2*Source!I32,7) -> 9.384 | CY2: =AB2 -> 1412.4 | CZ2: =AF2 -> 1054.03 | DA2: =AJ2 -> 1.34 | DB2: =ROUND(ROUND(AT2*CZ2,2),6) -> 26877.77 | DC2: =ROUND(ROUND(AT2*AG2,2),6) -> 13492.31 | DF2: =ROUND(ROUND(AE2,2)*CX2,2) -> 0 | DG2: =ROUND(ROUND(AF2*AJ2,2)*CX2,2) -> 13253.96 | DH2: =ROUND(ROUND(AG2,2)*CX2,2) -> 4965.17 | DI2: =ROUND(ROUND(AH2,2)*CX2,2) -> 0 | DJ2: =DG2+DH2 -> 18219.13 | DK2: 0 | DL2: 4-100-060 | DM2: 6 | DN2: чел.-ч. | DO2: 1
A3: =ROW(Source!A33) -> 33 | B3: 72309884 | C3: 72310940 | D3: 70490959 | E3: 118 | F3: 1 | G3: 1 | H3: 1 | I3: 1-100-20 | K3: Средний разряд работы 2,0 | L3: 1191 | N3: 1013 | O3: чел.-ч. | P3: чел.-ч. | Q3: 1 | W3: 0 | X3: 370475345 | Y3: =AT3 -> 154 | AA3: 0 | AB3: 0 | AC3: 0 | AD3: 320.41 | AE3: 0 | AF3: 0 | AG3: 0 | AH3: 320.41 | AI3: 1 | AJ3: 1 | AK3: 1 | AL3: 1 | AM3: -2 | AN3: 0 | AO3: 0 | AP3: 1 | AQ3: 1 | AR3: 0 | AT3: 154 | AV3: 1 | AW3: 2 | AX3: 72313437 | AY3: 1 | AZ3: 0 | BA3: 3 | BB3: 1 | BC3: 0 | BD3: 0 | BE3: 0 | BF3: 0 | BG3: 0 | BH3: 0 | BI3: 0 | BJ3: 0 | BK3: 0 | BL3: 0 | BM3: 49343.14 | BN3: 154 | BO3: 0 | BP3: 1 | BQ3: 0 | BR3: 0 | BS3: 0 | BT3: 49343.14 | BU3: 154 | BV3: 0 | BW3: 1 | CU3: =ROUND(AT3*Source!I33*AH3*AL3,2) -> 14802.94 | CV3: =ROUND(Y3*Source!I33,7) -> 46.2 | CW3: 0 | CX3: =ROUND(Y3*Source!I33,7) -> 46.2 | CY3: =AD3 -> 320.41 | CZ3: =AH3 -> 320.41 | DA3: =AL3 -> 1 | DB3: =ROUND(ROUND(AT3*CZ3,2),6) -> 49343.14 | DC3: =ROUND(ROUND(AT3*AG3,2),6) -> 0 | DF3: =ROUND(ROUND(AE3,2)*CX3,2) -> 0 | DG3: =ROUND(ROUND(AF3,2)*CX3,2) -> 0 | DH3: =ROUND(ROUND(AG3,2)*CX3,2) -> 0 | DI3: =ROUND(ROUND(AH3,2)*CX3,2) -> 14802.94 | DJ3: =DI3 -> 14802.94 | DK3: 1 | DM3: 0 | DO3: 0
A4: =ROW(Source!A34) -> 34 | B4: 72309884 | C4: 72310943 | D4: 68776608 | E4: 117 | F4: 1 | G4: 1 | H4: 1 | I4: 4-100-00 | K4: Затраты труда машинистов | L4: 1191 | N4: 1013 | O4: чел.-ч. | P4: чел.-ч. | Q4: 1 | W4: 0 | X4: -1417349443 | Y4: =AT4 -> 8.06 | AA4: 0 | AB4: 0 | AC4: 0 | AD4: 0 | AE4: 0 | AF4: 0 | AG4: 0 | AH4: 0 | AI4: 1 | AJ4: 1 | AK4: 1 | AL4: 1 | AM4: -2 | AN4: 0 | AO4: 0 | AP4: 1 | AQ4: 1 | AR4: 0 | AT4: 8.06 | AV4: 2 | AW4: 2 | AX4: 72310946 | AY4: 1 | AZ4: 0 | BA4: 4 | BB4: 1 | BC4: 0 | BD4: 0 | BE4: 0 | BF4: 0 | BG4: 0 | BH4: 0 | BI4: 0 | BJ4: 0 | BK4: 0 | BL4: 0 | BM4: 0 | BN4: 0 | BO4: 0 | BP4: 0 | BQ4: 0 | BR4: 0 | BS4: 0 | BT4: 0 | BU4: 0 | BV4: 0 | BW4: 0 | CV4: 0 | CW4: 0 | CX4: =ROUND(Y4*Source!I34,7) -> 3.04668 | CY4: =AD4 -> 0 | CZ4: =AH4 -> 0 | DA4: =AL4 -> 1 | DB4: =ROUND(ROUND(AT4*CZ4,2),6) -> 0 | DC4: =ROUND(ROUND(AT4*AG4,2),6) -> 0 | DF4: =ROUND(ROUND(AE4,2)*CX4,2) -> 0 | DG4: =ROUND(ROUND(AF4,2)*CX4,2) -> 0 | DH4: =ROUND(ROUND(AG4,2)*CX4,2) -> 0 | DI4: =ROUND(ROUND(AH4,2)*CX4,2) -> 0 | DJ4: =DI4 -> 0 | DK4: 0 | DM4: 0 | DO4: 0
A5: =ROW(Source!A34) -> 34 | B5: 72309884 | C5: 72310943 | D5: 68782715 | E5: 1 | F5: 1 | G5: 1 | H5: 2 | I5: 91.01.01-034 | J5: ФСЭМ-2022, 91.01.01-034, приказ Минстроя России от 18.05.2022 г. № 378/пр | K5: Бульдозеры, мощность 59 кВт (80 л.с.) | L5: 1368 | N5: 1011 | O5: маш.-ч | P5: маш.-ч | Q5: 1 | W5: 0 | X5: 1445775709 | Y5: =AT5 -> 8.06 | AA5: 0 | AB5: 1159.42 | AC5: 452.68 | AD5: 0 | AE5: 0 | AF5: 828.16 | AG5: 452.68 | AH5: 0 | AI5: 1 | AJ5: 1.4 | AK5: 1 | AL5: 1 | AM5: 2 | AN5: 0 | AO5: 0 | AP5: 1 | AQ5: 1 | AR5: 0 | AT5: 8.06 | AV5: 1 | AW5: 2 | AX5: 72310947 | AY5: 2 | AZ5: 65536 | BA5: 5 | BB5: 1 | BC5: 0 | BD5: 0 | BE5: 0 | BF5: 0 | BG5: 0 | BH5: 0 | BI5: 0 | BJ5: 0 | BK5: 6674.9696 | BL5: 3648.6008 | BM5: 0 | BN5: 0 | BO5: 8.06 | BP5: 1 | BQ5: 0 | BR5: 6674.9696 | BS5: 3648.6008 | BT5: 0 | BU5: 0 | BV5: 8.06 | BW5: 1 | CV5: 0 | CW5: =ROUND(Y5*Source!I34*DO5,7) -> 3.04668 | CX5: =ROUND(Y5*Source!I34,7) -> 3.04668 | CY5: =AB5 -> 1159.42 | CZ5: =AF5 -> 828.16 | DA5: =AJ5 -> 1.4 | DB5: =ROUND(ROUND(AT5*CZ5,2),6) -> 6674.97 | DC5: =ROUND(ROUND(AT5*AG5,2),6) -> 3648.6 | DF5: =ROUND(ROUND(AE5,2)*CX5,2) -> 0 | DG5: =ROUND(ROUND(AF5*AJ5,2)*CX5,2) -> 3532.38 | DH5: =ROUND(ROUND(AG5,2)*CX5,2) -> 1379.17 | DI5: =ROUND(ROUND(AH5,2)*CX5,2) -> 0 | DJ5: =DG5+DH5 -> 4911.55 | DK5: 0 | DL5: 4-100-050 | DM5: 5 | DN5: чел.-ч. | DO5: 1
A6: =ROW(Source!A35) -> 35 | B6: 72309884 | C6: 72310948 | D6: 68776363 | E6: 117 | F6: 1 | G6: 1 | H6: 1 | I6: 1-100-15 | K6: Средний разряд работы 1,5 | L6: 1191 | N6: 1013 | O6: чел.-ч. | P6: чел.-ч. | Q6: 1 | W6: 0 | X6: -267883188 | Y6: =AT6 -> 97.2 | AA6: 0 | AB6: 0 | AC6: 0 | AD6: 307.18 | AE6: 0 | AF6: 0 | AG6: 0 | AH6: 307.18 | AI6: 1 | AJ6: 1 | AK6: 1 | AL6: 1 | AM6: -2 | AN6: 0 | AO6: 0 | AP6: 1 | AQ6: 1 | AR6: 0 | AT6: 97.2 | AV6: 1 | AW6: 2 | AX6: 72310950 | AY6: 2 | AZ6: 131072 | BA6: 6 | BB6: 1 | BC6: 0 | BD6: 0 | BE6: 0 | BF6: 0 | BG6: 0 | BH6: 0 | BI6: 0 | BJ6: 0 | BK6: 0 | BL6: 0 | BM6: 29857.896 | BN6: 97.2 | BO6: 0 | BP6: 1 | BQ6: 0 | BR6: 0 | BS6: 0 | BT6: 29857.896 | BU6: 97.2 | BV6: 0 | BW6: 1 | CU6: =ROUND(AT6*Source!I35*AH6*AL6,2) -> 3284.37 | CV6: =ROUND(Y6*Source!I35,7) -> 10.692 | CW6: 0 | CX6: =ROUND(Y6*Source!I35,7) -> 10.692 | CY6: =AD6 -> 307.18 | CZ6: =AH6 -> 307.18 | DA6: =AL6 -> 1 | DB6: =ROUND(ROUND(AT6*CZ6,2),6) -> 29857.9 | DC6: =ROUND(ROUND(AT6*AG6,2),6) -> 0 | DF6: =ROUND(ROUND(AE6,2)*CX6,2) -> 0 | DG6: =ROUND(ROUND(AF6,2)*CX6,2) -> 0 | DH6: =ROUND(ROUND(AG6,2)*CX6,2) -> 0 | DI6: =ROUND(ROUND(AH6,2)*CX6,2) -> 3284.37 | DJ6: =DI6 -> 3284.37 | DK6: 1 | DM6: 0 | DO6: 0
A7: =ROW(Source!A71) -> 71 | B7: 72309884 | C7: 72310951 | D7: 70491009 | E7: 118 | F7: 1 | G7: 1 | H7: 1 | I7: 1-100-34 | K7: Средний разряд работы 3,4 | L7: 1191 | N7: 1013 | O7: чел.-ч. | P7: чел.-ч. | Q7: 1 | W7: 0 | X7: -1461236815 | Y7: =AT7 -> 20.51 | AA7: 0 | AB7: 0 | AC7: 0 | AD7: 367.44 | AE7: 0 | AF7: 0 | AG7: 0 | AH7: 367.44 | AI7: 1 | AJ7: 1 | AK7: 1 | AL7: 1 | AM7: -2 | AN7: 0 | AO7: 0 | AP7: 1 | AQ7: 1 | AR7: 0 | AT7: 20.51 | AV7: 1 | AW7: 2 | AX7: 72310967 | AY7: 1 | AZ7: 0 | BA7: 7 | BB7: 1 | BC7: 0 | BD7: 0 | BE7: 0 | BF7: 0 | BG7: 0 | BH7: 0 | BI7: 0 | BJ7: 0 | BK7: 0 | BL7: 0 | BM7: 7536.1944 | BN7: 20.51 | BO7: 0 | BP7: 1 | BQ7: 0 | BR7: 0 | BS7: 0 | BT7: 7536.1944 | BU7: 20.51 | BV7: 0 | BW7: 1 | CU7: =ROUND(AT7*Source!I71*AH7*AL7,2) -> 188.4 | CV7: =ROUND(Y7*Source!I71,7) -> 0.51275 | CW7: 0 | CX7: =ROUND(Y7*Source!I71,7) -> 0.51275 | CY7: =AD7 -> 367.44 | CZ7: =AH7 -> 367.44 | DA7: =AL7 -> 1 | DB7: =ROUND(ROUND(AT7*CZ7,2),6) -> 7536.19 | DC7: =ROUND(ROUND(AT7*AG7,2),6) -> 0 | DF7: =ROUND(ROUND(AE7,2)*CX7,2) -> 0 | DG7: =ROUND(ROUND(AF7,2)*CX7,2) -> 0 | DH7: =ROUND(ROUND(AG7,2)*CX7,2) -> 0 | DI7: =ROUND(ROUND(AH7,2)*CX7,2) -> 188.4 | DJ7: =DI7 -> 188.4 | DK7: 1 | DM7: 0 | DO7: 0
A8: =ROW(Source!A71) -> 71 | B8: 72309884 | C8: 72310951 | D8: 70491200 | E8: 118 | F8: 1 | G8: 1 | H8: 1 | I8: 4-100-00 | K8: Затраты труда машинистов | L8: 1191 | N8: 1013 | O8: чел.-ч. | P8: чел.-ч. | Q8: 1 | W8: 0 | X8: -1417349443 | Y8: =AT8 -> 11.96 | AA8: 0 | AB8: 0 | AC8: 0 | AD8: 0 | AE8: 0 | AF8: 0 | AG8: 0 | AH8: 0 | AI8: 1 | AJ8: 1 | AK8: 1 | AL8: 1 | AM8: -2 | AN8: 0 | AO8: 0 | AP8: 1 | AQ8: 1 | AR8: 0 | AT8: 11.96 | AV8: 2 | AW8: 2 | AX8: 72310968 | AY8: 1 | AZ8: 0 | BA8: 8 | BB8: 1 | BC8: 0 | BD8: 0 | BE8: 0 | BF8: 0 | BG8: 0 | BH8: 0 | BI8: 0 | BJ8: 0 | BK8: 0 | BL8: 0 | BM8: 0 | BN8: 0 | BO8: 0 | BP8: 0 | BQ8: 0 | BR8: 0 | BS8: 0 | BT8: 0 | BU8: 0 | BV8: 0 | BW8: 0 | CV8: 0 | CW8: 0 | CX8: =ROUND(Y8*Source!I71,7) -> 0.299 | CY8: =AD8 -> 0 | CZ8: =AH8 -> 0 | DA8: =AL8 -> 1 | DB8: =ROUND(ROUND(AT8*CZ8,2),6) -> 0 | DC8: =ROUND(ROUND(AT8*AG8,2),6) -> 0 | DF8: =ROUND(ROUND(AE8,2)*CX8,2) -> 0 | DG8: =ROUND(ROUND(AF8,2)*CX8,2) -> 0 | DH8: =ROUND(ROUND(AG8,2)*CX8,2) -> 0 | DI8: =ROUND(ROUND(AH8,2)*CX8,2) -> 0 | DJ8: =DI8 -> 0 | DK8: 0 | DM8: 0 | DO8: 0
A9: =ROW(Source!A71) -> 71 | B9: 72309884 | C9: 72310951 | D9: 70618307 | E9: 1 | F9: 1 | G9: 1 | H9: 2 | I9: 91.10.05-004 | J9: ФСЭМ-2022, 91.10.05-004, приказ Минстроя России от 18.05.2022 г. № 378/пр | K9: Трубоукладчики, номинальная грузоподъемность 6,3 т | L9: 1368 | N9: 1011 | O9: маш.-ч | P9: маш.-ч | Q9: 1 | W9: 0 | X9: -1413288295 | Y9: =AT9 -> 11.44 | AA9: 0 | AB9: 1162.99 | AC9: 452.68 | AD9: 0 | AE9: 0 | AF9: 994.01 | AG9: 452.68 | AH9: 0 | AI9: 1 | AJ9: 1.17 | AK9: 1 | AL9: 1 | AM9: 2 | AN9: 0 | AO9: 0 | AP9: 1 | AQ9: 1 | AR9: 0 | AT9: 11.44 | AV9: 1 | AW9: 2 | AX9: 72310969 | AY9: 1 | AZ9: 0 | BA9: 9 | BB9: 1 | BC9: 0 | BD9: 0 | BE9: 0 | BF9: 0 | BG9: 0 | BH9: 0 | BI9: 0 | BJ9: 0 | BK9: 11371.474 | BL9: 5178.6592 | BM9: 0 | BN9: 0 | BO9: 11.44 | BP9: 1 | BQ9: 0 | BR9: 11371.474 | BS9: 5178.6592 | BT9: 0 | BU9: 0 | BV9: 11.44 | BW9: 1 | CV9: 0 | CW9: =ROUND(Y9*Source!I71*DO9,7) -> 0.286 | CX9: =ROUND(Y9*Source!I71,7) -> 0.286 | CY9: =AB9 -> 1162.99 | CZ9: =AF9 -> 994.01 | DA9: =AJ9 -> 1.17 | DB9: =ROUND(ROUND(AT9*CZ9,2),6) -> 11371.47 | DC9: =ROUND(ROUND(AT9*AG9,2),6) -> 5178.66 | DF9: =ROUND(ROUND(AE9,2)*CX9,2) -> 0 | DG9: =ROUND(ROUND(AF9*AJ9,2)*CX9,2) -> 332.62 | DH9: =ROUND(ROUND(AG9,2)*CX9,2) -> 129.47 | DI9: =ROUND(ROUND(AH9,2)*CX9,2) -> 0 | DJ9: =DG9+DH9 -> 462.09 | DK9: 0 | DL9: 4-100-050 | DM9: 5 | DN9: чел.-ч. | DO9: 1
A10: =ROW(Source!A71) -> 71 | B10: 72309884 | C10: 72310951 | D10: 70618755 | E10: 1 | F10: 1 | G10: 1 | H10: 2 | I10: 91.17.04-233 | J10: ФСЭМ-2022, 91.17.04-233, приказ Минстроя России от 18.05.2022 г. № 378/пр | K10: Аппараты сварочные для ручной дуговой сварки, сварочный ток до 350 А | L10: 1368 | N10: 1011 | O10: маш.-ч | P10: маш.-ч | Q10: 1 | W10: 0 | X10: 462025989 | Y10: =AT10 -> 2.07 | AA10: 0 | AB10: 42.96 | AC10: 0 | AD10: 0 | AE10: 0 | AF10: 42.96 | AG10: 0 | AH10: 0 | AI10: 1 | AJ10: 1 | AK10: 1 | AL10: 1 | AM10: -2 | AN10: 0 | AO10: 0 | AP10: 1 | AQ10: 1 | AR10: 0 | AT10: 2.07 | AV10: 1 | AW10: 2 | AX10: 72310970 | AY10: 1 | AZ10: 0 | BA10: 10 | BB10: 1 | BC10: 0 | BD10: 0 | BE10: 0 | BF10: 0 | BG10: 0 | BH10: 0 | BI10: 0 | BJ10: 0 | BK10: 88.9272 | BL10: 0 | BM10: 0 | BN10: 0 | BO10: 0 | BP10: 1 | BQ10: 0 | BR10: 88.9272 | BS10: 0 | BT10: 0 | BU10: 0 | BV10: 0 | BW10: 1 | CV10: 0 | CW10: =ROUND(Y10*Source!I71*DO10,7) -> 0 | CX10: =ROUND(Y10*Source!I71,7) -> 0.05175 | CY10: =AB10 -> 42.96 | CZ10: =AF10 -> 42.96 | DA10: =AJ10 -> 1 | DB10: =ROUND(ROUND(AT10*CZ10,2),6) -> 88.93 | DC10: =ROUND(ROUND(AT10*AG10,2),6) -> 0 | DF10: =ROUND(ROUND(AE10,2)*CX10,2) -> 0 | DG10: =ROUND(ROUND(AF10,2)*CX10,2) -> 2.22 | DH10: =ROUND(ROUND(AG10,2)*CX10,2) -> 0 | DI10: =ROUND(ROUND(AH10,2)*CX10,2) -> 0 | DJ10: =DG10+DH10 -> 2.22 | DK10: 1 | DM10: 0 | DO10: 0
A11: =ROW(Source!A71) -> 71 | B11: 72309884 | C11: 72310951 | D11: 70618767 | E11: 1 | F11: 1 | G11: 1 | H11: 2 | I11: 91.18.01-007 | J11: ФСЭМ-2022 доп.13, 91.18.01-007, приказ Минстроя России от 07.02.2025 г. № 69/пр | K11: Компрессоры винтовые передвижные с двигателем внутреннего сгорания, давление до 0,7 МПа (7 атм), производительность до 5,4 м3/мин | L11: 1368 | N11: 1011 | O11: маш.-ч | P11: маш.-ч | Q11: 1 | W11: 0 | X11: 1818041354 | Y11: =AT11 -> 0.52 | AA11: 0 | AB11: 404.41 | AC11: 393.89 | AD11: 0 | AE11: 0 | AF11: 404.41 | AG11: 393.89 | AH11: 0 | AI11: 1 | AJ11: 1 | AK11: 1 | AL11: 1 | AM11: -2 | AN11: 0 | AO11: 0 | AP11: 1 | AQ11: 1 | AR11: 0 | AT11: 0.52 | AV11: 1 | AW11: 2 | AX11: 72310971 | AY11: 1 | AZ11: 0 | BA11: 11 | BB11: 1 | BC11: 0 | BD11: 0 | BE11: 0 | BF11: 0 | BG11: 0 | BH11: 0 | BI11: 0 | BJ11: 0 | BK11: 210.2932 | BL11: 204.8228 | BM11: 0 | BN11: 0 | BO11: 0.52 | BP11: 1 | BQ11: 0 | BR11: 210.2932 | BS11: 204.8228 | BT11: 0 | BU11: 0 | BV11: 0.52 | BW11: 1 | CV11: 0 | CW11: =ROUND(Y11*Source!I71*DO11,7) -> 0.013 | CX11: =ROUND(Y11*Source!I71,7) -> 0.013 | CY11: =AB11 -> 404.41 | CZ11: =AF11 -> 404.41 | DA11: =AJ11 -> 1 | DB11: =ROUND(ROUND(AT11*CZ11,2),6) -> 210.29 | DC11: =ROUND(ROUND(AT11*AG11,2),6) -> 204.82 | DF11: =ROUND(ROUND(AE11,2)*CX11,2) -> 0 | DG11: =ROUND(ROUND(AF11,2)*CX11,2) -> 5.26 | DH11: =ROUND(ROUND(AG11,2)*CX11,2) -> 5.12 | DI11: =ROUND(ROUND(AH11,2)*CX11,2) -> 0 | DJ11: =DG11+DH11 -> 10.38 | DK11: 1 | DL11: 4-100-040 | DM11: 4 | DN11: чел.-ч. | DO11: 1
A12: =ROW(Source!A71) -> 71 | B12: 72309884 | C12: 72310951 | D12: 70619123 | E12: 1 | F12: 1 | G12: 1 | H12: 2 | I12: 91.21.01-012 | J12: ФСЭМ-2022 доп.11, 91.21.01-012, приказ Минстроя России от 09.08.2024 г. № 524/пр | K12: Агрегаты окрасочные высокого давления для окраски поверхностей конструкций, мощность 1 кВт | L12: 1368 | N12: 1011 | O12: маш.-ч | P12: маш.-ч | Q12: 1 | W12: 0 | X12: 1784360336 | Y12: =AT12 -> 0.52 | AA12: 0 | AB12: 6.64 | AC12: 0 | AD12: 0 | AE12: 0 | AF12: 4.52 | AG12: 0 | AH12: 0 | AI12: 1 | AJ12: 1.47 | AK12: 1 | AL12: 1 | AM12: 2 | AN12: 0 | AO12: 0 | AP12: 1 | AQ12: 1 | AR12: 0 | AT12: 0.52 | AV12: 1 | AW12: 2 | AX12: 72310972 | AY12: 1 | AZ12: 0 | BA12: 12 | BB12: 1 | BC12: 0 | BD12: 0 | BE12: 0 | BF12: 0 | BG12: 0 | BH12: 0 | BI12: 0 | BJ12: 0 | BK12: 2.3504 | BL12: 0 | BM12: 0 | BN12: 0 | BO12: 0 | BP12: 1 | BQ12: 0 | BR12: 2.3504 | BS12: 0 | BT12: 0 | BU12: 0 | BV12: 0 | BW12: 1 | CV12: 0 | CW12: =ROUND(Y12*Source!I71*DO12,7) -> 0 | CX12: =ROUND(Y12*Source!I71,7) -> 0.013 | CY12: =AB12 -> 6.64 | CZ12: =AF12 -> 4.52 | DA12: =AJ12 -> 1.47 | DB12: =ROUND(ROUND(AT12*CZ12,2),6) -> 2.35 | DC12: =ROUND(ROUND(AT12*AG12,2),6) -> 0 | DF12: =ROUND(ROUND(AE12,2)*CX12,2) -> 0 | DG12: =ROUND(ROUND(AF12*AJ12,2)*CX12,2) -> 0.09 | DH12: =ROUND(ROUND(AG12,2)*CX12,2) -> 0 | DI12: =ROUND(ROUND(AH12,2)*CX12,2) -> 0 | DJ12: =DG12+DH12 -> 0.09 | DK12: 0 | DM12: 0 | DO12: 0
A13: =ROW(Source!A71) -> 71 | B13: 72309884 | C13: 72310951 | D13: 70567775 | E13: 1 | F13: 1 | G13: 1 | H13: 3 | I13: 01.7.03.04-0001 | J13: ФСБЦ-2022, 01.7.03.04-0001, приказ Минстроя России от 18.05.2022 г. № 378/пр | K13: Электроэнергия | L13: 1383 | N13: 1013 | O13: КВТ-Ч | P13: КВТ-Ч | Q13: 1 | W13: 0 | X13: -182421198 | Y13: =AT13 -> 1.386 | AA13: 9.35 | AB13: 0 | AC13: 0 | AD13: 0 | AE13: 9.35 | AF13: 0 | AG13: 0 | AH13: 0 | AI13: 1 | AJ13: 1 | AK13: 1 | AL13: 1 | AM13: -2 | AN13: 0 | AO13: 0 | AP13: 1 | AQ13: 1 | AR13: 0 | AT13: 1.386 | AV13: 0 | AW13: 2 | AX13: 72310973 | AY13: 1 | AZ13: 0 | BA13: 13 | BB13: 1 | BC13: 0 | BD13: 0 | BE13: 0 | BF13: 0 | BG13: 0 | BH13: 0 | BI13: 0 | BJ13: 12.9591 | BK13: 0 | BL13: 0 | BM13: 0 | BN13: 0 | BO13: 0 | BP13: 1 | BQ13: 12.9591 | BR13: 0 | BS13: 0 | BT13: 0 | BU13: 0 | BV13: 0 | BW13: 1 | CV13: 0 | CW13: 0 | CX13: =ROUND(Y13*Source!I71,7) -> 0.03465 | CY13: =AA13 -> 9.35 | CZ13: =AE13 -> 9.35 | DA13: =AI13 -> 1 | DB13: =ROUND(ROUND(AT13*CZ13,2),6) -> 12.96 | DC13: =ROUND(ROUND(AT13*AG13,2),6) -> 0 | DF13: =ROUND(ROUND(AE13,2)*CX13,2) -> 0.32 | DG13: =ROUND(ROUND(AF13,2)*CX13,2) -> 0 | DH13: =ROUND(ROUND(AG13,2)*CX13,2) -> 0 | DI13: =ROUND(ROUND(AH13,2)*CX13,2) -> 0 | DJ13: =DF13 -> 0.32 | DK13: 1 | DM13: 0 | DO13: 0
A14: =ROW(Source!A71) -> 71 | B14: 72309884 | C14: 72310951 | D14: 70568517 | E14: 1 | F14: 1 | G14: 1 | H14: 3 | I14: 01.7.11.07-0227 | J14: ФСБЦ-2022, 01.7.11.07-0227, приказ Минстроя России от 18.05.2022 г. № 378/пр | K14: Электроды сварочные для сварки низколегированных и углеродистых сталей УОНИ 13/45, Э42А, диаметр 4-5 мм | L14: 1346 | N14: 1009 | O14: кг | P14: кг | Q14: 1 | W14: 0 | X14: -1476217930 | Y14: =AT14 -> 0.7 | AA14: 144.74 | AB14: 0 | AC14: 0 | AD14: 0 | AE14: 155.63 | AF14: 0 | AG14: 0 | AH14: 0 | AI14: 0.93 | AJ14: 1 | AK14: 1 | AL14: 1 | AM14: 2 | AN14: 0 | AO14: 0 | AP14: 1 | AQ14: 1 | AR14: 0 | AT14: 0.7 | AV14: 0 | AW14: 2 | AX14: 72310974 | AY14: 1 | AZ14: 0 | BA14: 14 | BB14: 1 | BC14: 0 | BD14: 0 | BE14: 0 | BF14: 0 | BG14: 0 | BH14: 0 | BI14: 0 | BJ14: 108.941 | BK14: 0 | BL14: 0 | BM14: 0 | BN14: 0 | BO14: 0 | BP14: 1 | BQ14: 108.941 | BR14: 0 | BS14: 0 | BT14: 0 | BU14: 0 | BV14: 0 | BW14: 1 | CV14: 0 | CW14: 0 | CX14: =ROUND(Y14*Source!I71,7) -> 0.0175 | CY14: =AA14 -> 144.74 | CZ14: =AE14 -> 155.63 | DA14: =AI14 -> 0.93 | DB14: =ROUND(ROUND(AT14*CZ14,2),6) -> 108.94 | DC14: =ROUND(ROUND(AT14*AG14,2),6) -> 0 | DF14: =ROUND(ROUND(AE14*AI14,2)*CX14,2) -> 2.53 | DG14: =ROUND(ROUND(AF14,2)*CX14,2) -> 0 | DH14: =ROUND(ROUND(AG14,2)*CX14,2) -> 0 | DI14: =ROUND(ROUND(AH14,2)*CX14,2) -> 0 | DJ14: =DF14 -> 2.53 | DK14: 0 | DM14: 0 | DO14: 0
